Workbook

Sheet a
C1: -
C2: Fund Model
C4: AAM Fees | H4: GP Promote | M4: Structure
O5: LTV | P5: LTC
H6: First Hurdle | J6: 0.08 | M6: Equity | O6: =1-O12 -> 0.5
C7: AM Fee | E7: 0.015
H8: First Promote | J8: 0.2 | N8: LP Equity | O8: 0.95
N9: AAM Equity | O9: =1-O8 -> 0.05
H10: Second Hurdle | J10: 0.12
H12: Second Promote | J12: 0.4 | M12: Debt | N12: Inv 1 | O12: ='1'!H15/'1'!L13 -> 0.5 | P12: =('1'!$H$16+'1'!$H$15)/'1'!$H$25 -> 0.49668874
E13: A | N13: Inv 2 | O13: ='1'!H15/'1'!L13 -> 0.5 | P13: =('2'!$H$16+'2'!$H$15)/'2'!$H$25 -> 0.53971174
N14: Inv 3 | O14: ='3'!H15/'3'!L13 -> 0.65 | P14: =('3'!$H$16+'3'!$H$15)/'3'!$H$25 -> 0.6329588
N15: Inv 4 | O15: ='4'!H15/'4'!L13 -> 0.5 | P15: =('4'!$H$16+'4'!$H$15)/'4'!$H$25 -> 0.49554014
N16: Total | O16: =('1'!H15+'2'!H15+'3'!H15+'4'!H15)/('1'!L13+'2'!L13+'3'!L13+'4'!L13) -> 0.58854626 | P16: =(('1'!$H$16+'1'!$H$15)+('2'!$H$16+'2'!$H$15)+('3'!$H$16+'3'!$H$15)+('4'!$H$16+'4'!$H$15))/('1'!$H$25+'2'!$H$25+'3'!$H$25+'4'!$H$25) -> 0.54600527
H20: DEALS
H22: Period | I22: Hold | J22: Acquisition Equity
H23: 0 | I23: ='1'!$C$27 -> 4 | J23: ='1'!H13+'1'!H14 -> 11400000
H24: 1 | I24: ='2'!$C$27 -> 5 | J24: ='2'!$H$13+'2'!$H$14 -> 7880250
H25: 2 | I25: ='3'!$C$27 -> 5 | J25: ='3'!$H$13+'3'!$H$14 -> 13230000
H26: 3 | I26: ='4'!$C$27 -> 3 | J26: ='4'!$H$14+'4'!$H$13 -> 19087500
H28: Total | J28: =SUM(J23:J26) -> 51597750

Sheet s&p
A1: Project Summary
C3: Inv | D3: Start | E3: End | F3: All in cost | G3: Equity | H3: LP Equity | I3: AAM Equity | J3: Capex | K3: Dev Yield | L3: Exit yield | M3: Rent at acquisition | N3: Rent at exit | O3: Levered IIR | P3: Multiple
C4: Investment 1 | D4: ='1'!$F$36 -> 0 | E4: ='1'!$C$28 -> 4 | F4: ='1'!$H$25 -> 22650000 | G4: =a!J23 -> 11400000 | H4: ='1'!$H$13 -> 10830000 | I4: ='1'!$H$14 -> 570000 | J4: ='1'!$L$14 -> 17500000 | K4: ='1'!$J$7 -> 0.13340635 | L4: ='1'!$C$26 -> 0.065 | M4: ='1'!$C$13 -> 0 | N4: ='1'!$C$29 -> 2962115.4 | O4: ='1'!$C$84 -> 0.1869441 | P4: ='1'!$C$85 -> 1.7978551
C5: Investment 2 | D5: ='2'!$F$36 -> 1 | E5: ='2'!$C$28 -> 6 | F5: ='2'!$H$25 -> 17120250 | G5: =a!J24 -> 7880250 | H5: ='2'!$H$13 -> 7486237.5 | I5: ='2'!$H$14 -> 394012.5 | J5: ='2'!$L$14 -> 6300000 | K5: ='2'!$J$7 -> 0.11547436 | L5: ='2'!$C$26 -> 0.0675 | M5: ='2'!$C$13 -> 0 | N5: ='2'!$C$29 -> 1957376.1 | O5: ='2'!$C$84 -> 0.17124245 | P5: ='2'!$C$85 -> 1.9234247
C6: Investment 3 | D6: ='3'!$F$36 -> 2 | E6: ='3'!$C$28 -> 7 | F6: ='3'!$H$25 -> 36045000 | G6: =a!J25 -> 13230000 | H6: ='3'!$H$13 -> 12568500 | I6: ='3'!$H$14 -> 661500 | J6: ='3'!$L$14 -> 5100000 | K6: ='3'!$J$7 -> 0.10706919 | L6: ='3'!$C$26 -> 0.0625 | M6: ='3'!$C$13 -> 1700000 | N6: ='3'!$C$29 -> 3821097.9 | O6: ='3'!$C$84 -> 0.17124671 | P6: ='3'!$C$85 -> 2.0205523
C7: Investment 4 | D7: ='4'!$F$36 -> 3 | E7: ='4'!$C$28 -> 6 | F7: ='4'!$H$25 -> 37837500 | G7: =a!J26 -> 19087500 | H7: ='4'!$H$13 -> 18133125 | I7: ='4'!$H$14 -> 954375 | J7: ='4'!$L$14 -> 26250000 | K7: ='4'!$J$7 -> 0.10208026 | L7: ='4'!$C$26 -> 0.06 | M7: ='4'!$C$13 -> 0 | N7: ='4'!$C$29 -> 3748867.5 | O7: ='4'!$C$84 -> 0.23901021 | P7: ='4'!$C$85 -> 1.7203691
C9: Total | D9: =MIN(D4:D7) -> 0 | E9: =MAX(E4:E7) -> 7 | F9: =SUM(F4:F7) -> 1.1365275e+08 | G9: =SUM(G4:G7) -> 51597750 | H9: =SUM(H4:H7) -> 49017863 | I9: =SUM(I4:I7) -> 2579887.5 | J9: =SUM(J4:J7) -> 55150000
B17: Date | E17: 43830 | F17: =EDATE(E17,12) -> 44196 | G17: =EDATE(F17,12) -> 44561 | H17: =EDATE(G17,12) -> 44926 | I17: =EDATE(H17,12) -> 45291 | J17: =EDATE(I17,12) -> 45657 | K17: =EDATE(J17,12) -> 46022 | L17: =EDATE(K17,12) -> 46387 | M17: =EDATE(L17,12) -> 46752 | ... P17: =EDATE(O17,12) -> 47848
B18: Year (JV) | E18: 0 | F18: 1 | G18: 2 | H18: 3 | I18: 4 | J18: 5 | K18: 6 | L18: 7 | M18: 8 | N18: 9 | O18: 10 | P18: 11 | Q18: total
B19: Acquisition | F19: =SUM(F21:F24) -> -7880250 | G19: =SUM(G21:G24) -> -13230000 | H19: =SUM(H21:H24) -> -19087500 | I19: =SUM(I21:I24) -> 0 | J19: =SUM(J21:J24) -> 0 | K19: =SUM(K21:K24) -> 0 | L19: =SUM(L21:L24) -> 0 | M19: =SUM(M21:M24) -> 0 | ... P19: =SUM(P21:P24) -> 0 | Q19: =SUM(E19:P19) -> -40197750
B21: Inv 1 | E21: =-IF(E$18=$D4,$G4,0) -> -11400000 | F21: =-IF(F$18=$D4,$G4,0) -> 0 | G21: =-IF(G$18=$D4,$G4,0) -> 0 | H21: =-IF(H$18=$D4,$G4,0) -> 0 | I21: =-IF(I$18=$D4,$G4,0) -> 0 | J21: =-IF(J$18=$D4,$G4,0) -> 0 | K21: =-IF(K$18=$D4,$G4,0) -> 0 | L21: =-IF(L$18=$D4,$G4,0) -> 0 | ... P21: =-IF(P$18=$D4,$G4,0) -> 0
B22: Inv 2 | F22: =-IF(F$18=$D5,$G5,0) -> -7880250 | G22: =-IF(G$18=$D5,$G5,0) -> 0 | H22: =-IF(H$18=$D5,$G5,0) -> 0 | I22: =-IF(I$18=$D5,$G5,0) -> 0 | J22: =-IF(J$18=$D5,$G5,0) -> 0 | K22: =-IF(K$18=$D5,$G5,0) -> 0 | L22: =-IF(L$18=$D5,$G5,0) -> 0 | M22: =-IF(M$18=$D5,$G5,0) -> 0 | ... P22: =-IF(P$18=$D5,$G5,0) -> 0
B23: Inv 3 | F23: =-IF(F$18=$D6,$G6,0) -> 0 | G23: =-IF(G$18=$D6,$G6,0) -> -13230000 | H23: =-IF(H$18=$D6,$G6,0) -> 0 | I23: =-IF(I$18=$D6,$G6,0) -> 0 | J23: =-IF(J$18=$D6,$G6,0) -> 0 | K23: =-IF(K$18=$D6,$G6,0) -> 0 | L23: =-IF(L$18=$D6,$G6,0) -> 0 | M23: =-IF(M$18=$D6,$G6,0) -> 0 | ... P23: =-IF(P$18=$D6,$G6,0) -> 0
B24: Inv 4 | F24: =-IF(F$18=$D7,$G7,0) -> 0 | G24: =-IF(G$18=$D7,$G7,0) -> 0 | H24: =-IF(H$18=$D7,$G7,0) -> -19087500 | I24: =-IF(I$18=$D7,$G7,0) -> 0 | J24: =-IF(J$18=$D7,$G7,0) -> 0 | K24: =-IF(K$18=$D7,$G7,0) -> 0 | L24: =-IF(L$18=$D7,$G7,0) -> 0 | M24: =-IF(M$18=$D7,$G7,0) -> 0 | ... P24: =-IF(P$18=$D7,$G7,0) -> 0
B25: Gross Rental Income | F25: =SUM(F27:F30) -> 0 | G25: =SUM(G27:G30) -> 468961.64 | H25: =SUM(H27:H30) -> 6524562.5 | I25: =SUM(I27:I30) -> 7665003.7 | J25: =SUM(J27:J30) -> 7544763 | K25: =SUM(K27:K30) -> 9489508.9 | L25: =SUM(L27:L30) -> 3821097.9 | M25: =SUM(M27:M30) -> 0 | ... P25: =SUM(P27:P30) -> 0 | Q25: =SUM(E25:P25) -> 35513898
B27: Inv 1 | F27: =IF($E$4<F$18,0,'1'!F41) -> 0 | G27: =IF($E$4<G$18,0,'1'!G41) -> 0 | H27: =IF($E$4<H$18,0,'1'!H41) -> 2924752.5 | I27: =IF($E$4<I$18,0,'1'!I41) -> 2962115.4 | J27: =IF($E$4<J$18,0,'1'!J41) -> 0 | K27: =IF($E$4<K$18,0,'1'!K41) -> 0 | L27: =IF($E$4<L$18,0,'1'!L41) -> 0 | M27: =IF($E$4<M$18,0,'1'!M41) -> 0 | ... P27: =IF($E$4<P$18,0,'1'!P41) -> 0 | Q27: =SUM(E27:P27) -> 5886867.8
B28: Inv 2 | F28: =IF($E$5<F$18,0,'2'!E41) -> 0 | G28: =IF($E$5<G$18,0,'2'!F41) -> 468961.64 | H28: =IF($E$5<H$18,0,'2'!G41) -> 1899810 | I28: =IF($E$5<I$18,0,'2'!H41) -> 1918808.1 | J28: =IF($E$5<J$18,0,'2'!I41) -> 1937996.2 | K28: =IF($E$5<K$18,0,'2'!J41) -> 1957376.1 | L28: =IF($E$5<L$18,0,'2'!K41) -> 0 | M28: =IF($E$5<M$18,0,'2'!L41) -> 0 | ... P28: =IF($E$5<P$18,0,'2'!O41) -> 0 | Q28: =SUM(E28:P28) -> 8182952.1
B29: Inv 3 | G29: =IF($E$6<G$18,0,'3'!E41) -> 0 | H29: =IF($E$6<H$18,0,'3'!F41) -> 1700000 | I29: =IF($E$6<I$18,0,'3'!G41) -> 2784080.2 | J29: =IF($E$6<J$18,0,'3'!H41) -> 3745807.2 | K29: =IF($E$6<K$18,0,'3'!I41) -> 3783265.3 | L29: =IF($E$6<L$18,0,'3'!J41) -> 3821097.9 | M29: =IF($E$6<M$18,0,'3'!K41) -> 0 | N29: =IF($E$6<N$18,0,'3'!L41) -> 0 | ... P29: =IF($E$6<P$18,0,'3'!N41) -> 0 | Q29: =SUM(E29:P29) -> 15834251
B30: Inv 4 | H30: =IF($E$7<H$18,0,'4'!E41) -> 0 | I30: =IF($E$7<I$18,0,'4'!F41) -> 0 | J30: =IF($E$7<J$18,0,'4'!G41) -> 1860959.6 | K30: =IF($E$7<K$18,0,'4'!H41) -> 3748867.5 | L30: =IF($E$7<L$18,0,'4'!I41) -> 0 | M30: =IF($E$7<M$18,0,'4'!J41) -> 0 | N30: =IF($E$7<N$18,0,'4'!K41) -> 0 | O30: =IF($E$7<O$18,0,'4'!L41) -> 0 | P30: =IF($E$7<P$18,0,'4'!M41) -> 0 | Q30: =SUM(E30:P30) -> 5609827.1
B31: NOI | F31: =SUM(F33:F36) -> -250000 | G31: =SUM(G33:G36) -> -1854087.8 | H31: =SUM(H33:H36) -> 1061087 | I31: =SUM(I33:I36) -> 2460178.9 | J31: =SUM(J33:J36) -> 1171631.2 | K31: =SUM(K33:K36) -> 9000724.6 | L31: =SUM(L33:L36) -> 3498427.4 | M31: =SUM(M33:M36) -> 0 | ... P31: =SUM(P33:P36) -> 0 | Q31: =SUM(E31:P31) -> 15087961
B33: Inv 1 | F33: =IF($E$4<F$18,0,'1'!F55) -> -250000 | G33: =IF($E$4<G$18,0,'1'!G55) -> -252500 | H33: =IF($E$4<H$18,0,'1'!H55) -> -907069.99 | I33: =IF($E$4<I$18,0,'1'!I55) -> 2880320.7 | J33: =IF($E$4<J$18,0,'1'!J55) -> 0 | K33: =IF($E$4<K$18,0,'1'!K55) -> 0 | L33: =IF($E$4<L$18,0,'1'!L55) -> 0 | M33: =IF($E$4<M$18,0,'1'!M55) -> 0 | ... P33: =IF($E$4<P$18,0,'1'!P55) -> 0 | Q33: =SUM(E33:P33) -> 1470750.7
B34: Inv 2 | F34: =IF($E$5<F$18,0,'2'!E55) -> 0 | G34: =IF($E$5<G$18,0,'2'!F55) -> -1601587.8 | H34: =IF($E$5<H$18,0,'2'!G55) -> 1568657 | I34: =IF($E$5<I$18,0,'2'!H55) -> 1821169.2 | J34: =IF($E$5<J$18,0,'2'!I55) -> 1839380.9 | K34: =IF($E$5<K$18,0,'2'!J55) -> 1857774.7 | L34: =IF($E$5<L$18,0,'2'!K55) -> 0 | M34: =IF($E$5<M$18,0,'2'!L55) -> 0 | ... P34: =IF($E$5<P$18,0,'2'!O55) -> 0 | Q34: =SUM(E34:P34) -> 5485394.1
B35: Inv 3 | G35: =IF($E$6<G$18,0,'3'!E55) -> 0 | H35: =IF($E$6<H$18,0,'3'!F55) -> 399500 | I35: =IF($E$6<I$18,0,'3'!G55) -> -1978811.1 | J35: =IF($E$6<J$18,0,'3'!H55) -> 594864.01 | K35: =IF($E$6<K$18,0,'3'!I55) -> 3463789.5 | L35: =IF($E$6<L$18,0,'3'!J55) -> 3498427.4 | M35: =IF($E$6<M$18,0,'3'!K55) -> 0 | N35: =IF($E$6<N$18,0,'3'!L55) -> 0 | ... P35: =IF($E$6<P$18,0,'3'!N55) -> 0 | Q35: =SUM(E35:P35) -> 5977769.9
B36: Inv 4 | H36: =IF($E$7<H$18,0,'4'!E55) -> 0 | I36: =IF($E$7<I$18,0,'4'!F55) -> -262500 | J36: =IF($E$7<J$18,0,'4'!G55) -> -1262613.7 | K36: =IF($E$7<K$18,0,'4'!H55) -> 3679160.3 | L36: =IF($E$7<L$18,0,'4'!I55) -> 0 | M36: =IF($E$7<M$18,0,'4'!J55) -> 0 | N36: =IF($E$7<N$18,0,'4'!K55) -> 0 | O36: =IF($E$7<O$18,0,'4'!L55) -> 0 | P36: =IF($E$7<P$18,0,'4'!M55) -> 0 | Q36: =SUM(E36:P36) -> 2154046.6
B37: Capex | F37: =SUM(F39:F42) -> -17500000 | G37: =SUM(G39:G42) -> -6300000 | H37: =SUM(H39:H42) -> 0 | I37: =SUM(I39:I42) -> -31350000 | J37: =SUM(J39:J42) -> 0 | K37: =SUM(K39:K42) -> 0 | L37: =SUM(L39:L42) -> 0 | M37: =SUM(M39:M42) -> 0 | ... P37: =SUM(P39:P42) -> 0 | Q37: =SUM(E37:P37) -> -55150000
B39: Inv 1 | F39: =IF($E$4<F$18,0,'1'!F57) -> -17500000 | G39: =IF($E$4<G$18,0,'1'!G57) -> 0 | H39: =IF($E$4<H$18,0,'1'!H57) -> 0 | I39: =IF($E$4<I$18,0,'1'!I57) -> 0 | J39: =IF($E$4<J$18,0,'1'!J57) -> 0 | K39: =IF($E$4<K$18,0,'1'!K57) -> 0 | L39: =IF($E$4<L$18,0,'1'!L57) -> 0 | M39: =IF($E$4<M$18,0,'1'!M57) -> 0 | ... P39: =IF($E$4<P$18,0,'1'!P57) -> 0 | Q39: =SUM(E39:P39) -> -17500000
B40: Inv 2 | F40: =IF($E$5<F$18,0,'2'!E57) -> 0 | G40: =IF($E$5<G$18,0,'2'!F57) -> -6300000 | H40: =IF($E$5<H$18,0,'2'!G57) -> 0 | I40: =IF($E$5<I$18,0,'2'!H57) -> 0 | J40: =IF($E$5<J$18,0,'2'!I57) -> 0 | K40: =IF($E$5<K$18,0,'2'!J57) -> 0 | L40: =IF($E$5<L$18,0,'2'!K57) -> 0 | M40: =IF($E$5<M$18,0,'2'!L57) -> 0 | ... P40: =IF($E$5<P$18,0,'2'!O57) -> 0 | Q40: =SUM(E40:P40) -> -6300000
B41: Inv 3 | G41: =IF($E$6<G$18,0,'3'!E57) -> 0 | H41: =IF($E$6<H$18,0,'3'!F57) -> 0 | I41: =IF($E$6<I$18,0,'3'!G57) -> -5100000 | J41: =IF($E$6<J$18,0,'3'!H57) -> 0 | K41: =IF($E$6<K$18,0,'3'!I57) -> 0 | L41: =IF($E$6<L$18,0,'3'!J57) -> 0 | M41: =IF($E$6<M$18,0,'3'!K57) -> 0 | N41: =IF($E$6<N$18,0,'3'!L57) -> 0 | ... P41: =IF($E$6<P$18,0,'3'!N57) -> 0 | Q41: =SUM(E41:P41) -> -5100000
B42: Inv 4 | H42: =IF($E$7<H$18,0,'4'!E57) -> 0 | I42: =IF($E$7<I$18,0,'4'!F57) -> -26250000 | J42: =IF($E$7<J$18,0,'4'!G57) -> 0 | K42: =IF($E$7<K$18,0,'4'!H57) -> 0 | L42: =IF($E$7<L$18,0,'4'!I57) -> 0 | M42: =IF($E$7<M$18,0,'4'!J57) -> 0 | N42: =IF($E$7<N$18,0,'4'!K57) -> 0 | O42: =IF($E$7<O$18,0,'4'!L57) -> 0 | P42: =IF($E$7<P$18,0,'4'!M57) -> 0 | Q42: =SUM(E42:P42) -> -26250000
B43: Capex Debt | F43: =SUM(F45:F48) -> 8750000 | G43: =SUM(G45:G48) -> 3465000 | H43: =SUM(H45:H48) -> 0 | I43: =SUM(I45:I48) -> 16440000 | J43: =SUM(J45:J48) -> 0 | K43: =SUM(K45:K48) -> 0 | L43: =SUM(L45:L48) -> 0 | M43: =SUM(M45:M48) -> 0 | ... P43: =SUM(P45:P48) -> 0 | Q43: =SUM(E43:P43) -> 28655000
B45: Inv 1 | F45: =IF($E$4<F$18,0,'1'!F58) -> 8750000 | G45: =IF($E$4<G$18,0,'1'!G58) -> 0 | H45: =IF($E$4<H$18,0,'1'!H58) -> 0 | I45: =IF($E$4<I$18,0,'1'!I58) -> 0 | J45: =IF($E$4<J$18,0,'1'!J58) -> 0 | K45: =IF($E$4<K$18,0,'1'!K58) -> 0 | L45: =IF($E$4<L$18,0,'1'!L58) -> 0 | M45: =IF($E$4<M$18,0,'1'!M58) -> 0 | ... P45: =IF($E$4<P$18,0,'1'!P58) -> 0 | Q45: =SUM(E45:P45) -> 8750000
B46: Inv 2 | F46: =IF($E$5<F$18,0,'2'!E58) -> 0 | G46: =IF($E$5<G$18,0,'2'!F58) -> 3465000 | H46: =IF($E$5<H$18,0,'2'!G58) -> 0 | I46: =IF($E$5<I$18,0,'2'!H58) -> 0 | J46: =IF($E$5<J$18,0,'2'!I58) -> 0 | K46: =IF($E$5<K$18,0,'2'!J58) -> 0 | L46: =IF($E$5<L$18,0,'2'!K58) -> 0 | M46: =IF($E$5<M$18,0,'2'!L58) -> 0 | ... P46: =IF($E$5<P$18,0,'2'!O58) -> 0 | Q46: =SUM(E46:P46) -> 3465000
B47: Inv 3 | G47: =IF($E$6<G$18,0,'3'!E58) -> 0 | H47: =IF($E$6<H$18,0,'3'!F58) -> 0 | I47: =IF($E$6<I$18,0,'3'!G58) -> 3315000 | J47: =IF($E$6<J$18,0,'3'!H58) -> 0 | K47: =IF($E$6<K$18,0,'3'!I58) -> 0 | L47: =IF($E$6<L$18,0,'3'!J58) -> 0 | M47: =IF($E$6<M$18,0,'3'!K58) -> 0 | N47: =IF($E$6<N$18,0,'3'!L58) -> 0 | ... P47: =IF($E$6<P$18,0,'3'!N58) -> 0 | Q47: =SUM(E47:P47) -> 3315000
B48: Inv 4 | H48: =IF($E$7<H$18,0,'4'!E58) -> 0 | I48: =IF($E$7<I$18,0,'4'!F58) -> 13125000 | J48: =IF($E$7<J$18,0,'4'!G58) -> 0 | K48: =IF($E$7<K$18,0,'4'!H58) -> 0 | L48: =IF($E$7<L$18,0,'4'!I58) -> 0 | M48: =IF($E$7<M$18,0,'4'!J58) -> 0 | N48: =IF($E$7<N$18,0,'4'!K58) -> 0 | O48: =IF($E$7<O$18,0,'4'!L58) -> 0 | P48: =IF($E$7<P$18,0,'4'!M58) -> 0 | Q48: =SUM(E48:P48) -> 13125000
B49: Operating Free Cash Flow | F49: =SUM(F51:F54) -> -9000000 | G49: =SUM(G51:G54) -> -4689087.8 | H49: =SUM(H51:H54) -> 1061087 | I49: =SUM(I51:I54) -> -12449821 | J49: =SUM(J51:J54) -> 1171631.2 | K49: =SUM(K51:K54) -> 9000724.6 | L49: =SUM(L51:L54) -> 3498427.4 | M49: =SUM(M51:M54) -> 0 | ... P49: =SUM(P51:P54) -> 0 | Q49: =SUM(E49:P49) -> -11407039
B51: Inv 1 | F51: =IF($E$4<F$18,0,'1'!F60) -> -9000000 | G51: =IF($E$4<G$18,0,'1'!G60) -> -252500 | H51: =IF($E$4<H$18,0,'1'!H60) -> -907069.99 | I51: =IF($E$4<I$18,0,'1'!I60) -> 2880320.7 | J51: =IF($E$4<J$18,0,'1'!J60) -> 0 | K51: =IF($E$4<K$18,0,'1'!K60) -> 0 | L51: =IF($E$4<L$18,0,'1'!L60) -> 0 | M51: =IF($E$4<M$18,0,'1'!M60) -> 0 | ... P51: =IF($E$4<P$18,0,'1'!P60) -> 0 | Q51: =SUM(E51:P51) -> -7279249.3
B52: Inv 2 | F52: =IF($E$5<F$18,0,'2'!E60) -> 0 | G52: =IF($E$5<G$18,0,'2'!F60) -> -4436587.8 | H52: =IF($E$5<H$18,0,'2'!G60) -> 1568657 | I52: =IF($E$5<I$18,0,'2'!H60) -> 1821169.2 | J52: =IF($E$5<J$18,0,'2'!I60) -> 1839380.9 | K52: =IF($E$5<K$18,0,'2'!J60) -> 1857774.7 | L52: =IF($E$5<L$18,0,'2'!K60) -> 0 | M52: =IF($E$5<M$18,0,'2'!L60) -> 0 | ... P52: =IF($E$5<P$18,0,'2'!O60) -> 0 | Q52: =SUM(E52:P52) -> 2650394.1
B53: Inv 3 | G53: =IF($E$6<G$18,0,'3'!E60) -> 0 | H53: =IF($E$6<H$18,0,'3'!F60) -> 399500 | I53: =IF($E$6<I$18,0,'3'!G60) -> -3763811.1 | J53: =IF($E$6<J$18,0,'3'!H60) -> 594864.01 | K53: =IF($E$6<K$18,0,'3'!I60) -> 3463789.5 | L53: =IF($E$6<L$18,0,'3'!J60) -> 3498427.4 | M53: =IF($E$6<M$18,0,'3'!K60) -> 0 | N53: =IF($E$6<N$18,0,'3'!L60) -> 0 | ... P53: =IF($E$6<P$18,0,'3'!N60) -> 0 | Q53: =SUM(E53:P53) -> 4192769.9
B54: Inv 4 | H54: =IF($E$7<H$18,0,'4'!E60) -> 0 | I54: =IF($E$7<I$18,0,'4'!F60) -> -13387500 | J54: =IF($E$7<J$18,0,'4'!G60) -> -1262613.7 | K54: =IF($E$7<K$18,0,'4'!H60) -> 3679160.3 | L54: =IF($E$7<L$18,0,'4'!I60) -> 0 | M54: =IF($E$7<M$18,0,'4'!J60) -> 0 | N54: =IF($E$7<N$18,0,'4'!K60) -> 0 | O54: =IF($E$7<O$18,0,'4'!L60) -> 0 | P54: =IF($E$7<P$18,0,'4'!M60) -> 0 | Q54: =SUM(E54:P54) -> -10970953
B55: Financing CF | F55: =SUM(F57:F60) -> -309375 | G55: =SUM(G57:G60) -> -569250 | H55: =SUM(H57:H60) -> -1122183.8 | I55: =SUM(I57:I60) -> -1709509.3 | J55: =SUM(J57:J60) -> -1395867 | K55: =SUM(K57:K60) -> -10488683 | L55: =SUM(L57:L60) -> -22876474 | M55: =SUM(M57:M60) -> 0 | ... P55: =SUM(P57:P60) -> 0 | Q55: =SUM(E55:P55) -> -38471341
B57: Inv 1 | F57: =IF($E$4<F$18,0,'1'!F66) -> -309375 | G57: =IF($E$4<G$18,0,'1'!G66) -> -309375 | H57: =IF($E$4<H$18,0,'1'!H66) -> -309375 | I57: =IF($E$4<I$18,0,'1'!I66) -> -309375 | J57: =IF($E$4<J$18,0,'1'!J66) -> 0 | K57: =IF($E$4<K$18,0,'1'!K66) -> 0 | L57: =IF($E$4<L$18,0,'1'!L66) -> 0 | M57: =IF($E$4<M$18,0,'1'!M66) -> 0 | ... P57: =IF($E$4<P$18,0,'1'!P66) -> 0 | Q57: =SUM(E57:P57) -> -1237500
B58: Inv 2 | F58: =IF($E$5<F$18,0,'2'!E66) -> 0 | G58: =IF($E$5<G$18,0,'2'!F66) -> -259875 | H58: =IF($E$5<H$18,0,'2'!G66) -> -259008.75 | I58: =IF($E$5<I$18,0,'2'!H66) -> -258146.83 | J58: =IF($E$5<J$18,0,'2'!I66) -> -257289.22 | K58: =IF($E$5<K$18,0,'2'!J66) -> -9353497.5 | L58: =IF($E$5<L$18,0,'2'!K66) -> 0 | M58: =IF($E$5<M$18,0,'2'!L66) -> 0 | ... P58: =IF($E$5<P$18,0,'2'!O66) -> 0 | Q58: =SUM(E58:P58) -> -10387817
B59: Inv 3 | G59: =IF($E$6<G$18,0,'3'!E66) -> 0 | H59: =IF($E$6<H$18,0,'3'!F66) -> -553800 | I59: =IF($E$6<I$18,0,'3'!G66) -> -551362.5 | J59: =IF($E$6<J$18,0,'3'!H66) -> -548937.19 | K59: =IF($E$6<K$18,0,'3'!I66) -> -546524 | L59: =IF($E$6<L$18,0,'3'!J66) -> -22876474 | M59: =IF($E$6<M$18,0,'3'!K66) -> 0 | N59: =IF($E$6<N$18,0,'3'!L66) -> 0 | ... P59: =IF($E$6<P$18,0,'3'!N66) -> 0 | Q59: =SUM(E59:P59) -> -25077097
B60: Inv 4 | H60: =IF($E$7<H$18,0,'4'!E66) -> 0 | I60: =IF($E$7<I$18,0,'4'!F66) -> -590625 | J60: =IF($E$7<J$18,0,'4'!G66) -> -589640.62 | K60: =IF($E$7<K$18,0,'4'!H66) -> -588661.17 | L60: =IF($E$7<L$18,0,'4'!I66) -> 0 | M60: =IF($E$7<M$18,0,'4'!J66) -> 0 | N60: =IF($E$7<N$18,0,'4'!K66) -> 0 | O60: =IF($E$7<O$18,0,'4'!L66) -> 0 | P60: =IF($E$7<P$18,0,'4'!M66) -> 0 | Q60: =SUM(E60:P60) -> -1768926.8
B61: Income Tax | F61: =SUM(F63:F66) -> 0 | G61: =SUM(G63:G66) -> 0 | H61: =SUM(H63:H66) -> 292594.73 | I61: =SUM(I63:I66) -> 978638.78 | J61: =SUM(J63:J66) -> 360633.93 | K61: =SUM(K63:K66) -> 1733323.6 | L61: =SUM(L63:L66) -> 642467.28 | M61: =SUM(M63:M66) -> 0 | ... P61: =SUM(P63:P66) -> 0 | Q61: =SUM(E61:P61) -> 4007658.4
B63: Inv 1 | F63: =IF($E$4<F$18,0,'1'!F69) -> 0 | G63: =IF($E$4<G$18,0,'1'!G69) -> 0 | H63: =IF($E$4<H$18,0,'1'!H69) -> 0 | I63: =IF($E$4<I$18,0,'1'!I69) -> 622736.43 | J63: =IF($E$4<J$18,0,'1'!J69) -> 0 | K63: =IF($E$4<K$18,0,'1'!K69) -> 0 | L63: =IF($E$4<L$18,0,'1'!L69) -> 0 | M63: =IF($E$4<M$18,0,'1'!M69) -> 0 | ... P63: =IF($E$4<P$18,0,'1'!P69) -> 0 | Q63: =SUM(E63:P63) -> 622736.43
B64: Inv 2 | F64: =IF($E$5<F$18,0,'2'!E69) -> 0 | G64: =IF($E$5<G$18,0,'2'!F69) -> 0 | H64: =IF($E$5<H$18,0,'2'!G69) -> 292594.73 | I64: =IF($E$5<I$18,0,'2'!H69) -> 355902.34 | J64: =IF($E$5<J$18,0,'2'!I69) -> 360633.93 | K64: =IF($E$5<K$18,0,'2'!J69) -> 365410.16 | L64: =IF($E$5<L$18,0,'2'!K69) -> 0 | M64: =IF($E$5<M$18,0,'2'!L69) -> 0 | ... P64: =IF($E$5<P$18,0,'2'!O69) -> 0 | Q64: =SUM(E64:P64) -> 1374541.2
B65: Inv 3 | G65: =IF($E$6<G$18,0,'3'!E69) -> 0 | H65: =IF($E$6<H$18,0,'3'!F69) -> 0 | I65: =IF($E$6<I$18,0,'3'!G69) -> 0 | J65: =IF($E$6<J$18,0,'3'!H69) -> 0 | K65: =IF($E$6<K$18,0,'3'!I69) -> 633327.58 | L65: =IF($E$6<L$18,0,'3'!J69) -> 642467.28 | M65: =IF($E$6<M$18,0,'3'!K69) -> 0 | N65: =IF($E$6<N$18,0,'3'!L69) -> 0 | ... P65: =IF($E$6<P$18,0,'3'!N69) -> 0 | Q65: =SUM(E65:P65) -> 1275794.9
B66: Inv 4 | H66: =IF($E$7<H$18,0,'4'!E69) -> 0 | I66: =IF($E$7<I$18,0,'4'!F69) -> 0 | J66: =IF($E$7<J$18,0,'4'!G69) -> 0 | K66: =IF($E$7<K$18,0,'4'!H69) -> 734585.9 | L66: =IF($E$7<L$18,0,'4'!I69) -> 0 | M66: =IF($E$7<M$18,0,'4'!J69) -> 0 | N66: =IF($E$7<N$18,0,'4'!K69) -> 0 | O66: =IF($E$7<O$18,0,'4'!L69) -> 0 | P66: =IF($E$7<P$18,0,'4'!M69) -> 0 | Q66: =SUM(E66:P66) -> 734585.9
B67: Levered CF | F67: =SUM(F69:F72) -> -9309375 | G67: =SUM(G69:G72) -> -5258337.8 | H67: =SUM(H69:H72) -> 231498.02 | I67: =SUM(I69:I72) -> -13180692 | J67: =SUM(J69:J72) -> 136398.12 | K67: =SUM(K69:K72) -> 245365.62 | L67: =SUM(L69:L72) -> -18735579 | M67: =SUM(M69:M72) -> 0 | ... P67: =SUM(P69:P72) -> 0 | Q67: =SUM(E67:P67) -> -45870722
B69: Inv 1 | F69: =IF($E$4<F$18,0,'1'!F71) -> -9309375 | G69: =IF($E$4<G$18,0,'1'!G71) -> -561875 | H69: =IF($E$4<H$18,0,'1'!H71) -> -1216445 | I69: =IF($E$4<I$18,0,'1'!I71) -> 3193682.2 | J69: =IF($E$4<J$18,0,'1'!J71) -> 0 | K69: =IF($E$4<K$18,0,'1'!K71) -> 0 | L69: =IF($E$4<L$18,0,'1'!L71) -> 0 | M69: =IF($E$4<M$18,0,'1'!M71) -> 0 | ... P69: =IF($E$4<P$18,0,'1'!P71) -> 0 | Q69: =SUM(E69:P69) -> -7894012.8
B70: Inv 2 | F70: =IF($E$5<F$18,0,'2'!E71) -> 0 | G70: =IF($E$5<G$18,0,'2'!F71) -> -4696462.8 | H70: =IF($E$5<H$18,0,'2'!G71) -> 1602243 | I70: =IF($E$5<I$18,0,'2'!H71) -> 1918924.7 | J70: =IF($E$5<J$18,0,'2'!I71) -> 1942725.6 | K70: =IF($E$5<K$18,0,'2'!J71) -> -7130312.6 | L70: =IF($E$5<L$18,0,'2'!K71) -> 0 | M70: =IF($E$5<M$18,0,'2'!L71) -> 0 | ... P70: =IF($E$5<P$18,0,'2'!O71) -> 0 | Q70: =SUM(E70:P70) -> -6362882
B71: Inv 3 | G71: =IF($E$6<G$18,0,'3'!E71) -> 0 | H71: =IF($E$6<H$18,0,'3'!F71) -> -154300 | I71: =IF($E$6<I$18,0,'3'!G71) -> -4315173.6 | J71: =IF($E$6<J$18,0,'3'!H71) -> 45926.824 | K71: =IF($E$6<K$18,0,'3'!I71) -> 3550593.1 | L71: =IF($E$6<L$18,0,'3'!J71) -> -18735579 | M71: =IF($E$6<M$18,0,'3'!K71) -> 0 | N71: =IF($E$6<N$18,0,'3'!L71) -> 0 | ... P71: =IF($E$6<P$18,0,'3'!N71) -> 0 | Q71: =SUM(E71:P71) -> -19608532
B72: Inv 4 | H72: =IF($E$7<H$18,0,'4'!E71) -> 0 | I72: =IF($E$7<I$18,0,'4'!F71) -> -13978125 | J72: =IF($E$7<J$18,0,'4'!G71) -> -1852254.3 | K72: =IF($E$7<K$18,0,'4'!H71) -> 3825085.1 | L72: =IF($E$7<L$18,0,'4'!I71) -> 0 | M72: =IF($E$7<M$18,0,'4'!J71) -> 0 | N72: =IF($E$7<N$18,0,'4'!K71) -> 0 | O72: =IF($E$7<O$18,0,'4'!L71) -> 0 | P72: =IF($E$7<P$18,0,'4'!M71) -> 0 | Q72: =SUM(E72:P72) -> -12005294
B73: Selling Price | F73: =SUM(F75:F78) -> 0 | G73: =SUM(G75:G78) -> 0 | H73: =SUM(H75:H78) -> 0 | I73: =SUM(I75:I78) -> 46026716 | J73: =SUM(J75:J78) -> 0 | K73: =SUM(K75:K78) -> 92394083 | L73: =SUM(L75:L78) -> 61748942 | M73: =SUM(M75:M78) -> 0 | ... P73: =SUM(P75:P78) -> 0 | Q73: =SUM(E73:P73) -> 2.0016974e+08
B75: Inv 1 | F75: =IF($E$4<F$18,0,'1'!F73) -> 0 | G75: =IF($E$4<G$18,0,'1'!G73) -> 0 | H75: =IF($E$4<H$18,0,'1'!H73) -> 0 | I75: =IF($E$4<I$18,0,'1'!I73) -> 46026716 | J75: =IF($E$4<J$18,0,'1'!J73) -> 0 | K75: =IF($E$4<K$18,0,'1'!K73) -> 0 | L75: =IF($E$4<L$18,0,'1'!L73) -> 0 | M75: =IF($E$4<M$18,0,'1'!M73) -> 0 | ... P75: =IF($E$4<P$18,0,'1'!P73) -> 0 | Q75: =SUM(E75:P75) -> 46026716
B76: Inv 2 | F76: =IF($E$5<F$18,0,'2'!E73) -> 0 | G76: =IF($E$5<G$18,0,'2'!F73) -> 0 | H76: =IF($E$5<H$18,0,'2'!G73) -> 0 | I76: =IF($E$5<I$18,0,'2'!H73) -> 0 | J76: =IF($E$5<J$18,0,'2'!I73) -> 0 | K76: =IF($E$5<K$18,0,'2'!J73) -> 29288147 | L76: =IF($E$5<L$18,0,'2'!K73) -> 0 | M76: =IF($E$5<M$18,0,'2'!L73) -> 0 | ... P76: =IF($E$5<P$18,0,'2'!O73) -> 0 | Q76: =SUM(E76:P76) -> 29288147
B77: Inv 3 | G77: =IF($E$6<G$18,0,'3'!E73) -> 0 | H77: =IF($E$6<H$18,0,'3'!F73) -> 0 | I77: =IF($E$6<I$18,0,'3'!G73) -> 0 | J77: =IF($E$6<J$18,0,'3'!H73) -> 0 | K77: =IF($E$6<K$18,0,'3'!I73) -> 0 | L77: =IF($E$6<L$18,0,'3'!J73) -> 61748942 | M77: =IF($E$6<M$18,0,'3'!K73) -> 0 | N77: =IF($E$6<N$18,0,'3'!L73) -> 0 | ... P77: =IF($E$6<P$18,0,'3'!N73) -> 0 | Q77: =SUM(E77:P77) -> 61748942
B78: Inv 4 | H78: =IF($E$7<H$18,0,'4'!E73) -> 0 | I78: =IF($E$7<I$18,0,'4'!F73) -> 0 | J78: =IF($E$7<J$18,0,'4'!G73) -> 0 | K78: =IF($E$7<K$18,0,'4'!H73) -> 63105936 | L78: =IF($E$7<L$18,0,'4'!I73) -> 0 | M78: =IF($E$7<M$18,0,'4'!J73) -> 0 | N78: =IF($E$7<N$18,0,'4'!K73) -> 0 | O78: =IF($E$7<O$18,0,'4'!L73) -> 0 | P78: =IF($E$7<P$18,0,'4'!M73) -> 0 | Q78: =SUM(E78:P78) -> 63105936
B79: Total Levered post tax CF pre fees | E79: =SUM(E81:E84) -> -11400000 | F79: =SUM(F81:F84) -> -17189625 | G79: =SUM(G81:G84) -> -18488338 | H79: =SUM(H81:H84) -> -18856002 | I79: =SUM(I81:I84) -> 24055242 | J79: =SUM(J81:J84) -> 136398.12 | K79: =SUM(K81:K84) -> 82348700 | L79: =SUM(L81:L84) -> 32166191 | ... P79: =SUM(P81:P84) -> 0 | Q79: =SUM(E79:P79) -> 72772567
B81: Inv 1 | E81: =IF($E$4<E$18,0,'1'!E79) -> -11400000 | F81: =IF($E$4<F$18,0,'1'!F79) -> -9309375 | G81: =IF($E$4<G$18,0,'1'!G79) -> -561875 | H81: =IF($E$4<H$18,0,'1'!H79) -> -1216445 | I81: =IF($E$4<I$18,0,'1'!I79) -> 40429616 | J81: =IF($E$4<J$18,0,'1'!J79) -> 0 | K81: =IF($E$4<K$18,0,'1'!K79) -> 0 | L81: =IF($E$4<L$18,0,'1'!L79) -> 0 | ... P81: =IF($E$4<P$18,0,'1'!P79) -> 0 | Q81: =SUM(E81:P81) -> 17941921
B82: Inv 2 | F82: =IF($E$5<F$18,0,'2'!E79) -> -7880250 | G82: =IF($E$5<G$18,0,'2'!F79) -> -4696462.8 | H82: =IF($E$5<H$18,0,'2'!G79) -> 1602243 | I82: =IF($E$5<I$18,0,'2'!H79) -> 1918924.7 | J82: =IF($E$5<J$18,0,'2'!I79) -> 1942725.6 | K82: =IF($E$5<K$18,0,'2'!J79) -> 18726467 | L82: =IF($E$5<L$18,0,'2'!K79) -> 0 | M82: =IF($E$5<M$18,0,'2'!L79) -> 0 | ... P82: =IF($E$5<P$18,0,'2'!O79) -> 0 | Q82: =SUM(E82:P82) -> 11613647
B83: Inv 3 | G83: =IF($E$6<G$18,0,'3'!E79) -> -13230000 | H83: =IF($E$6<H$18,0,'3'!F79) -> -154300 | I83: =IF($E$6<I$18,0,'3'!G79) -> -4315173.6 | J83: =IF($E$6<J$18,0,'3'!H79) -> 45926.824 | K83: =IF($E$6<K$18,0,'3'!I79) -> 3550593.1 | L83: =IF($E$6<L$18,0,'3'!J79) -> 32166191 | M83: =IF($E$6<M$18,0,'3'!K79) -> 0 | N83: =IF($E$6<N$18,0,'3'!L79) -> 0 | ... P83: =IF($E$6<P$18,0,'3'!N79) -> 0 | Q83: =SUM(E83:P83) -> 18063238
B84: Inv 4 | H84: =IF($E$7<H$18,0,'4'!E79) -> -19087500 | I84: =IF($E$7<I$18,0,'4'!F79) -> -13978125 | J84: =IF($E$7<J$18,0,'4'!G79) -> -1852254.3 | K84: =IF($E$7<K$18,0,'4'!H79) -> 60071640 | L84: =IF($E$7<L$18,0,'4'!I79) -> 0 | M84: =IF($E$7<M$18,0,'4'!J79) -> 0 | N84: =IF($E$7<N$18,0,'4'!K79) -> 0 | O84: =IF($E$7<O$18,0,'4'!L79) -> 0 | P84: =IF($E$7<P$18,0,'4'!M79) -> 0 | Q84: =SUM(E84:P84) -> 25153761
B85: AM Fees | E85: =MIN(0,a!$E$7*SUM($E$79:E79)) -> -171000 | F85: =MIN(0,a!$E$7*SUM($E$79:F79)) -> -428844.38 | G85: =MIN(0,a!$E$7*SUM($E$79:G79)) -> -706169.44 | H85: =MIN(0,a!$E$7*SUM($E$79:H79)) -> -989009.47 | I85: =MIN(0,a!$E$7*SUM($E$79:I79)) -> -628180.84 | J85: =MIN(0,a!$E$7*SUM($E$79:J79)) -> -626134.87 | K85: =MIN(0,a!$E$7*SUM($E$79:K79)) -> 0 | L85: =MIN(0,a!$E$7*SUM($E$79:L79)) -> 0 | ... P85: =MIN(0,a!$E$7*SUM($E$79:P79)) -> 0 | Q85: =SUM(E85:P85) -> -3549339
B87: Total Levered post tax CF | E87: =E79+E85 -> -11571000 | F87: =F79+F85 -> -17618469 | G87: =G85+G79 -> -19194507 | H87: =H85+H79 -> -19845011 | I87: =I85+I79 -> 23427061 | J87: =J85+J79 -> -489736.74 | K87: =K85+K79 -> 82348700 | L87: =L85+L79 -> 32166191 | M87: =M85+M79 -> 0 | N87: =N85+N79 -> 0 | ... P87: =P85+P79 -> 0 | Q87: =SUM(E87:P87) -> 69223228
B92: Equity spent | C92: =SUMIF(E87:P87,"<0") -> -68718725
B94: Project Return & IRR
B97: Gross Levered fee IRR | C97: =XIRR(E79:L79,E17:L17) -> 0.19254646
B98: Gorss Levered Profit Multiple | C98: =-SUMIF(E79:P79,">0")/SUMIF(E79:P79,"<0") -> 2.103719
B101: Levered post AM fee IRR | C101: =XIRR(E87:P87,$E$17:$P$17) -> 0.18043988 | D101: =C97-C101 -> 0.012106574
B102: Levered post AM fee Profit Multiple | C102: =-SUMIF(E87:P87,">0")/SUMIF(E87:P87,"<0") -> 2.0073416 | D102: =C98-C102 -> 0.096377391
B110: =a!H6 -> First Hurdle | D110: =a!J6 -> 0.08
B111: =a!H8 -> First Promote | D111: =a!J8 -> 0.2
B113: Begining Balance | F113: =E117 -> 11571000 | G113: =F117 -> 30117785 | H113: =G117 -> 51721715 | I113: =H117 -> 75704463 | J113: =I117 -> 58333759 | K113: =J117 -> 63503482 | L113: =K117 -> 0
B114: Accrual | F114: =F113*((1+$D$110)^((F17-E17)/365)-1) -> 928315.23 | G114: =G113*((1+$D$110)^((G17-F17)/365)-1) -> 2409422.8 | H114: =H113*((1+$D$110)^((H17-G17)/365)-1) -> 4137737.2 | I114: =I113*((1+$D$110)^((I17-H17)/365)-1) -> 6056357.1 | J114: =J113*((1+$D$110)^((J17-I17)/365)-1) -> 4679985.9 | K114: =K113*((1+$D$110)^((K17-J17)/365)-1) -> 5080278.5 | L114: =L113*((1+$D$110)^((L17-K17)/365)-1) -> 0
B115: Contribution | E115: =-MIN(0,E87) -> 11571000 | F115: =-MIN(0,F87) -> 17618469 | G115: =-MIN(0,G87) -> 19194507 | H115: =-MIN(0,H87) -> 19845011 | I115: =-MIN(0,I87) -> 0 | J115: =-MIN(0,J87) -> 489736.74 | K115: =-MIN(0,K87) -> 0 | L115: =-MIN(0,L87) -> 0
B116: Distribution | E116: =-MAX(0,MIN(E87,E113+E114)) -> 0 | F116: =-MAX(0,MIN(F87,F113+F114)) -> 0 | G116: =-MAX(0,MIN(G87,G113+G114)) -> 0 | H116: =-MAX(0,MIN(H87,H113+H114)) -> 0 | I116: =-MAX(0,MIN(I87,I113+I114)) -> -23427061 | J116: =-MAX(0,MIN(J87,J113+J114)) -> 0 | K116: =-MAX(0,MIN(K87,K113+K114)) -> -68583760 | L116: =-MAX(0,MIN(L87,L113+L114)) -> 0
B117: End Balance | E117: =SUM(E113:E116) -> 11571000 | F117: =SUM(F113:F116) -> 30117785 | G117: =SUM(G113:G116) -> 51721715 | H117: =SUM(H113:H116) -> 75704463 | I117: =SUM(I113:I116) -> 58333759 | J117: =SUM(J113:J116) -> 63503482 | K117: =SUM(K113:K116) -> 0 | L117: =SUM(L113:L116) -> 0
B119: Remaining CF | E119: =E87+E115+E116 -> 0 | F119: =F87+F115+F116 -> 0 | G119: =G87+G115+G116 -> 0 | H119: =H87+H115+H116 -> 0 | I119: =I87+I115+I116 -> 0 | J119: =J87+J115+J116 -> 0 | K119: =K87+K115+K116 -> 13764940 | L119: =L87+L115+L116 -> 32166191
B120: LP Check | E120: =E87-E119 -> -11571000 | F120: =F87-F119 -> -17618469 | G120: =G87-G119 -> -19194507 | H120: =H87-H119 -> -19845011 | I120: =I87-I119 -> 23427061 | J120: =J87-J119 -> -489736.74 | K120: =K87-K119 -> 68583760 | L120: =L87-L119 -> 0
B121: =XIRR(E120:L120,E17:L17) -> 0.079999998
B122: Promote | E122: =E135/(1-$D$111)*$D$111 -> 0 | F122: =F135/(1-$D$111)*$D$111 -> 0 | G122: =G135/(1-$D$111)*$D$111 -> 0 | H122: =H135/(1-$D$111)*$D$111 -> 0 | I122: =I135/(1-$D$111)*$D$111 -> 0 | J122: =J135/(1-$D$111)*$D$111 -> 0 | K122: =K135/(1-$D$111)*$D$111 -> -2752988 | L122: =L135/(1-$D$111)*$D$111 -> -999945.58
B123: Post Promote CF | E123: =E122+E87 -> -11571000 | F123: =F122+F87 -> -17618469 | G123: =G122+G87 -> -19194507 | H123: =H122+H87 -> -19845011 | I123: =I122+I87 -> 23427061 | J123: =J122+J87 -> -489736.74 | K123: =K122+K87 -> 79595712 | L123: =L122+L87 -> 31166246
B126: =a!H10 -> Second Hurdle | D126: =a!J10 -> 0.12
B127: =a!H12 -> Second Promote | D127: =a!J12 -> 0.4
B131: Beginning Balance | F131: =E136 -> 11571000 | G131: =F136 -> 30582014 | H131: =G136 -> 53446363 | I131: =H136 -> 79704938 | J131: =I136 -> 65842469 | K131: =J136 -> 74256202 | L131: =K136 -> 3571234.2
B132: Accrual | F132: =F131*((1+$D$126)^((F17-E17)/365)-1) -> 1392544.4 | G132: =G131*((1+$D$126)^((G17-F17)/365)-1) -> 3669841.7 | H132: =H131*((1+$D$126)^((H17-G17)/365)-1) -> 6413563.5 | I132: =I131*((1+$D$126)^((I17-H17)/365)-1) -> 9564592.5 | J132: =J131*((1+$D$126)^((J17-I17)/365)-1) -> 7923996.4 | K132: =K131*((1+$D$126)^((K17-J17)/365)-1) -> 8910744.2 | L132: =L131*((1+$D$126)^((L17-K17)/365)-1) -> 428548.1
B133: Contributions | E133: =E115 -> 11571000 | F133: =F115 -> 17618469 | G133: =G115 -> 19194507 | H133: =H115 -> 19845011 | I133: =I115 -> 0 | J133: =J115 -> 489736.74 | K133: =K115 -> 0 | L133: =L115 -> 0
B134: Prior Distributions | E134: =E116 -> 0 | F134: =F116 -> 0 | G134: =G116 -> 0 | H134: =H116 -> 0 | I134: =I116 -> -23427061 | J134: =J116 -> 0 | K134: =K116 -> -68583760 | L134: =L116 -> 0
B135: Distributions | E135: =-MAX(0,MIN(E119*(1-$D$111),E133+E132+E131)) -> 0 | F135: =-MAX(0,MIN(F119*(1-$D$111),F133+F132+F131)) -> 0 | G135: =-MAX(0,MIN(G119*(1-$D$111),G133+G132+G131)) -> 0 | H135: =-MAX(0,MIN(H119*(1-$D$111),H133+H132+H131)) -> 0 | I135: =-MAX(0,MIN(I119*(1-$D$111),I133+I132+I131)) -> 0 | J135: =-MAX(0,MIN(J119*(1-$D$111),J133+J132+J131)) -> 0 | K135: =-MAX(0,MIN(K119*(1-$D$111),K133+K132+K131)) -> -11011952 | L135: =-MAX(0,MIN(L119*(1-$D$111),L133+L132+L131)) -> -3999782.3
B136: End Balance | E136: =SUM(E131:E135) -> 11571000 | F136: =SUM(F131:F135) -> 30582014 | G136: =SUM(G131:G135) -> 53446363 | H136: =SUM(H131:H135) -> 79704938 | I136: =SUM(I131:I135) -> 65842469 | J136: =SUM(J131:J135) -> 74256202 | K136: =SUM(K131:K135) -> 3571234.2 | L136: =SUM(L131:L135) -> 0
B138: Remaining Cash Flow | E138: =E119+E122+E135 -> 0 | F138: =F119+F122+F135 -> 0 | G138: =G119+G122+G135 -> 0 | H138: =H119+H122+H135 -> 0 | I138: =I119+I122+I135 -> 0 | J138: =J119+J122+J135 -> 0 | K138: =K119+K122+K135 -> 0 | L138: =L119+L122+L135 -> 27166464
B139: LP Check | E139: =E87-E138+E122 -> -11571000 | F139: =F87-F138+F122 -> -17618469 | G139: =G87-G138+G122 -> -19194507 | H139: =H87-H138+H122 -> -19845011 | I139: =I87-I138+I122 -> 23427061 | J139: =J87-J138+J122 -> -489736.74 | K139: =K87-K138+K122 -> 79595712 | L139: =L87-L138+L122 -> 3999782.3
B140: =XIRR(E139:L139,E17:L17) -> 0.12
B141: Promote | E141: =-E138*$D$127 -> 0 | F141: =-F138*$D$127 -> 0 | G141: =-G138*$D$127 -> 0 | H141: =-H138*$D$127 -> 0 | I141: =-I138*$D$127 -> 0 | J141: =-J138*$D$127 -> 0 | K141: =-K138*$D$127 -> 0 | L141: =-L138*$D$127 -> -10866585
B142: Post Promote CF | E142: =E87+E122+E141 -> -11571000 | F142: =F87+F122+F141 -> -17618469 | G142: =G87+G122+G141 -> -19194507 | H142: =H87+H122+H141 -> -19845011 | I142: =I87+I122+I141 -> 23427061 | J142: =J87+J122+J141 -> -489736.74 | K142: =K87+K122+K141 -> 79595712 | L142: =L87+L122+L141 -> 20299660
B145: Post Promote Levered IRR | C145: =XIRR(E142:P142,$E$17:$P$17) -> 0.1536647 | D145: =C145-C101 -> -0.026775181
B146: Post Promote Levered Multiple | C146: =-SUMIF(E142:P142,">0")/SUMIF(E142:P142,"<0") -> 1.7945972 | D146: =C146-C102 -> -0.21274433

Sheet 1
B1: Capex Starts | C1: =EDATE($F$33,C15) -> 43830
B2: Lease starts | C2: =EDATE(C1,C19+C24) -> 44561 | Z2: Acquisition Debt | AB2: 0 | AC2: 1 | AD2: 2 | AE2: 3 | AF2: 4 | AG2: 5 | AH2: 6 | AI2: 7 | AJ2: 8 | AK2: 9 | AL2: 10 | AM2: 11
B3: rf ends | C3: =EDATE(C2,C25) -> 44926
F4: Investment 1 | Z4: Drawdown | AB4: =H15 -> 2500000
G7: Stabilized Development Yield : | J7: =(K41)/H25 -> 0.13340635
G8: SM price at acquisition | I8: =H25/C11 -> 906 | J8: At Exit | K8: =MAX(F73,G73,H73,I73,J73,K73,L73,M73,N73,O73,P73)/$C$11 -> 1841.0686 | Z8: Nominal solde | AC8: =AB4+AB8-AB10 -> 2500000 | AD8: =AC4+AC8-AC10 -> 2500000 | AE8: =AD4+AD8-AD10 -> 2500000 | AF8: =AE4+AE8-AE10 -> 2500000 | AG8: =AF4+AF8-AF10 -> 2500000 | AH8: =AG4+AG8-AG10 -> 0 | AI8: =AH4+AH8-AH10 -> 0 | AJ8: =AI4+AI8-AI10 -> 0 | ... AM8: =AL4+AL8-AL10 -> 0
B9: Deal snapshot | F9: Sources & Uses | O9: Debt Assumptions | Z9: Interest | AC9: =$P$13*AC8 -> 68750 | AD9: =$P$13*AD8 -> 68750 | AE9: =$P$13*AE8 -> 68750 | AF9: =$P$13*AF8 -> 68750 | AG9: =$P$13*AG8 -> 68750 | AH9: =$P$13*AH8 -> 0 | AI9: =$P$13*AI8 -> 0 | AJ9: =$P$13*AJ8 -> 0 | ... AM9: =$P$13*AM8 -> 0
B10: Acquisition Date | C10: 43830 | Z10: Nominal Amort | AC10: =IF($P$15>AC2,AC8*$P$14,IF($P$15=AC2,AC8,0)) -> 0 | AD10: =IF($P$15>AD2,AD8*$P$14,IF($P$15=AD2,AD8,0)) -> 0 | AE10: =IF($P$15>AE2,AE8*$P$14,IF($P$15=AE2,AE8,0)) -> 0 | AF10: =IF($P$15>AF2,AF8*$P$14,IF($P$15=AF2,AF8,0)) -> 0 | AG10: =IF($P$15>AG2,AG8*$P$14,IF($P$15=AG2,AG8,0)) -> 2500000 | AH10: =IF($P$15>AH2,AH8*$P$14,IF($P$15=AH2,AH8,0)) -> 0 | AI10: =IF($P$15>AI2,AI8*$P$14,IF($P$15=AI2,AI8,0)) -> 0 | AJ10: =IF($P$15>AJ2,AJ8*$P$14,IF($P$15=AJ2,AJ8,0)) -> 0 | ... AM10: =IF($P$15>AM2,AM8*$P$14,IF($P$15=AM2,AM8,0)) -> 0
B11: Size | C11: =25000 -> 25000 | Z11: TOTAL PAYMENT | AC11: =AC10+AC9 -> 68750 | AD11: =AD10+AD9 -> 68750 | AE11: =AE10+AE9 -> 68750 | AF11: =AF10+AF9 -> 68750 | AG11: =AG10+AG9 -> 2568750 | AH11: =AH10+AH9 -> 0 | AI11: =AI10+AI9 -> 0 | AJ11: =AJ10+AJ9 -> 0 | ... AM11: =AM10+AM9 -> 0
B12: Occupancy at acquisition | C12: 0 | F12: Sources | J12: Uses | O12: Acquisition Debt
B13: rent at acquisition | C13: 0 | F13: Equity - LP | G13: =a!O8 -> 0.95 | H13: =($L$25-$H$15-H16)*G13 -> 10830000 | J13: Purchase Price | L13: =5000000 -> 5000000 | O13: Margin | P13: 0.0275
B14: Rent per sm | C14: 0 | F14: Equity - AAM | G14: =a!O9 -> 0.05 | H14: =($L$25-$H$15-H16)*G14 -> 570000 | J14: Capex | L14: =C18*C11 -> 17500000 | O14: Amortization | P14: 0
B15: WALT | C15: 0 | F15: Acquisition Debt | G15: 0.5 | H15: =G15*L13 -> 2500000 | J15: Closing Costs | K15: 0.025 | L15: =L13*K15 -> 125000 | O15: Terms | P15: 5
B16: Charges per sm | C16: 10 | F16: Capex Debt | G16: =C20 -> 0.5 | H16: =L14*G16 -> 8750000 | J16: Debt Fees | K16: 0.01 | L16: =K16*H15 -> 25000
B17: Charges indexation | C17: 0.01 | J17: Acquisition Fee | L17: =a!E7 -> 0.015 | O17: Capex Debt
B18: Capex per sm | C18: 700 | O18: Margin | P18: 0.0275 | Z18: CAPEX Debt
B19: Capex period | C19: 18 | O19: Amortization | P19: 0
B20: Capex Debt | C20: 0.5 | O20: Terms | P20: 5 | Z20: Drawdown | AB20: =H16 -> 8750000
B21: Stabilized occupancy rate | C21: 1 | Z21: Nominal solde | AC21: =AB20+AB21-AB23 -> 8750000 | AD21: =AC20+AC21-AC23 -> 8750000 | AE21: =AD20+AD21-AD23 -> 8750000 | AF21: =AE20+AE21-AE23 -> 8750000 | AG21: =AF20+AF21-AF23 -> 8750000 | AH21: =AG20+AG21-AG23 -> 0 | AI21: =AH20+AH21-AH23 -> 0 | AJ21: =AI20+AI21-AI23 -> 0 | ... AM21: =AL20+AL21-AL23 -> 0
B22: Rental Index | C22: 0.01 | Z22: Interest | AC22: =$P$18*AC21 -> 240625 | AD22: =$P$18*AD21 -> 240625 | AE22: =$P$18*AE21 -> 240625 | AF22: =$P$18*AF21 -> 240625 | AG22: =$P$18*AG21 -> 240625 | AH22: =$P$18*AH21 -> 0 | AI22: =$P$18*AI21 -> 0 | AJ22: =$P$18*AJ21 -> 0 | ... AM22: =$P$18*AM21 -> 0
B23: New proposed Rent per sm | C23: 115 | Z23: Nominal Amort | AC23: =IF($P$20>AC2,AC21*$P$19,IF($P$20=AC2,AC21,0)) -> 0 | AD23: =IF($P$20>AD2,AD21*$P$19,IF($P$20=AD2,AD21,0)) -> 0 | AE23: =IF($P$20>AE2,AE21*$P$19,IF($P$20=AE2,AE21,0)) -> 0 | AF23: =IF($P$20>AF2,AF21*$P$19,IF($P$20=AF2,AF21,0)) -> 0 | AG23: =IF($P$20>AG2,AG21*$P$19,IF($P$20=AG2,AG21,0)) -> 8750000 | AH23: =IF($P$20>AH2,AH21*$P$19,IF($P$20=AH2,AH21,0)) -> 0 | AI23: =IF($P$20>AI2,AI21*$P$19,IF($P$20=AI2,AI21,0)) -> 0 | AJ23: =IF($P$20>AJ2,AJ21*$P$19,IF($P$20=AJ2,AJ21,0)) -> 0 | ... AM23: =IF($P$20>AM2,AM21*$P$19,IF($P$20=AM2,AM21,0)) -> 0
B24: Vacancy period after capex | C24: 6 | Z24: TOTAL PAYMENT | AC24: =AC23+AC22 -> 240625 | AD24: =AD23+AD22 -> 240625 | AE24: =AE23+AE22 -> 240625 | AF24: =AF23+AF22 -> 240625 | AG24: =AG23+AG22 -> 8990625 | AH24: =AH23+AH22 -> 0 | AI24: =AI23+AI22 -> 0 | AJ24: =AJ23+AJ22 -> 0 | ... AM24: =AM23+AM22 -> 0
B25: Rent Free period | C25: 12 | F25: Total Sources | H25: =SUM(H13:H18) -> 22650000 | J25: Total Uses | L25: =SUM(L13:L18) -> 22650000
B26: Exit Yield | C26: 0.065
B27: Exit Year (Deal) | C27: 4
B28: Exit Year (JV) | C28: =IF(C27=F35,F36,IF(C27=G35,G36,IF(C27=H35,H36,IF(C27=I35,I36,IF(C27=J35,J36,IF(K35=C27,K36,IF(C27=L35,L36,IF(C27=M35,M36,IF(N35=C27,N36,IF(C27=O35,O36,IF(C27=P35,P36,0))))))))))) -> 4
B29: rent at exit | C29: =IF(C27=F35,F41,IF(C27=G35,G41,IF(C27=H35,H41,IF(C27=I35,I41,IF(C27=J35,J41,IF(K35=C27,K41,IF(C27=L35,L41,IF(C27=M35,M41,IF(N35=C27,N41,IF(C27=O35,O41,IF(C27=P35,P41,0))))))))))) -> 2962115.4
Z30: TOTAL interest | AC30: =AC9+AC22 -> 309375 | AD30: =AD9+AD22 -> 309375 | AE30: =AE9+AE22 -> 309375 | AF30: =AF9+AF22 -> 309375 | AG30: =AG9+AG22 -> 309375 | AH30: =AH9+AH22 -> 0 | AI30: =AI9+AI22 -> 0 | AJ30: =AJ9+AJ22 -> 0 | ... AM30: =AM9+AM22 -> 0
Z31: TOTAL Amort | AC31: =AC10+AC23 -> 0 | AD31: =AD10+AD23 -> 0 | AE31: =AE10+AE23 -> 0 | AF31: =AF10+AF23 -> 0 | AG31: =AG10+AG23 -> 11250000 | AH31: =AH10+AH23 -> 0 | AI31: =AI10+AI23 -> 0 | AJ31: =AJ10+AJ23 -> 0 | ... AM31: =AM10+AM23 -> 0
Z32: TOTAL PAYMENT | AC32: =AC30+AC31 -> 309375 | AD32: =AD30+AD31 -> 309375 | AE32: =AE30+AE31 -> 309375 | AF32: =AF30+AF31 -> 309375 | AG32: =AG30+AG31 -> 11559375 | AH32: =AH30+AH31 -> 0 | AI32: =AI30+AI31 -> 0 | AJ32: =AJ30+AJ31 -> 0 | ... AM32: =AM30+AM31 -> 0
B33: Date | E33: Acquisition | F33: =C10 -> 43830 | G33: =EDATE(F33,12) -> 44196 | H33: =EDATE(G33,12) -> 44561 | I33: =EDATE(H33,12) -> 44926 | J33: =EDATE(I33,12) -> 45291 | K33: =EDATE(J33,12) -> 45657 | L33: =EDATE(K33,12) -> 46022 | M33: =EDATE(L33,12) -> 46387 | N33: =EDATE(M33,12) -> 46752 | ... P33: =EDATE(O33,12) -> 47483 | Q33: Total
E34: =F33 -> 43830 | F34: =EDATE(F33,12)-1 -> 44195 | G34: =EDATE(G33,12)-1 -> 44560 | H34: =EDATE(H33,12)-1 -> 44925 | I34: =EDATE(I33,12)-1 -> 45290 | J34: =EDATE(J33,12)-1 -> 45656 | K34: =EDATE(K33,12)-1 -> 46021 | L34: =EDATE(L33,12)-1 -> 46386 | M34: =EDATE(M33,12)-1 -> 46751 | ... P34: =EDATE(P33,12)-1 -> 47847
B35: Year (deal) | E35: 0 | F35: 1 | G35: 2 | H35: 3 | I35: 4 | J35: 5 | K35: 6 | L35: 7 | M35: 8 | N35: 9 | O35: 10 | P35: 11
B36: Year (JV) | E36: 0 | F36: =a!H23 -> 0 | G36: 2 | H36: 3 | I36: 4 | J36: 5 | K36: 6 | L36: 7 | M36: 8 | N36: 9 | O36: 10 | P36: 11
B37: occupancy | F37: =IF(F38<>0,$C$12*(F38/$C$13),IF(F39<>0,F39/(($C$23*(((1+$C$22)^E35)))*$C$11),0)) -> 0 | G37: =IF(G38<>0,$C$12*(G38/$C$13),IF(G39<>0,G39/(($C$23*(((1+$C$22)^F35)))*$C$11),0)) -> 0 | H37: =IF(H38<>0,$C$12*(H38/$C$13),IF(H39<>0,H39/(($C$23*(((1+$C$22)^G35)))*$C$11),0)) -> 0.99726027 | I37: =IF(I38<>0,$C$12*(I38/$C$13),IF(I39<>0,I39/(($C$23*(((1+$C$22)^H35)))*$C$11),0)) -> 1 | J37: =IF(J38<>0,$C$12*(J38/$C$13),IF(J39<>0,J39/(($C$23*(((1+$C$22)^I35)))*$C$11),0)) -> 1 | K37: =IF(K38<>0,$C$12*(K38/$C$13),IF(K39<>0,K39/(($C$23*(((1+$C$22)^J35)))*$C$11),0)) -> 1 | L37: =IF(L38<>0,$C$12*(L38/$C$13),IF(L39<>0,L39/(($C$23*(((1+$C$22)^K35)))*$C$11),0)) -> 1 | M37: =IF(M38<>0,$C$12*(M38/$C$13),IF(M39<>0,M39/(($C$23*(((1+$C$22)^L35)))*$C$11),0)) -> 1 | ... P37: =IF(P38<>0,$C$12*(P38/$C$13),IF(P39<>0,P39/(($C$23*(((1+$C$22)^O35)))*$C$11),0)) -> 1
C38: before capex | F38: =IF($C$1>F$34,$C$11*$C$12*($C$14*(((1+$C$22)^E35))),IF(AND(F$33<=$C$1,$C$1<=F$34),($C$11*$C$12*($C$14*(((1+$C$22)^E35))))*($C$1-F33)/365,0)) -> 0 | G38: =IF($C$1>G$34,$C$11*$C$12*($C$14*(((1+$C$22)^F35))),IF(AND(G$33<=$C$1,$C$1<=G$34),($C$11*$C$12*($C$14*(((1+$C$22)^F35))))*($C$1-G33)/365,0)) -> 0 | H38: =IF($C$1>H$34,$C$11*$C$12*($C$14*(((1+$C$22)^G35))),IF(AND(H$33<=$C$1,$C$1<=H$34),($C$11*$C$12*($C$14*(((1+$C$22)^G35))))*($C$1-H33)/365,0)) -> 0 | I38: =IF($C$1>I$34,$C$11*$C$12*($C$14*(((1+$C$22)^H35))),IF(AND(I$33<=$C$1,$C$1<=I$34),($C$11*$C$12*($C$14*(((1+$C$22)^H35))))*($C$1-I33)/365,0)) -> 0 | J38: =IF($C$1>J$34,$C$11*$C$12*($C$14*(((1+$C$22)^I35))),IF(AND(J$33<=$C$1,$C$1<=J$34),($C$11*$C$12*($C$14*(((1+$C$22)^I35))))*($C$1-J33)/365,0)) -> 0 | K38: =IF($C$1>K$34,$C$11*$C$12*($C$14*(((1+$C$22)^J35))),IF(AND(K$33<=$C$1,$C$1<=K$34),($C$11*$C$12*($C$14*(((1+$C$22)^J35))))*($C$1-K33)/365,0)) -> 0 | L38: =IF($C$1>L$34,$C$11*$C$12*($C$14*(((1+$C$22)^K35))),IF(AND(L$33<=$C$1,$C$1<=L$34),($C$11*$C$12*($C$14*(((1+$C$22)^K35))))*($C$1-L33)/365,0)) -> 0 | M38: =IF($C$1>M$34,$C$11*$C$12*($C$14*(((1+$C$22)^L35))),IF(AND(M$33<=$C$1,$C$1<=M$34),($C$11*$C$12*($C$14*(((1+$C$22)^L35))))*($C$1-M33)/365,0)) -> 0 | ... P38: =IF($C$1>P$34,$C$11*$C$12*($C$14*(((1+$C$22)^O35))),IF(AND(P$33<=$C$1,$C$1<=P$34),($C$11*$C$12*($C$14*(((1+$C$22)^O35))))*($C$1-P33)/365,0)) -> 0
C39: after capex | F39: =IF($C$2<F$33,($C$23*(((1+$C$22)^E35)))*$C$11*$C$21,IF(AND(F$33<=$C$2,$C$2<=F$34),(($C$23*(((1+$C$22)^E35)))*$C$11*$C$21)*((F$34-$C$2)/365),0)) -> 0 | G39: =IF($C$2<G$33,($C$23*(((1+$C$22)^F35)))*$C$11*$C$21,IF(AND(G$33<=$C$2,$C$2<=G$34),(($C$23*(((1+$C$22)^F35)))*$C$11*$C$21)*((G$34-$C$2)/365),0)) -> 0 | H39: =IF($C$2<H$33,($C$23*(((1+$C$22)^G35)))*$C$11*$C$21,IF(AND(H$33<=$C$2,$C$2<=H$34),(($C$23*(((1+$C$22)^G35)))*$C$11*$C$21)*((H$34-$C$2)/365),0)) -> 2924752.5 | I39: =IF($C$2<I$33,($C$23*(((1+$C$22)^H35)))*$C$11*$C$21,IF(AND(I$33<=$C$2,$C$2<=I$34),(($C$23*(((1+$C$22)^H35)))*$C$11*$C$21)*((I$34-$C$2)/365),0)) -> 2962115.4 | J39: =IF($C$2<J$33,($C$23*(((1+$C$22)^I35)))*$C$11*$C$21,IF(AND(J$33<=$C$2,$C$2<=J$34),(($C$23*(((1+$C$22)^I35)))*$C$11*$C$21)*((J$34-$C$2)/365),0)) -> 2991736.5 | K39: =IF($C$2<K$33,($C$23*(((1+$C$22)^J35)))*$C$11*$C$21,IF(AND(K$33<=$C$2,$C$2<=K$34),(($C$23*(((1+$C$22)^J35)))*$C$11*$C$21)*((K$34-$C$2)/365),0)) -> 3021653.9 | L39: =IF($C$2<L$33,($C$23*(((1+$C$22)^K35)))*$C$11*$C$21,IF(AND(L$33<=$C$2,$C$2<=L$34),(($C$23*(((1+$C$22)^K35)))*$C$11*$C$21)*((L$34-$C$2)/365),0)) -> 3051870.4 | M39: =IF($C$2<M$33,($C$23*(((1+$C$22)^L35)))*$C$11*$C$21,IF(AND(M$33<=$C$2,$C$2<=M$34),(($C$23*(((1+$C$22)^L35)))*$C$11*$C$21)*((M$34-$C$2)/365),0)) -> 3082389.1 | ... P39: =IF($C$2<P$33,($C$23*(((1+$C$22)^O35)))*$C$11*$C$21,IF(AND(P$33<=$C$2,$C$2<=P$34),(($C$23*(((1+$C$22)^O35)))*$C$11*$C$21)*((P$34-$C$2)/365),0)) -> 3175788.6
B41: GROSS Rental income | F41: =SUM(F38:F39) -> 0 | G41: =SUM(G38:G39) -> 0 | H41: =SUM(H38:H39) -> 2924752.5 | I41: =SUM(I38:I39) -> 2962115.4 | J41: =SUM(J38:J39) -> 2991736.5 | K41: =SUM(K38:K39) -> 3021653.9 | L41: =SUM(L38:L39) -> 3051870.4 | M41: =SUM(M38:M39) -> 3082389.1 | ... P41: =SUM(P38:P39) -> 3175788.6 | Q41: =SUM(G41:P41) -> 27467865
B42: Total RF | F42: =IF(AND(F33<=$C$2,$C$2<=F34),-F41*$C$25/12,0) -> 0 | G42: =IF(AND(G33<=$C$2,$C$2<=G34),-H41*$C$25/12,0) -> 0 | H42: =IF(AND(H33<=$C$2,$C$2<=H34),-I41*$C$25/12,0) -> -2962115.4 | I42: =IF(AND(I33<=$C$2,$C$2<=I34),-J41*$C$25/12,0) -> 0 | J42: =IF(AND(J33<=$C$2,$C$2<=J34),-K41*$C$25/12,0) -> 0 | K42: =IF(AND(K33<=$C$2,$C$2<=K34),-L41*$C$25/12,0) -> 0 | L42: =IF(AND(L33<=$C$2,$C$2<=L34),-M41*$C$25/12,0) -> 0 | M42: =IF(AND(M33<=$C$2,$C$2<=M34),-N41*$C$25/12,0) -> 0 | N42: =IF(AND(N33<=$C$2,$C$2<=N34),-O41*$C$25/12,0) -> 0 | ... P42: =IF(AND(P33<=$C$2,$C$2<=P34),-Q41*$C$25/12,0) -> 0
C43: dist1 | F43: =IF(-F42<=F41,F42,IF(-F42>F41,-F41,0)) -> 0 | G43: =IF(-G42<=G41,G42,IF(-G42>G41,-G41,0)) -> 0 | H43: =IF(-H42<=H41,H42,IF(-H42>H41,-H41,0)) -> -2924752.5 | I43: =IF(-I42<=I41,I42,IF(-I42>I41,-I41,0)) -> 0 | J43: =IF(-J42<=J41,J42,IF(-J42>J41,-J41,0)) -> 0 | K43: =IF(-K42<=K41,K42,IF(-K42>K41,-K41,0)) -> 0 | L43: =IF(-L42<=L41,L42,IF(-L42>L41,-L41,0)) -> 0 | M43: =IF(-M42<=M41,M42,IF(-M42>M41,-M41,0)) -> 0 | ... P43: =IF(-P42<=P41,P42,IF(-P42>P41,-P41,0)) -> 0
C44: dist2 | F44: =IF((-E42+E43)<F41,E42-E43,IF((-E42+E43)>=F41,-F41)) -> 0 | G44: =IF((-F42+F43)<G41,F42-F43,IF((-F42+F43)>=G41,-G41)) -> 0 | H44: =IF((-G42+G43)<H41,G42-G43,IF((-G42+G43)>=H41,-H41)) -> 0 | I44: =IF((-H42+H43)<I41,H42-H43,IF((-H42+H43)>=I41,-I41)) -> -37362.909 | J44: =IF((-I42+I43)<J41,I42-I43,IF((-I42+I43)>=J41,-J41)) -> 0 | K44: =IF((-J42+J43)<K41,J42-J43,IF((-J42+J43)>=K41,-K41)) -> 0 | L44: =IF((-K42+K43)<L41,K42-K43,IF((-K42+K43)>=L41,-L41)) -> 0 | M44: =IF((-L42+L43)<M41,L42-L43,IF((-L42+L43)>=M41,-M41)) -> 0 | ... P44: =IF((-O42+O43)<P41,O42-O43,IF((-O42+O43)>=P41,-P41)) -> 0
C45: dist3 | F45: =-(-D42+D43+E44) -> 0 | G45: =-(-E42+E43+F44) -> 0 | H45: =-(-F42+F43+G44) -> 0 | I45: =-(-G42+G43+H44) -> 0 | J45: =-(-H42+H43+I44) -> 0 | K45: =-(-I42+I43+J44) -> 0 | L45: =-(-J42+J43+K44) -> 0 | M45: =-(-K42+K43+L44) -> 0 | ... P45: =-(-N42+N43+O44) -> 0
B46: Rent Free | F46: =SUM(F43+F44+F45) -> 0 | G46: =SUM(G43+G44+G45) -> 0 | H46: =SUM(H43+H44+H45) -> -2924752.5 | I46: =SUM(I43+I44+I45) -> -37362.909 | J46: =SUM(J43+J44+J45) -> 0 | K46: =SUM(K43+K44+K45) -> 0 | L46: =SUM(L43+L44+L45) -> 0 | M46: =SUM(M43+M44+M45) -> 0 | ... P46: =SUM(P43+P44+P45) -> 0
B47: Non reimbursable operating expenses | F47: =-(1-F37)*($C$16*(((1+$C$22)^E35)))*$C$11 -> -250000 | G47: =-(1-G37)*($C$16*(((1+$C$22)^F35)))*$C$11 -> -252500 | H47: =-(1-H37)*($C$16*(((1+$C$22)^G35)))*$C$11 -> -698.69863 | I47: =-(1-I37)*($C$16*(((1+$C$22)^H35)))*$C$11 -> 0 | J47: =-(1-J37)*($C$16*(((1+$C$22)^I35)))*$C$11 -> 0 | K47: =-(1-K37)*($C$16*(((1+$C$22)^J35)))*$C$11 -> 0 | L47: =-(1-L37)*($C$16*(((1+$C$22)^K35)))*$C$11 -> 0 | M47: =-(1-M37)*($C$16*(((1+$C$22)^L35)))*$C$11 -> 0 | ... P47: =-(1-P37)*($C$16*(((1+$C$22)^O35)))*$C$11 -> 0 | Q47: =SUM(G47:P47) -> -253198.7
B49: Net Leasing Income | F49: =F41+F46+F47 -> -250000 | G49: =G41+G46+G47 -> -252500 | H49: =H41+H46+H47 -> -698.69863 | I49: =I41+I46+I47 -> 2924752.5 | J49: =J41+J46+J47 -> 2991736.5 | K49: =K41+K46+K47 -> 3021653.9 | L49: =L41+L46+L47 -> 3051870.4 | M49: =M41+M46+M47 -> 3082389.1 | ... P49: =P41+P46+P47 -> 3175788.6 | Q49: =SUM(G49:P49) -> 24252551 | Z49: Asset D&A
Z50: Years | AA50: 50
B51: Leasing commissions | D51: 0.3 | F51: =-IF(AND(F33<=$C$2,$C$2<=F34),$C$23*$C$21*$C$11*$D$51,0) -> 0 | G51: =-IF(AND(G33<=$C$2,$C$2<=G34),$C$23*$C$21*$C$11*$D$51,0) -> 0 | H51: =-IF(AND(H33<=$C$2,$C$2<=H34),$C$23*$C$21*$C$11*$D$51,0) -> -862500 | I51: =-IF(AND(I33<=$C$2,$C$2<=I34),$C$23*$C$21*$C$11*$D$51,0) -> 0 | J51: =-IF(AND(J33<=$C$2,$C$2<=J34),$C$23*$C$21*$C$11*$D$51,0) -> 0 | K51: =-IF(AND(K33<=$C$2,$C$2<=K34),$C$23*$C$21*$C$11*$D$51,0) -> 0 | L51: =-IF(AND(L33<=$C$2,$C$2<=L34),$C$23*$C$21*$C$11*$D$51,0) -> 0 | M51: =-IF(AND(M33<=$C$2,$C$2<=M34),$C$23*$C$21*$C$11*$D$51,0) -> 0 | ... O51: =-IF(AND(O33<=$C$2,$C$2<=O34),$C$23*$C$21*$C$11*$D$51,0) -> 0 | P51: =-IF(AND(P33<$C$2,$C$2<P34),$C$23*$C$21*$C$11*$D$51,0) -> 0 | Q51: =SUM(G51:P51) -> -862500 | Z51: Land | AA51: =1-AA52 -> 0.2
Z52: Building | AA52: 0.8
B53: Administrative fees | D53: 0.015 | F53: =-$D$53*F41 -> 0 | G53: =-$D$53*G41 -> 0 | H53: =-$D$53*H41 -> -43871.287 | I53: =-$D$53*I41 -> -44431.731 | J53: =-$D$53*J41 -> -44876.048 | K53: =-$D$53*K41 -> -45324.808 | L53: =-$D$53*L41 -> -45778.056 | M53: =-$D$53*M41 -> -46235.837 | ... P53: =-$D$53*P41 -> -47636.829 | Q53: =SUM(G53:P53) -> -412017.97
B55: NOI | F55: =SUM(F49:F53) -> -250000 | G55: =SUM(G49:G53) -> -252500 | H55: =SUM(H49:H53) -> -907069.99 | I55: =SUM(I49:I53) -> 2880320.7 | J55: =SUM(J49:J53) -> 2946860.5 | K55: =SUM(K49:K53) -> 2976329.1 | L55: =SUM(L49:L53) -> 3006092.4 | M55: =SUM(M49:M53) -> 3036153.3 | ... P55: =SUM(P49:P53) -> 3128151.8 | Q55: =SUM(G55:P55) -> 22978033
B57: Capex | F57: =IF(AND(F33<=$C$1,$C$1<=F34),-$L$14,0) -> -17500000 | G57: =IF(AND(G33<=$C$1,$C$1<=G34),-$L$14,0) -> 0 | H57: =IF(AND(H33<=$C$1,$C$1<=H34),-$L$14,0) -> 0 | I57: =IF(AND(I33<=$C$1,$C$1<=I34),-$L$14,0) -> 0 | J57: =IF(AND(J33<=$C$1,$C$1<=J34),-$L$14,0) -> 0 | K57: =IF(AND(K33<=$C$1,$C$1<=K34),-$L$14,0) -> 0 | L57: =IF(AND(L33<=$C$1,$C$1<=L34),-$L$14,0) -> 0 | M57: =IF(AND(M33<=$C$1,$C$1<=M34),-$L$14,0) -> 0 | ... P57: =IF(AND(P33<=$C$1,$C$1<=P34),-$L$14,0) -> 0 | Q57: =SUM(G57:P57) -> 0
B58: Capex Loan | F58: =IF(F57<>0,$H$16,0) -> 8750000 | G58: =IF(G57<>0,$H$16,0) -> 0 | H58: =IF(H57<>0,$H$16,0) -> 0 | I58: =IF(I57<>0,$H$16,0) -> 0 | J58: =IF(J57<>0,$H$16,0) -> 0 | K58: =IF(K57<>0,$H$16,0) -> 0 | L58: =IF(L57<>0,$H$16,0) -> 0 | M58: =IF(M57<>0,$H$16,0) -> 0 | ... P58: =IF(P57<>0,$H$16,0) -> 0 | Q58: =SUM(G58:P58) -> 0
B60: Operating Free Cash Flow | F60: =SUM(F55:F58) -> -9000000 | G60: =SUM(G55:G58) -> -252500 | H60: =SUM(H55:H58) -> -907069.99 | I60: =SUM(I55:I58) -> 2880320.7 | J60: =SUM(J55:J58) -> 2946860.5 | K60: =SUM(K55:K58) -> 2976329.1 | L60: =SUM(L55:L58) -> 3006092.4 | M60: =SUM(M55:M58) -> 3036153.3 | ... P60: =SUM(P55:P58) -> 3128151.8 | Q60: =SUM(G60:P60) -> 22978033
B62: Drawdown | F62: =AB20+AB4 -> 11250000
B63: Amortisation | F63: =-AC31 -> 0 | G63: =-AD31 -> 0 | H63: =-AE31 -> 0 | I63: =-AF31 -> 0 | J63: =-AG31 -> -11250000 | K63: =-AH31 -> 0 | L63: =-AI31 -> 0 | M63: =-AJ31 -> 0 | ... P63: =-AM31 -> 0 | Q63: =SUM(F63:P63) -> -11250000
B64: Interest | F64: =-AC30 -> -309375 | G64: =-AD30 -> -309375 | H64: =-AE30 -> -309375 | I64: =-AF30 -> -309375 | J64: =-AG30 -> -309375 | K64: =-AH30 -> 0 | L64: =-AI30 -> 0 | M64: =-AJ30 -> 0 | ... P64: =-AM30 -> 0 | Q64: =SUM(F64:P64) -> -1546875
Q65: =SUM(G65:P65) -> 0
B66: Financing cash flows | F66: =SUM(F63:F64) -> -309375 | G66: =SUM(G63:G64) -> -309375 | H66: =SUM(H63:H64) -> -309375 | I66: =SUM(I63:I64) -> -309375 | J66: =SUM(J63:J64) -> -11559375 | K66: =SUM(K63:K64) -> 0 | L66: =SUM(L63:L64) -> 0 | M66: =SUM(M63:M64) -> 0 | ... P66: =SUM(P63:P64) -> 0 | Q66: =SUM(G66:P66) -> -12487500
B68: D&A | F68: =-$L$13*$AA$52/$AA$50-(-F57)/$AA$50 -> -430000 | G68: =-$L$13*$AA$52/$AA$50-(-G57)/$AA$50 -> -80000 | H68: =-$L$13*$AA$52/$AA$50-(-H57)/$AA$50 -> -80000 | I68: =-$L$13*$AA$52/$AA$50-(-I57)/$AA$50 -> -80000 | J68: =-$L$13*$AA$52/$AA$50-(-J57)/$AA$50 -> -80000 | K68: =-$L$13*$AA$52/$AA$50-(-K57)/$AA$50 -> -80000 | L68: =-$L$13*$AA$52/$AA$50-(-L57)/$AA$50 -> -80000 | M68: =-$L$13*$AA$52/$AA$50-(-M57)/$AA$50 -> -80000 | ... P68: =-$L$13*$AA$52/$AA$50-(-P57)/$AA$50 -> -80000 | Q68: =SUM(F68:P68) -> -1230000
B69: Income Tax | D69: 0.25 | F69: =IF((F60+F64+F68)>0,(F60+F64+F68)*$D$69,0) -> 0 | G69: =IF((G60+G64+G68)>0,(G60+G64+G68)*$D$69,0) -> 0 | H69: =IF((H60+H64+H68)>0,(H60+H64+H68)*$D$69,0) -> 0 | I69: =IF((I60+I64+I68)>0,(I60+I64+I68)*$D$69,0) -> 622736.43 | J69: =IF((J60+J64+J68)>0,(J60+J64+J68)*$D$69,0) -> 639371.37 | K69: =IF((K60+K64+K68)>0,(K60+K64+K68)*$D$69,0) -> 724082.27 | L69: =IF((L60+L64+L68)>0,(L60+L64+L68)*$D$69,0) -> 731523.09 | M69: =IF((M60+M64+M68)>0,(M60+M64+M68)*$D$69,0) -> 739038.33 | ... P69: =IF((P60+P64+P68)>0,(P60+P64+P68)*$D$69,0) -> 762037.95 | Q69: =SUM(G69:P69) -> 5719713.1
B71: Levered cash flow | F71: =F60+F66+F69 -> -9309375 | G71: =G60+G66+G69 -> -561875 | H71: =H60+H66+H69 -> -1216445 | I71: =I60+I66+I69 -> 3193682.2 | J71: =J60+J66+J69 -> -7973143.1 | K71: =K60+K66+K69 -> 3700411.4 | L71: =L60+L66+L69 -> 3737615.5 | M71: =M60+M66+M69 -> 3775191.6 | ... P71: =P60+P66+P69 -> 3890189.7 | Q71: =SUM(G71:P71) -> 16210246
B73: Selling price of the project | G73: =IF(G35=$C$27,(H41/$C$26)+SUM(H42:$P$42),0) -> 0 | H73: =IF(H35=$C$27,(I41/$C$26)+SUM(I42:$P$42),0) -> 0 | I73: =IF(I35=$C$27,(J41/$C$26)+SUM(J42:$P$42),0) -> 46026716 | J73: =IF(J35=$C$27,(K41/$C$26)+SUM(K42:$P$42),0) -> 0 | K73: =IF(K35=$C$27,(L41/$C$26)+SUM(L42:$P$42),0) -> 0 | L73: =IF(L35=$C$27,(M41/$C$26)+SUM(M42:$P$42),0) -> 0 | M73: =IF(M35=$C$27,(N41/$C$26)+SUM(N42:$P$42),0) -> 0 | N73: =IF(N35=$C$27,(O41/$C$26)+SUM(O42:$P$42),0) -> 0 | O73: =IF(O35=$C$27,(P41/$C$26)+SUM(P42:$P$42),0) -> 0 | P73: =IF(P35=$C$27,(Q41/$C$26)+SUM($P42:Q$42),0) -> 0 | Q73: =SUM(G73:P73) -> 46026716
B74: Selling Costs | D74: 0.08 | F74: =-$D$74*F73 -> 0 | G74: =-$D$74*G73 -> 0 | H74: =-$D$74*H73 -> 0 | I74: =-$D$74*I73 -> -3682137.3 | J74: =-$D$74*J73 -> 0 | K74: =-$D$74*K73 -> 0 | L74: =-$D$74*L73 -> 0 | M74: =-$D$74*M73 -> 0 | ... P74: =-$D$74*P73 -> 0
B75: (-)NAV | F75: =L13+L14 -> 22500000 | G75: =F75+F68 -> 22070000 | H75: =G75+H68 -> 21990000 | I75: =H75+I68 -> 21910000 | J75: =I75+J68 -> 21830000 | K75: =J75+K68 -> 21750000 | L75: =K75+L68 -> 21670000 | M75: =L75+M68 -> 21590000 | N75: =M75+N68 -> 21510000 | O75: =N75+O68 -> 21430000 | P75: =O75+P68 -> 21350000
B76: Tax | D76: 0.25 | F76: =IF(F73<>0,-$D$76*(F73+F74-F75),0) -> 0 | G76: =IF(G73<>0,-$D$76*(G73+G74-G75),0) -> 0 | H76: =IF(H73<>0,-$D$76*(H73+H74-H75),0) -> 0 | I76: =IF(I73<>0,-$D$76*(I73+I74-I75),0) -> -5108644.6 | J76: =IF(J73<>0,-$D$76*(J73+J74-J75),0) -> 0 | K76: =IF(K73<>0,-$D$76*(K73+K74-K75),0) -> 0 | L76: =IF(L73<>0,-$D$76*(L73+L74-L75),0) -> 0 | M76: =IF(M73<>0,-$D$76*(M73+M74-M75),0) -> 0 | ... P76: =IF(P73<>0,-$D$76*(P73+P74-P75),0) -> 0
B79: TOTAL Levered post-tax cash flow | E79: =-H13-H14 -> -11400000 | F79: =F73+F71+F76+F74 -> -9309375 | G79: =IF(F73<>0,0,IF(F79=0,0,G71+G73+G76+G74)) -> -561875 | H79: =IF(G73<>0,0,IF(G79=0,0,H71+H73+H76+H74)) -> -1216445 | I79: =IF(H73<>0,0,IF(H79=0,0,I71+I73+I76+I74)) -> 40429616 | J79: =IF(I73<>0,0,IF(I79=0,0,J71+J73+J76+J74)) -> 0 | K79: =IF(J73<>0,0,IF(J79=0,0,K71+K73+K76+K74)) -> 0 | L79: =IF(K73<>0,0,IF(K79=0,0,L71+L73+L76+L74)) -> 0 | M79: =IF(L73<>0,0,IF(L79=0,0,M71+M73+M76+M74)) -> 0 | N79: =IF(M73<>0,0,IF(M79=0,0,N71+N73+N76+N74)) -> 0 | ... P79: =IF(O73<>0,0,IF(O79=0,0,P71+P73+P76+P74)) -> 0 | Q79: =SUM(G79:P79) -> 38651296
B80: Cumulative CF | E80: =E79 -> -11400000 | F80: =F79+E80 -> -20709375 | G80: =G79+F80 -> -21271250 | H80: =H79+G80 -> -22487695 | I80: =I79+H80 -> 17941921 | J80: =J79+I80 -> 17941921 | K80: =K79+J80 -> 17941921 | L80: =L79+K80 -> 17941921 | M80: =M79+L80 -> 17941921 | ... P80: =P79+O80 -> 17941921
B82: Project Return & IRR
B84: Levered IRR | C84: =XIRR(E79:P79,E34:P34) -> 0.1869441
B85: Levered Profit Multiple | C85: =-SUMIF(E79:P79,">0")/SUMIF(E79:P79,"<0") -> 1.7978551

Sheet 2
B1: Capex Starts | C1: =EDATE($F$33,C15) -> 44196
B2: Lease starts | C2: =EDATE(C1,C19+C24) -> 44469 | Z2: Acquisition Debt | AB2: 0 | AC2: 1 | AD2: 2 | AE2: 3 | AF2: 4 | AG2: 5 | AH2: 6 | AI2: 7 | AJ2: 8 | AK2: 9 | AL2: 10 | AM2: 11
B3: rf ends | C3: =EDATE(C2,C25) -> 45015
F4: Investment 2 | Z4: Drawdown | AB4: =H15 -> 5775000
G7: Stabilized Development Yield : | J7: =(K41)/H25 -> 0.11547436
G8: SM price at acquisition | I8: =H25/C11 -> 951.125 | J8: At Exit | K8: =MAX(F73,G73,H73,I73,J73,K73,L73,M73,N73,O73,P73)/$C$11 -> 1627.1193 | Z8: Nominal solde | AC8: =AB4+AB8-AB10 -> 5775000 | AD8: =AC4+AC8-AC10 -> 5746125 | AE8: =AD4+AD8-AD10 -> 5717394.4 | AF8: =AE4+AE8-AE10 -> 5688807.4 | AG8: =AF4+AF8-AF10 -> 5660363.4 | AH8: =AG4+AG8-AG10 -> 0 | AI8: =AH4+AH8-AH10 -> 0 | AJ8: =AI4+AI8-AI10 -> 0 | ... AM8: =AL4+AL8-AL10 -> 0
B9: Deal snapshot | F9: Sources & Uses | O9: Debt Assumptions | Z9: Interest | AC9: =$P$13*AC8 -> 144375 | AD9: =$P$13*AD8 -> 143653.13 | AE9: =$P$13*AE8 -> 142934.86 | AF9: =$P$13*AF8 -> 142220.19 | AG9: =$P$13*AG8 -> 141509.08 | AH9: =$P$13*AH8 -> 0 | AI9: =$P$13*AI8 -> 0 | AJ9: =$P$13*AJ8 -> 0 | ... AM9: =$P$13*AM8 -> 0
B10: Acquisition Date | C10: 44196 | Z10: Nominal Amort | AC10: =IF($P$15>AC2,AC8*$P$14,IF($P$15=AC2,AC8,0)) -> 28875 | AD10: =IF($P$15>AD2,AD8*$P$14,IF($P$15=AD2,AD8,0)) -> 28730.625 | AE10: =IF($P$15>AE2,AE8*$P$14,IF($P$15=AE2,AE8,0)) -> 28586.972 | AF10: =IF($P$15>AF2,AF8*$P$14,IF($P$15=AF2,AF8,0)) -> 28444.037 | AG10: =IF($P$15>AG2,AG8*$P$14,IF($P$15=AG2,AG8,0)) -> 5660363.4 | AH10: =IF($P$15>AH2,AH8*$P$14,IF($P$15=AH2,AH8,0)) -> 0 | AI10: =IF($P$15>AI2,AI8*$P$14,IF($P$15=AI2,AI8,0)) -> 0 | AJ10: =IF($P$15>AJ2,AJ8*$P$14,IF($P$15=AJ2,AJ8,0)) -> 0 | ... AM10: =IF($P$15>AM2,AM8*$P$14,IF($P$15=AM2,AM8,0)) -> 0
B11: Size | C11: =12000*1.5 -> 18000 | Z11: TOTAL PAYMENT | AC11: =AC10+AC9 -> 173250 | AD11: =AD10+AD9 -> 172383.75 | AE11: =AE10+AE9 -> 171521.83 | AF11: =AF10+AF9 -> 170664.22 | AG11: =AG10+AG9 -> 5801872.5 | AH11: =AH10+AH9 -> 0 | AI11: =AI10+AI9 -> 0 | AJ11: =AJ10+AJ9 -> 0 | ... AM11: =AM10+AM9 -> 0
B12: Occupancy at acquisition | C12: 0 | F12: Sources | J12: Uses | O12: Acquisition Debt
B13: rent at acquisition | C13: =C14*C12*C11 -> 0 | F13: Equity - LP | G13: =a!O8 -> 0.95 | H13: =($L$25-$H$15-H16)*G13 -> 7486237.5 | J13: Purchase Price | L13: =7000000*1.5 -> 10500000 | M13: =L13/C11 -> 583.33333 | O13: Margin | P13: 0.025
B14: Rent per sm | C14: 0 | F14: Equity - AAM | G14: =a!O9 -> 0.05 | H14: =($L$25-$H$15-H16)*G14 -> 394012.5 | J14: Capex | L14: =C18*C11 -> 6300000 | O14: Amortization | P14: 0.005
B15: WALT | C15: 0 | F15: Acquisition Debt | G15: 0.55 | H15: =G15*L13 -> 5775000 | J15: Closing Costs | K15: 0.025 | L15: =L13*K15 -> 262500 | O15: Terms | P15: 5
B16: Charges per sm | C16: 75 | F16: Capex Debt | G16: =C20 -> 0.55 | H16: =L14*G16 -> 3465000 | J16: Debt Fees | K16: 0.01 | L16: =K16*H15 -> 57750
B17: Charges indexation | C17: 0.01 | J17: Acquisition Fee | L17: =a!E14 -> 0 | O17: Capex Debt
B18: Capex per sm | C18: 350 | O18: Margin | P18: 0.025 | Z18: CAPEX Debt
B19: Capex period | C19: 6 | O19: Amortization | P19: 0
B20: Capex Debt | C20: 0.55 | O20: Terms | P20: 5 | Z20: Drawdown | AB20: =H16 -> 3465000
B21: Stabilized occupancy rate | C21: 0.95 | Z21: Nominal solde | AC21: =AB20+AB21-AB23 -> 3465000 | AD21: =AC20+AC21-AC23 -> 3465000 | AE21: =AD20+AD21-AD23 -> 3465000 | AF21: =AE20+AE21-AE23 -> 3465000 | AG21: =AF20+AF21-AF23 -> 3465000 | AH21: =AG20+AG21-AG23 -> 0 | AI21: =AH20+AH21-AH23 -> 0 | AJ21: =AI20+AI21-AI23 -> 0 | ... AM21: =AL20+AL21-AL23 -> 0
B22: Rental Index | C22: 0.01 | Z22: Interest | AC22: =$P$18*AC21 -> 86625 | AD22: =$P$18*AD21 -> 86625 | AE22: =$P$18*AE21 -> 86625 | AF22: =$P$18*AF21 -> 86625 | AG22: =$P$18*AG21 -> 86625 | AH22: =$P$18*AH21 -> 0 | AI22: =$P$18*AI21 -> 0 | AJ22: =$P$18*AJ21 -> 0 | ... AM22: =$P$18*AM21 -> 0
B23: New proposed Rent per sm | C23: 110 | Z23: Nominal Amort | AC23: =IF($P$20>AC2,AC21*$P$19,IF($P$20=AC2,AC21,0)) -> 0 | AD23: =IF($P$20>AD2,AD21*$P$19,IF($P$20=AD2,AD21,0)) -> 0 | AE23: =IF($P$20>AE2,AE21*$P$19,IF($P$20=AE2,AE21,0)) -> 0 | AF23: =IF($P$20>AF2,AF21*$P$19,IF($P$20=AF2,AF21,0)) -> 0 | AG23: =IF($P$20>AG2,AG21*$P$19,IF($P$20=AG2,AG21,0)) -> 3465000 | AH23: =IF($P$20>AH2,AH21*$P$19,IF($P$20=AH2,AH21,0)) -> 0 | AI23: =IF($P$20>AI2,AI21*$P$19,IF($P$20=AI2,AI21,0)) -> 0 | AJ23: =IF($P$20>AJ2,AJ21*$P$19,IF($P$20=AJ2,AJ21,0)) -> 0 | ... AM23: =IF($P$20>AM2,AM21*$P$19,IF($P$20=AM2,AM21,0)) -> 0
B24: Vacancy period after capex | C24: 3 | Z24: TOTAL PAYMENT | AC24: =AC23+AC22 -> 86625 | AD24: =AD23+AD22 -> 86625 | AE24: =AE23+AE22 -> 86625 | AF24: =AF23+AF22 -> 86625 | AG24: =AG23+AG22 -> 3551625 | AH24: =AH23+AH22 -> 0 | AI24: =AI23+AI22 -> 0 | AJ24: =AJ23+AJ22 -> 0 | ... AM24: =AM23+AM22 -> 0
B25: Rent Free period | C25: 18 | F25: Total Sources | H25: =SUM(H13:H18) -> 17120250 | J25: Total Uses | L25: =SUM(L13:L18) -> 17120250
B26: Exit Yield | C26: 0.0675
B27: Exit Year (Deal) | C27: 5
B28: Exit Year (JV) | C28: =IF(C27=E35,F36,IF(C27=F35,G36,IF(C27=G35,H36,IF(C27=H35,I36,IF(C27=I35,J36,IF(J35=C27,K36,IF(C27=K35,L36,IF(C27=L35,M36,IF(M35=C27,N36,IF(C27=N35,O36,IF(C27=O35,P36,0))))))))))) -> 6
B29: rent at Exit | C29: =IF(C27=F35,F41,IF(C27=G35,G41,IF(C27=H35,H41,IF(C27=I35,I41,IF(C27=J35,J41,IF(K35=C27,K41,IF(C27=L35,L41,IF(C27=M35,M41,IF(N35=C27,N41,IF(C27=O35,O41,IF(C27=P35,P41,0))))))))))) -> 1957376.1
Z30: TOTAL interest | AC30: =AC9+AC22 -> 231000 | AD30: =AD9+AD22 -> 230278.13 | AE30: =AE9+AE22 -> 229559.86 | AF30: =AF9+AF22 -> 228845.19 | AG30: =AG9+AG22 -> 228134.08 | AH30: =AH9+AH22 -> 0 | AI30: =AI9+AI22 -> 0 | AJ30: =AJ9+AJ22 -> 0 | ... AM30: =AM9+AM22 -> 0
Z31: TOTAL Amort | AC31: =AC10+AC23 -> 28875 | AD31: =AD10+AD23 -> 28730.625 | AE31: =AE10+AE23 -> 28586.972 | AF31: =AF10+AF23 -> 28444.037 | AG31: =AG10+AG23 -> 9125363.4 | AH31: =AH10+AH23 -> 0 | AI31: =AI10+AI23 -> 0 | AJ31: =AJ10+AJ23 -> 0 | ... AM31: =AM10+AM23 -> 0
Z32: TOTAL PAYMENT | AC32: =AC30+AC31 -> 259875 | AD32: =AD30+AD31 -> 259008.75 | AE32: =AE30+AE31 -> 258146.83 | AF32: =AF30+AF31 -> 257289.22 | AG32: =AG30+AG31 -> 9353497.5 | AH32: =AH30+AH31 -> 0 | AI32: =AI30+AI31 -> 0 | AJ32: =AJ30+AJ31 -> 0 | ... AM32: =AM30+AM31 -> 0
B33: Date | E33: Acquisition | F33: =C10 -> 44196 | G33: =EDATE(F33,12) -> 44561 | H33: =EDATE(G33,12) -> 44926 | I33: =EDATE(H33,12) -> 45291 | J33: =EDATE(I33,12) -> 45657 | K33: =EDATE(J33,12) -> 46022 | L33: =EDATE(K33,12) -> 46387 | M33: =EDATE(L33,12) -> 46752 | N33: =EDATE(M33,12) -> 47118 | ... P33: =EDATE(O33,12) -> 47848 | Q33: Total
E34: =F33 -> 44196 | F34: =EDATE(F33,12)-1 -> 44560 | G34: =EDATE(G33,12)-1 -> 44925 | H34: =EDATE(H33,12)-1 -> 45290 | I34: =EDATE(I33,12)-1 -> 45656 | J34: =EDATE(J33,12)-1 -> 46021 | K34: =EDATE(K33,12)-1 -> 46386 | L34: =EDATE(L33,12)-1 -> 46751 | M34: =EDATE(M33,12)-1 -> 47117 | ... P34: =EDATE(P33,12)-1 -> 48212
B35: Year (deal) | E35: 0 | F35: 1 | G35: 2 | H35: 3 | I35: 4 | J35: 5 | K35: 6 | L35: 7 | M35: 8 | N35: 9 | O35: 10 | P35: 11
B36: Year (JV) | E36: 1 | F36: 1 | G36: 2 | H36: 3 | I36: 4 | J36: 5 | K36: 6 | L36: 7 | M36: 8 | N36: 9 | O36: 10 | P36: 11
B37: occupancy | F37: =IF(F38<>0,$C$12*(F38/$C$13),IF(F39<>0,F39/(($C$23*(((1+$C$22)^E35)))*$C$11),0)) -> 0.23684932 | G37: =IF(G38<>0,$C$12*(G38/$C$13),IF(G39<>0,G39/(($C$23*(((1+$C$22)^F35)))*$C$11),0)) -> 0.95 | H37: =IF(H38<>0,$C$12*(H38/$C$13),IF(H39<>0,H39/(($C$23*(((1+$C$22)^G35)))*$C$11),0)) -> 0.95 | I37: =IF(I38<>0,$C$12*(I38/$C$13),IF(I39<>0,I39/(($C$23*(((1+$C$22)^H35)))*$C$11),0)) -> 0.95 | J37: =IF(J38<>0,$C$12*(J38/$C$13),IF(J39<>0,J39/(($C$23*(((1+$C$22)^I35)))*$C$11),0)) -> 0.95 | K37: =IF(K38<>0,$C$12*(K38/$C$13),IF(K39<>0,K39/(($C$23*(((1+$C$22)^J35)))*$C$11),0)) -> 0.95 | L37: =IF(L38<>0,$C$12*(L38/$C$13),IF(L39<>0,L39/(($C$23*(((1+$C$22)^K35)))*$C$11),0)) -> 0.95 | M37: =IF(M38<>0,$C$12*(M38/$C$13),IF(M39<>0,M39/(($C$23*(((1+$C$22)^L35)))*$C$11),0)) -> 0.95 | ... P37: =IF(P38<>0,$C$12*(P38/$C$13),IF(P39<>0,P39/(($C$23*(((1+$C$22)^O35)))*$C$11),0)) -> 0.95
C38: before capex | F38: =IF($C$1>F$34,$C$11*$C$12*($C$14*(((1+$C$22)^E35))),IF(AND(F$33<=$C$1,$C$1<=F$34),($C$11*$C$12*($C$14*(((1+$C$22)^E35))))*($C$1-F33)/365,0)) -> 0 | G38: =IF($C$1>G$34,$C$11*$C$12*($C$14*(((1+$C$22)^F35))),IF(AND(G$33<=$C$1,$C$1<=G$34),($C$11*$C$12*($C$14*(((1+$C$22)^F35))))*($C$1-G33)/365,0)) -> 0 | H38: =IF($C$1>H$34,$C$11*$C$12*($C$14*(((1+$C$22)^G35))),IF(AND(H$33<=$C$1,$C$1<=H$34),($C$11*$C$12*($C$14*(((1+$C$22)^G35))))*($C$1-H33)/365,0)) -> 0 | I38: =IF($C$1>I$34,$C$11*$C$12*($C$14*(((1+$C$22)^H35))),IF(AND(I$33<=$C$1,$C$1<=I$34),($C$11*$C$12*($C$14*(((1+$C$22)^H35))))*($C$1-I33)/365,0)) -> 0 | J38: =IF($C$1>J$34,$C$11*$C$12*($C$14*(((1+$C$22)^I35))),IF(AND(J$33<=$C$1,$C$1<=J$34),($C$11*$C$12*($C$14*(((1+$C$22)^I35))))*($C$1-J33)/365,0)) -> 0 | K38: =IF($C$1>K$34,$C$11*$C$12*($C$14*(((1+$C$22)^J35))),IF(AND(K$33<=$C$1,$C$1<=K$34),($C$11*$C$12*($C$14*(((1+$C$22)^J35))))*($C$1-K33)/365,0)) -> 0 | L38: =IF($C$1>L$34,$C$11*$C$12*($C$14*(((1+$C$22)^K35))),IF(AND(L$33<=$C$1,$C$1<=L$34),($C$11*$C$12*($C$14*(((1+$C$22)^K35))))*($C$1-L33)/365,0)) -> 0 | M38: =IF($C$1>M$34,$C$11*$C$12*($C$14*(((1+$C$22)^L35))),IF(AND(M$33<=$C$1,$C$1<=M$34),($C$11*$C$12*($C$14*(((1+$C$22)^L35))))*($C$1-M33)/365,0)) -> 0 | ... P38: =IF($C$1>P$34,$C$11*$C$12*($C$14*(((1+$C$22)^O35))),IF(AND(P$33<=$C$1,$C$1<=P$34),($C$11*$C$12*($C$14*(((1+$C$22)^O35))))*($C$1-P33)/365,0)) -> 0
C39: after capex | F39: =IF($C$2<F$33,($C$23*(((1+$C$22)^E35)))*$C$11*$C$21,IF(AND(F$33<=$C$2,$C$2<=F$34),(($C$23*(((1+$C$22)^E35)))*$C$11*$C$21)*((F$34-$C$2)/365),0)) -> 468961.64 | G39: =IF($C$2<G$33,($C$23*(((1+$C$22)^F35)))*$C$11*$C$21,IF(AND(G$33<=$C$2,$C$2<=G$34),(($C$23*(((1+$C$22)^F35)))*$C$11*$C$21)*((G$34-$C$2)/365),0)) -> 1899810 | H39: =IF($C$2<H$33,($C$23*(((1+$C$22)^G35)))*$C$11*$C$21,IF(AND(H$33<=$C$2,$C$2<=H$34),(($C$23*(((1+$C$22)^G35)))*$C$11*$C$21)*((H$34-$C$2)/365),0)) -> 1918808.1 | I39: =IF($C$2<I$33,($C$23*(((1+$C$22)^H35)))*$C$11*$C$21,IF(AND(I$33<=$C$2,$C$2<=I$34),(($C$23*(((1+$C$22)^H35)))*$C$11*$C$21)*((I$34-$C$2)/365),0)) -> 1937996.2 | J39: =IF($C$2<J$33,($C$23*(((1+$C$22)^I35)))*$C$11*$C$21,IF(AND(J$33<=$C$2,$C$2<=J$34),(($C$23*(((1+$C$22)^I35)))*$C$11*$C$21)*((J$34-$C$2)/365),0)) -> 1957376.1 | K39: =IF($C$2<K$33,($C$23*(((1+$C$22)^J35)))*$C$11*$C$21,IF(AND(K$33<=$C$2,$C$2<=K$34),(($C$23*(((1+$C$22)^J35)))*$C$11*$C$21)*((K$34-$C$2)/365),0)) -> 1976949.9 | L39: =IF($C$2<L$33,($C$23*(((1+$C$22)^K35)))*$C$11*$C$21,IF(AND(L$33<=$C$2,$C$2<=L$34),(($C$23*(((1+$C$22)^K35)))*$C$11*$C$21)*((L$34-$C$2)/365),0)) -> 1996719.4 | M39: =IF($C$2<M$33,($C$23*(((1+$C$22)^L35)))*$C$11*$C$21,IF(AND(M$33<=$C$2,$C$2<=M$34),(($C$23*(((1+$C$22)^L35)))*$C$11*$C$21)*((M$34-$C$2)/365),0)) -> 2016686.6 | ... P39: =IF($C$2<P$33,($C$23*(((1+$C$22)^O35)))*$C$11*$C$21,IF(AND(P$33<=$C$2,$C$2<=P$34),(($C$23*(((1+$C$22)^O35)))*$C$11*$C$21)*((P$34-$C$2)/365),0)) -> 2077794.2
B41: GROSS Rental income | F41: =SUM(F38:F39) -> 468961.64 | G41: =SUM(G38:G39) -> 1899810 | H41: =SUM(H38:H39) -> 1918808.1 | I41: =SUM(I38:I39) -> 1937996.2 | J41: =SUM(J38:J39) -> 1957376.1 | K41: =SUM(K38:K39) -> 1976949.9 | L41: =SUM(L38:L39) -> 1996719.4 | M41: =SUM(M38:M39) -> 2016686.6 | ... P41: =SUM(P38:P39) -> 2077794.2 | Q41: =SUM(G41:P41) -> 19876216
B42: Total RF | F42: =IF(AND(F33<=$C$2,$C$2<=F34),-F41*$C$25/12,0) -> -703442.47 | G42: =IF(AND(G33<=$C$2,$C$2<=G34),-H41*$C$25/12,0) -> 0 | H42: =IF(AND(H33<=$C$2,$C$2<=H34),-I41*$C$25/12,0) -> 0 | I42: =IF(AND(I33<=$C$2,$C$2<=I34),-J41*$C$25/12,0) -> 0 | J42: =IF(AND(J33<=$C$2,$C$2<=J34),-K41*$C$25/12,0) -> 0 | K42: =IF(AND(K33<=$C$2,$C$2<=K34),-L41*$C$25/12,0) -> 0 | L42: =IF(AND(L33<=$C$2,$C$2<=L34),-M41*$C$25/12,0) -> 0 | M42: =IF(AND(M33<=$C$2,$C$2<=M34),-N41*$C$25/12,0) -> 0 | N42: =IF(AND(N33<=$C$2,$C$2<=N34),-O41*$C$25/12,0) -> 0 | ... P42: =IF(AND(P33<=$C$2,$C$2<=P34),-Q41*$C$25/12,0) -> 0
C43: dist1 | F43: =IF(-F42<=F41,F42,IF(-F42>F41,-F41,0)) -> -468961.64 | G43: =IF(-G42<=G41,G42,IF(-G42>G41,-G41,0)) -> 0 | H43: =IF(-H42<=H41,H42,IF(-H42>H41,-H41,0)) -> 0 | I43: =IF(-I42<=I41,I42,IF(-I42>I41,-I41,0)) -> 0 | J43: =IF(-J42<=J41,J42,IF(-J42>J41,-J41,0)) -> 0 | K43: =IF(-K42<=K41,K42,IF(-K42>K41,-K41,0)) -> 0 | L43: =IF(-L42<=L41,L42,IF(-L42>L41,-L41,0)) -> 0 | M43: =IF(-M42<=M41,M42,IF(-M42>M41,-M41,0)) -> 0 | ... P43: =IF(-P42<=P41,P42,IF(-P42>P41,-P41,0)) -> 0
C44: dist2 | F44: =IF((-E42+E43)<F41,E42-E43,IF((-E42+E43)>=F41,-F41)) -> 0 | G44: =IF((-F42+F43)<G41,F42-F43,IF((-F42+F43)>=G41,-G41)) -> -234480.82 | H44: =IF((-G42+G43)<H41,G42-G43,IF((-G42+G43)>=H41,-H41)) -> 0 | I44: =IF((-H42+H43)<I41,H42-H43,IF((-H42+H43)>=I41,-I41)) -> 0 | J44: =IF((-I42+I43)<J41,I42-I43,IF((-I42+I43)>=J41,-J41)) -> 0 | K44: =IF((-J42+J43)<K41,J42-J43,IF((-J42+J43)>=K41,-K41)) -> 0 | L44: =IF((-K42+K43)<L41,K42-K43,IF((-K42+K43)>=L41,-L41)) -> 0 | M44: =IF((-L42+L43)<M41,L42-L43,IF((-L42+L43)>=M41,-M41)) -> 0 | ... P44: =IF((-O42+O43)<P41,O42-O43,IF((-O42+O43)>=P41,-P41)) -> 0
C45: dist3 | F45: =-(-D42+D43+E44) -> 0 | G45: =-(-E42+E43+F44) -> 0 | H45: =-(-F42+F43+G44) -> 0 | I45: =-(-G42+G43+H44) -> 0 | J45: =-(-H42+H43+I44) -> 0 | K45: =-(-I42+I43+J44) -> 0 | L45: =-(-J42+J43+K44) -> 0 | M45: =-(-K42+K43+L44) -> 0 | ... P45: =-(-N42+N43+O44) -> 0
B46: Rent Free | F46: =SUM(F43+F44+F45) -> -468961.64 | G46: =SUM(G43+G44+G45) -> -234480.82 | H46: =SUM(H43+H44+H45) -> 0 | I46: =SUM(I43+I44+I45) -> 0 | J46: =SUM(J43+J44+J45) -> 0 | K46: =SUM(K43+K44+K45) -> 0 | L46: =SUM(L43+L44+L45) -> 0 | M46: =SUM(M43+M44+M45) -> 0 | ... P46: =SUM(P43+P44+P45) -> 0
B47: Non reimbursable operating expenses | F47: =-(1-F37)*($C$16*(((1+$C$22)^E35)))*$C$11 -> -1030253.4 | G47: =-(1-G37)*($C$16*(((1+$C$22)^F35)))*$C$11 -> -68175 | H47: =-(1-H37)*($C$16*(((1+$C$22)^G35)))*$C$11 -> -68856.75 | I47: =-(1-I37)*($C$16*(((1+$C$22)^H35)))*$C$11 -> -69545.318 | J47: =-(1-J37)*($C$16*(((1+$C$22)^I35)))*$C$11 -> -70240.771 | K47: =-(1-K37)*($C$16*(((1+$C$22)^J35)))*$C$11 -> -70943.178 | L47: =-(1-L37)*($C$16*(((1+$C$22)^K35)))*$C$11 -> -71652.61 | M47: =-(1-M37)*($C$16*(((1+$C$22)^L35)))*$C$11 -> -72369.136 | ... P47: =-(1-P37)*($C$16*(((1+$C$22)^O35)))*$C$11 -> -74561.993 | Q47: =SUM(G47:P47) -> -713261.34
B49: Net Leasing Income | F49: =F41+F46+F47 -> -1030253.4 | G49: =G41+G46+G47 -> 1597154.2 | H49: =H41+H46+H47 -> 1849951.3 | I49: =I41+I46+I47 -> 1868450.9 | J49: =J41+J46+J47 -> 1887135.4 | K49: =K41+K46+K47 -> 1906006.7 | L49: =L41+L46+L47 -> 1925066.8 | M49: =M41+M46+M47 -> 1944317.5 | ... P49: =P41+P46+P47 -> 2003232.2 | Q49: =SUM(G49:P49) -> 18928474 | Z49: Asset D&A
Z50: Years | AA50: 50
B51: Leasing commissions | D51: 0.3 | F51: =-IF(AND(F33<=$C$2,$C$2<=F34),$C$23*$C$21*$C$11*$D$51,0) -> -564300 | G51: =-IF(AND(G33<$C$2,$C$2<G34),$C$23*$C$21*$C$11*$D$51,0) -> 0 | H51: =-IF(AND(H33<$C$2,$C$2<H34),$C$23*$C$21*$C$11*$D$51,0) -> 0 | I51: =-IF(AND(I33<$C$2,$C$2<I34),$C$23*$C$21*$C$11*$D$51,0) -> 0 | J51: =-IF(AND(J33<$C$2,$C$2<J34),$C$23*$C$21*$C$11*$D$51,0) -> 0 | K51: =-IF(AND(K33<$C$2,$C$2<K34),$C$23*$C$21*$C$11*$D$51,0) -> 0 | L51: =-IF(AND(L33<$C$2,$C$2<L34),$C$23*$C$21*$C$11*$D$51,0) -> 0 | M51: =-IF(AND(M33<$C$2,$C$2<M34),$C$23*$C$21*$C$11*$D$51,0) -> 0 | N51: =-IF(AND(N33<$C$2,$C$2<N34),$C$23*$C$21*$C$11*$D$51,0) -> 0 | ... P51: =-IF(AND(P33<$C$2,$C$2<P34),$C$23*$C$21*$C$11*$D$51,0) -> 0 | Q51: =SUM(G51:P51) -> 0 | Z51: Land | AA51: =1-AA52 -> 0.2
Z52: Building | AA52: 0.8
B53: Administrative fees | D53: 0.015 | F53: =-$D$53*F41 -> -7034.4247 | G53: =-$D$53*G41 -> -28497.15 | H53: =-$D$53*H41 -> -28782.121 | I53: =-$D$53*I41 -> -29069.943 | J53: =-$D$53*J41 -> -29360.642 | K53: =-$D$53*K41 -> -29654.249 | L53: =-$D$53*L41 -> -29950.791 | M53: =-$D$53*M41 -> -30250.299 | ... P53: =-$D$53*P41 -> -31166.913 | Q53: =SUM(G53:P53) -> -298143.24
B55: NOI | F55: =SUM(F49:F53) -> -1601587.8 | G55: =SUM(G49:G53) -> 1568657 | H55: =SUM(H49:H53) -> 1821169.2 | I55: =SUM(I49:I53) -> 1839380.9 | J55: =SUM(J49:J53) -> 1857774.7 | K55: =SUM(K49:K53) -> 1876352.5 | L55: =SUM(L49:L53) -> 1895116 | M55: =SUM(M49:M53) -> 1914067.2 | ... P55: =SUM(P49:P53) -> 1972065.3 | Q55: =SUM(G55:P55) -> 18630331
B57: Capex | F57: =IF(AND(F33<=$C$1,$C$1<=F34),-$L$14,0) -> -6300000 | G57: =IF(AND(G33<=$C$1,$C$1<=G34),-$L$14,0) -> 0 | H57: =IF(AND(H33<=$C$1,$C$1<=H34),-$L$14,0) -> 0 | I57: =IF(AND(I33<=$C$1,$C$1<=I34),-$L$14,0) -> 0 | J57: =IF(AND(J33<=$C$1,$C$1<=J34),-$L$14,0) -> 0 | K57: =IF(AND(K33<=$C$1,$C$1<=K34),-$L$14,0) -> 0 | L57: =IF(AND(L33<=$C$1,$C$1<=L34),-$L$14,0) -> 0 | M57: =IF(AND(M33<=$C$1,$C$1<=M34),-$L$14,0) -> 0 | ... P57: =IF(AND(P33<=$C$1,$C$1<=P34),-$L$14,0) -> 0 | Q57: =SUM(G57:P57) -> 0
B58: Capex Loan | F58: =IF(F57<>0,$H$16,0) -> 3465000 | G58: =IF(G57<>0,$H$16,0) -> 0 | H58: =IF(H57<>0,$H$16,0) -> 0 | I58: =IF(I57<>0,$H$16,0) -> 0 | J58: =IF(J57<>0,$H$16,0) -> 0 | K58: =IF(K57<>0,$H$16,0) -> 0 | L58: =IF(L57<>0,$H$16,0) -> 0 | M58: =IF(M57<>0,$H$16,0) -> 0 | ... P58: =IF(P57<>0,$H$16,0) -> 0 | Q58: =SUM(G58:P58) -> 0
B60: Operating Free Cash Flow | F60: =SUM(F55:F58) -> -4436587.8 | G60: =SUM(G55:G58) -> 1568657 | H60: =SUM(H55:H58) -> 1821169.2 | I60: =SUM(I55:I58) -> 1839380.9 | J60: =SUM(J55:J58) -> 1857774.7 | K60: =SUM(K55:K58) -> 1876352.5 | L60: =SUM(L55:L58) -> 1895116 | M60: =SUM(M55:M58) -> 1914067.2 | ... P60: =SUM(P55:P58) -> 1972065.3 | Q60: =SUM(G60:P60) -> 18630331
B62: Drawdown | F62: =AB20+AB4 -> 9240000
B63: Amortisation | F63: =-AC31 -> -28875 | G63: =-AD31 -> -28730.625 | H63: =-AE31 -> -28586.972 | I63: =-AF31 -> -28444.037 | J63: =-AG31 -> -9125363.4 | K63: =-AH31 -> 0 | L63: =-AI31 -> 0 | M63: =-AJ31 -> 0 | ... P63: =-AM31 -> 0 | Q63: =SUM(F63:P63) -> -9240000
B64: Interest | F64: =-AC30 -> -231000 | G64: =-AD30 -> -230278.13 | H64: =-AE30 -> -229559.86 | I64: =-AF30 -> -228845.19 | J64: =-AG30 -> -228134.08 | K64: =-AH30 -> 0 | L64: =-AI30 -> 0 | M64: =-AJ30 -> 0 | ... P64: =-AM30 -> 0 | Q64: =SUM(F64:P64) -> -1147817.3
Q65: =SUM(G65:P65) -> 0
B66: Financing cash flows | F66: =SUM(F63:F64) -> -259875 | G66: =SUM(G63:G64) -> -259008.75 | H66: =SUM(H63:H64) -> -258146.83 | I66: =SUM(I63:I64) -> -257289.22 | J66: =SUM(J63:J64) -> -9353497.5 | K66: =SUM(K63:K64) -> 0 | L66: =SUM(L63:L64) -> 0 | M66: =SUM(M63:M64) -> 0 | ... P66: =SUM(P63:P64) -> 0 | Q66: =SUM(G66:P66) -> -10127942
B68: D&A | F68: =-$L$13*$AA$52/$AA$50-(-F57)/$AA$50 -> -294000 | G68: =-$L$13*$AA$52/$AA$50-(-G57)/$AA$50 -> -168000 | H68: =-$L$13*$AA$52/$AA$50-(-H57)/$AA$50 -> -168000 | I68: =-$L$13*$AA$52/$AA$50-(-I57)/$AA$50 -> -168000 | J68: =-$L$13*$AA$52/$AA$50-(-J57)/$AA$50 -> -168000 | K68: =-$L$13*$AA$52/$AA$50-(-K57)/$AA$50 -> -168000 | L68: =-$L$13*$AA$52/$AA$50-(-L57)/$AA$50 -> -168000 | M68: =-$L$13*$AA$52/$AA$50-(-M57)/$AA$50 -> -168000 | ... P68: =-$L$13*$AA$52/$AA$50-(-P57)/$AA$50 -> -168000 | Q68: =SUM(F68:P68) -> -1974000
B69: Income Tax | D69: 0.25 | F69: =IF((F60+F64+F68)>0,(F60+F64+F68)*$D$69,0) -> 0 | G69: =IF((G60+G64+G68)>0,(G60+G64+G68)*$D$69,0) -> 292594.73 | H69: =IF((H60+H64+H68)>0,(H60+H64+H68)*$D$69,0) -> 355902.34 | I69: =IF((I60+I64+I68)>0,(I60+I64+I68)*$D$69,0) -> 360633.93 | J69: =IF((J60+J64+J68)>0,(J60+J64+J68)*$D$69,0) -> 365410.16 | K69: =IF((K60+K64+K68)>0,(K60+K64+K68)*$D$69,0) -> 427088.12 | L69: =IF((L60+L64+L68)>0,(L60+L64+L68)*$D$69,0) -> 431779 | M69: =IF((M60+M64+M68)>0,(M60+M64+M68)*$D$69,0) -> 436516.79 | ... P69: =IF((P60+P64+P68)>0,(P60+P64+P68)*$D$69,0) -> 451016.33 | Q69: =SUM(G69:P69) -> 4008378.3
B71: Levered cash flow | F71: =F60+F66+F69 -> -4696462.8 | G71: =G60+G66+G69 -> 1602243 | H71: =H60+H66+H69 -> 1918924.7 | I71: =I60+I66+I69 -> 1942725.6 | J71: =J60+J66+J69 -> -7130312.6 | K71: =K60+K66+K69 -> 2303440.6 | L71: =L60+L66+L69 -> 2326895 | M71: =M60+M66+M69 -> 2350584 | ... P71: =P60+P66+P69 -> 2423081.6 | Q71: =SUM(G71:P71) -> 12510767
B73: Selling price of the project | G73: =IF(G35=$C$27,(H41/$C$26)+SUM(H42:$P$42),0) -> 0 | H73: =IF(H35=$C$27,(I41/$C$26)+SUM(I42:$P$42),0) -> 0 | I73: =IF(I35=$C$27,(J41/$C$26)+SUM(J42:$P$42),0) -> 0 | J73: =IF(J35=$C$27,(K41/$C$26)+SUM(K42:$P$42),0) -> 29288147 | K73: =IF(K35=$C$27,(L41/$C$26)+SUM(L42:$P$42),0) -> 0 | L73: =IF(L35=$C$27,(M41/$C$26)+SUM(M42:$P$42),0) -> 0 | M73: =IF(M35=$C$27,(N41/$C$26)+SUM(N42:$P$42),0) -> 0 | N73: =IF(N35=$C$27,(O41/$C$26)+SUM(O42:$P$42),0) -> 0 | O73: =IF(O35=$C$27,(P41/$C$26)+SUM(P42:$P$42),0) -> 0 | P73: =IF(P35=$C$27,(Q41/$C$26)+SUM($P42:Q$42),0) -> 0 | Q73: =SUM(G73:P73) -> 29288147
B74: Selling Costs | D74: 0.005 | F74: =-$D$74*F73 -> 0 | G74: =-$D$74*G73 -> 0 | H74: =-$D$74*H73 -> 0 | I74: =-$D$74*I73 -> 0 | J74: =-$D$74*J73 -> -146440.73 | K74: =-$D$74*K73 -> 0 | L74: =-$D$74*L73 -> 0 | M74: =-$D$74*M73 -> 0 | ... P74: =-$D$74*P73 -> 0
B75: (-)NAV | F75: =L13+L14 -> 16800000 | G75: =F75+F68 -> 16506000 | H75: =G75+H68 -> 16338000 | I75: =H75+I68 -> 16170000 | J75: =I75+J68 -> 16002000 | K75: =J75+K68 -> 15834000 | L75: =K75+L68 -> 15666000 | M75: =L75+M68 -> 15498000 | N75: =M75+N68 -> 15330000 | O75: =N75+O68 -> 15162000 | P75: =O75+P68 -> 14994000
B76: Tax | D76: 0.25 | F76: =IF(F73<>0,-$D$76*(F73+F74-F75),0) -> 0 | G76: =IF(G73<>0,-$D$76*(G73+G74-G75),0) -> 0 | H76: =IF(H73<>0,-$D$76*(H73+H74-H75),0) -> 0 | I76: =IF(I73<>0,-$D$76*(I73+I74-I75),0) -> 0 | J76: =IF(J73<>0,-$D$76*(J73+J74-J75),0) -> -3284926.5 | K76: =IF(K73<>0,-$D$76*(K73+K74-K75),0) -> 0 | L76: =IF(L73<>0,-$D$76*(L73+L74-L75),0) -> 0 | M76: =IF(M73<>0,-$D$76*(M73+M74-M75),0) -> 0 | ... P76: =IF(P73<>0,-$D$76*(P73+P74-P75),0) -> 0
B79: TOTAL Levered post-tax cash flow | E79: =-H13-H14 -> -7880250 | F79: =F73+F71+F76+F74 -> -4696462.8 | G79: =IF(F73<>0,0,IF(F79=0,0,G71+G73+G76+G74)) -> 1602243 | H79: =IF(G73<>0,0,IF(G79=0,0,H71+H73+H76+H74)) -> 1918924.7 | I79: =IF(H73<>0,0,IF(H79=0,0,I71+I73+I76+I74)) -> 1942725.6 | J79: =IF(I73<>0,0,IF(I79=0,0,J71+J73+J76+J74)) -> 18726467 | K79: =IF(J73<>0,0,IF(J79=0,0,K71+K73+K76+K74)) -> 0 | L79: =IF(K73<>0,0,IF(K79=0,0,L71+L73+L76+L74)) -> 0 | M79: =IF(L73<>0,0,IF(L79=0,0,M71+M73+M76+M74)) -> 0 | N79: =IF(M73<>0,0,IF(M79=0,0,N71+N73+N76+N74)) -> 0 | ... P79: =IF(O73<>0,0,IF(O79=0,0,P71+P73+P76+P74)) -> 0 | Q79: =SUM(G79:P79) -> 24190360
B80: Cumulative CF | E80: =E79 -> -7880250 | F80: =F79+E80 -> -12576713 | G80: =G79+F80 -> -10974470 | H80: =H79+G80 -> -9055545.1 | I80: =I79+H80 -> -7112819.5 | J80: =J79+I80 -> 11613647 | K80: =K79+J80 -> 11613647 | L80: =L79+K80 -> 11613647 | M80: =M79+L80 -> 11613647 | ... P80: =P79+O80 -> 11613647
B82: Project Return & IRR
B84: Levered IRR | C84: =XIRR(E79:P79,E34:P34) -> 0.17124245
B85: Levered Profit Multiple | C85: =-SUMIF(E79:P79,">0")/SUMIF(E79:P79,"<0") -> 1.9234247

Sheet 3
B1: Capex Starts | C1: =EDATE($F$33,C15) -> 44926
B2: Lease starts | C2: =EDATE(C1,C19+C24) -> 45016 | Z2: Acquisition Debt | AB2: 0 | AC2: 1 | AD2: 2 | AE2: 3 | AF2: 4 | AG2: 5 | AH2: 6 | AI2: 7 | AJ2: 8 | AK2: 9 | AL2: 10 | AM2: 11
B3: rf ends | C3: =EDATE(C2,C25) -> 45565
F4: Investment 3 | Z4: Drawdown | AB4: =H15 -> 19500000
G7: Stabilized Development Yield : | J7: =(K41)/H25 -> 0.10706919
G8: SM price at acquisition | I8: =H25/C11 -> 1060.1471 | J8: At Exit | K8: =MAX(F73,G73,H73,I73,J73,K73,L73,M73,N73,O73,P73)/$C$11 -> 1816.1454 | Z8: Nominal solde | AC8: =AB4+AB8-AB10 -> 19500000 | AD8: =AC4+AC8-AC10 -> 19402500 | AE8: =AD4+AD8-AD10 -> 19305488 | AF8: =AE4+AE8-AE10 -> 19208960 | AG8: =AF4+AF8-AF10 -> 19112915 | AH8: =AG4+AG8-AG10 -> 0 | AI8: =AH4+AH8-AH10 -> 0 | AJ8: =AI4+AI8-AI10 -> 0 | ... AM8: =AL4+AL8-AL10 -> 0
B9: Deal snapshot | F9: Sources & Uses | O9: Debt Assumptions | Z9: Interest | AC9: =$P$13*AC8 -> 390000 | AD9: =$P$13*AD8 -> 388050 | AE9: =$P$13*AE8 -> 386109.75 | AF9: =$P$13*AF8 -> 384179.2 | AG9: =$P$13*AG8 -> 382258.31 | AH9: =$P$13*AH8 -> 0 | AI9: =$P$13*AI8 -> 0 | AJ9: =$P$13*AJ8 -> 0 | ... AM9: =$P$13*AM8 -> 0
B10: Acquisition Date | C10: 44561 | Z10: Nominal Amort | AC10: =IF($P$15>AC2,AC8*$P$14,IF($P$15=AC2,AC8,0)) -> 97500 | AD10: =IF($P$15>AD2,AD8*$P$14,IF($P$15=AD2,AD8,0)) -> 97012.5 | AE10: =IF($P$15>AE2,AE8*$P$14,IF($P$15=AE2,AE8,0)) -> 96527.438 | AF10: =IF($P$15>AF2,AF8*$P$14,IF($P$15=AF2,AF8,0)) -> 96044.8 | AG10: =IF($P$15>AG2,AG8*$P$14,IF($P$15=AG2,AG8,0)) -> 19112915 | AH10: =IF($P$15>AH2,AH8*$P$14,IF($P$15=AH2,AH8,0)) -> 0 | AI10: =IF($P$15>AI2,AI8*$P$14,IF($P$15=AI2,AI8,0)) -> 0 | AJ10: =IF($P$15>AJ2,AJ8*$P$14,IF($P$15=AJ2,AJ8,0)) -> 0 | ... AM10: =IF($P$15>AM2,AM8*$P$14,IF($P$15=AM2,AM8,0)) -> 0
B11: Size | C11: 34000 | Z11: TOTAL PAYMENT | AC11: =AC10+AC9 -> 487500 | AD11: =AD10+AD9 -> 485062.5 | AE11: =AE10+AE9 -> 482637.19 | AF11: =AF10+AF9 -> 480224 | AG11: =AG10+AG9 -> 19495174 | AH11: =AH10+AH9 -> 0 | AI11: =AI10+AI9 -> 0 | AJ11: =AJ10+AJ9 -> 0 | ... AM11: =AM10+AM9 -> 0
B12: Occupancy at acquisition | C12: 0.5 | F12: Sources | J12: Uses | O12: Acquisition Debt
B13: rent at acquisition | C13: =C14*C12*C11 -> 1700000 | F13: Equity - LP | G13: =a!O8 -> 0.95 | H13: =($L$25-$H$15-H16)*G13 -> 12568500 | J13: Purchase Price | L13: 30000000 | O13: Margin | P13: 0.02
B14: Rent per sm | C14: 100 | F14: Equity - AAM | G14: =a!O9 -> 0.05 | H14: =($L$25-$H$15-H16)*G14 -> 661500 | J14: Capex | L14: =C18*C11 -> 5100000 | O14: Amortization | P14: 0.005
B15: WALT | C15: 12 | F15: Acquisition Debt | G15: 0.65 | H15: =G15*L13 -> 19500000 | J15: Closing Costs | K15: 0.025 | L15: =L13*K15 -> 750000 | O15: Terms | P15: 5
B16: Charges per sm | C16: 75 | F16: Capex Debt | G16: =C20 -> 0.65 | H16: =L14*G16 -> 3315000 | J16: Debt Fees | K16: 0.01 | L16: =K16*H15 -> 195000
B17: Charges indexation | C17: 0.01 | J17: Acquisition Fee | L17: =a!E14 -> 0 | O17: Capex Debt
B18: Capex per sm | C18: 150 | O18: Margin | P18: 0.02 | Z18: CAPEX Debt
B19: Capex period | C19: 3 | O19: Amortization | P19: 0
B20: Capex Debt | C20: 0.65 | O20: Terms | P20: 5 | Z20: Drawdown | AB20: =H16 -> 3315000
B21: Stabilized occupancy rate | C21: 0.9 | Z21: Nominal solde | AC21: =AB20+AB21-AB23 -> 3315000 | AD21: =AC20+AC21-AC23 -> 3315000 | AE21: =AD20+AD21-AD23 -> 3315000 | AF21: =AE20+AE21-AE23 -> 3315000 | AG21: =AF20+AF21-AF23 -> 3315000 | AH21: =AG20+AG21-AG23 -> 0 | AI21: =AH20+AH21-AH23 -> 0 | AJ21: =AI20+AI21-AI23 -> 0 | ... AM21: =AL20+AL21-AL23 -> 0
B22: Rental Index | C22: 0.01 | Z22: Interest | AC22: =$P$18*AC21 -> 66300 | AD22: =$P$18*AD21 -> 66300 | AE22: =$P$18*AE21 -> 66300 | AF22: =$P$18*AF21 -> 66300 | AG22: =$P$18*AG21 -> 66300 | AH22: =$P$18*AH21 -> 0 | AI22: =$P$18*AI21 -> 0 | AJ22: =$P$18*AJ21 -> 0 | ... AM22: =$P$18*AM21 -> 0
B23: New proposed Rent per sm | C23: 120 | Z23: Nominal Amort | AC23: =IF($P$20>AC2,AC21*$P$19,IF($P$20=AC2,AC21,0)) -> 0 | AD23: =IF($P$20>AD2,AD21*$P$19,IF($P$20=AD2,AD21,0)) -> 0 | AE23: =IF($P$20>AE2,AE21*$P$19,IF($P$20=AE2,AE21,0)) -> 0 | AF23: =IF($P$20>AF2,AF21*$P$19,IF($P$20=AF2,AF21,0)) -> 0 | AG23: =IF($P$20>AG2,AG21*$P$19,IF($P$20=AG2,AG21,0)) -> 3315000 | AH23: =IF($P$20>AH2,AH21*$P$19,IF($P$20=AH2,AH21,0)) -> 0 | AI23: =IF($P$20>AI2,AI21*$P$19,IF($P$20=AI2,AI21,0)) -> 0 | AJ23: =IF($P$20>AJ2,AJ21*$P$19,IF($P$20=AJ2,AJ21,0)) -> 0 | ... AM23: =IF($P$20>AM2,AM21*$P$19,IF($P$20=AM2,AM21,0)) -> 0
B24: Vacancy period after capex | C24: 0 | Z24: TOTAL PAYMENT | AC24: =AC23+AC22 -> 66300 | AD24: =AD23+AD22 -> 66300 | AE24: =AE23+AE22 -> 66300 | AF24: =AF23+AF22 -> 66300 | AG24: =AG23+AG22 -> 3381300 | AH24: =AH23+AH22 -> 0 | AI24: =AI23+AI22 -> 0 | AJ24: =AJ23+AJ22 -> 0 | ... AM24: =AM23+AM22 -> 0
B25: Rent Free period | C25: 18 | F25: Total Sources | H25: =SUM(H13:H18) -> 36045000 | J25: Total Uses | L25: =SUM(L13:L18) -> 36045000
B26: Exit Yield | C26: 0.0625
B27: Exit Year (Deal) | C27: 5
B28: Exit Year (JV) | C28: =IF(C27=E35,F36,IF(C27=F35,G36,IF(C27=G35,H36,IF(C27=H35,I36,IF(C27=I35,J36,IF(J35=C27,K36,IF(C27=K35,L36,IF(C27=L35,M36,IF(M35=C27,N36,IF(C27=N35,O36,IF(C27=O35,P36,0))))))))))) -> 7
B29: rent at Exit | C29: =IF(C27=F35,F41,IF(C27=G35,G41,IF(C27=H35,H41,IF(C27=I35,I41,IF(C27=J35,J41,IF(K35=C27,K41,IF(C27=L35,L41,IF(C27=M35,M41,IF(N35=C27,N41,IF(C27=O35,O41,IF(C27=P35,P41,0))))))))))) -> 3821097.9
Z30: TOTAL interest | AC30: =AC9+AC22 -> 456300 | AD30: =AD9+AD22 -> 454350 | AE30: =AE9+AE22 -> 452409.75 | AF30: =AF9+AF22 -> 450479.2 | AG30: =AG9+AG22 -> 448558.31 | AH30: =AH9+AH22 -> 0 | AI30: =AI9+AI22 -> 0 | AJ30: =AJ9+AJ22 -> 0 | ... AM30: =AM9+AM22 -> 0
Z31: TOTAL Amort | AC31: =AC10+AC23 -> 97500 | AD31: =AD10+AD23 -> 97012.5 | AE31: =AE10+AE23 -> 96527.438 | AF31: =AF10+AF23 -> 96044.8 | AG31: =AG10+AG23 -> 22427915 | AH31: =AH10+AH23 -> 0 | AI31: =AI10+AI23 -> 0 | AJ31: =AJ10+AJ23 -> 0 | ... AM31: =AM10+AM23 -> 0
Z32: TOTAL PAYMENT | AC32: =AC30+AC31 -> 553800 | AD32: =AD30+AD31 -> 551362.5 | AE32: =AE30+AE31 -> 548937.19 | AF32: =AF30+AF31 -> 546524 | AG32: =AG30+AG31 -> 22876474 | AH32: =AH30+AH31 -> 0 | AI32: =AI30+AI31 -> 0 | AJ32: =AJ30+AJ31 -> 0 | ... AM32: =AM30+AM31 -> 0
B33: Date | E33: Acquisition | F33: =C10 -> 44561 | G33: =EDATE(F33,12) -> 44926 | H33: =EDATE(G33,12) -> 45291 | I33: =EDATE(H33,12) -> 45657 | J33: =EDATE(I33,12) -> 46022 | K33: =EDATE(J33,12) -> 46387 | L33: =EDATE(K33,12) -> 46752 | M33: =EDATE(L33,12) -> 47118 | N33: =EDATE(M33,12) -> 47483 | ... P33: =EDATE(O33,12) -> 48213 | Q33: Total
E34: =F33 -> 44561 | F34: =EDATE(F33,12)-1 -> 44925 | G34: =EDATE(G33,12)-1 -> 45290 | H34: =EDATE(H33,12)-1 -> 45656 | I34: =EDATE(I33,12)-1 -> 46021 | J34: =EDATE(J33,12)-1 -> 46386 | K34: =EDATE(K33,12)-1 -> 46751 | L34: =EDATE(L33,12)-1 -> 47117 | M34: =EDATE(M33,12)-1 -> 47482 | ... P34: =EDATE(P33,12)-1 -> 48578
B35: Year (deal) | E35: 0 | F35: 1 | G35: 2 | H35: 3 | I35: 4 | J35: 5 | K35: 6 | L35: 7 | M35: 8 | N35: 9 | O35: 10 | P35: 11
B36: Year (JV) | E36: 2 | F36: 2 | G36: 3 | H36: 4 | I36: 5 | J36: 6 | K36: 7 | L36: 8 | M36: 9 | N36: 10 | O36: 11 | P36: 12
B37: occupancy | F37: =IF(F38<>0,$C$12*(F38/$C$13),IF(F39<>0,F39/(($C$23*(((1+$C$22)^E35)))*$C$11),0)) -> 0.5 | G37: =IF(G38<>0,$C$12*(G38/$C$13),IF(G39<>0,G39/(($C$23*(((1+$C$22)^F35)))*$C$11),0)) -> 0.67561644 | H37: =IF(H38<>0,$C$12*(H38/$C$13),IF(H39<>0,H39/(($C$23*(((1+$C$22)^G35)))*$C$11),0)) -> 0.9 | I37: =IF(I38<>0,$C$12*(I38/$C$13),IF(I39<>0,I39/(($C$23*(((1+$C$22)^H35)))*$C$11),0)) -> 0.9 | J37: =IF(J38<>0,$C$12*(J38/$C$13),IF(J39<>0,J39/(($C$23*(((1+$C$22)^I35)))*$C$11),0)) -> 0.9 | K37: =IF(K38<>0,$C$12*(K38/$C$13),IF(K39<>0,K39/(($C$23*(((1+$C$22)^J35)))*$C$11),0)) -> 0.9 | L37: =IF(L38<>0,$C$12*(L38/$C$13),IF(L39<>0,L39/(($C$23*(((1+$C$22)^K35)))*$C$11),0)) -> 0.9 | M37: =IF(M38<>0,$C$12*(M38/$C$13),IF(M39<>0,M39/(($C$23*(((1+$C$22)^L35)))*$C$11),0)) -> 0.9 | ... P37: =IF(P38<>0,$C$12*(P38/$C$13),IF(P39<>0,P39/(($C$23*(((1+$C$22)^O35)))*$C$11),0)) -> 0.9
C38: before capex | F38: =IF($C$1>F$34,$C$11*$C$12*($C$14*(((1+$C$22)^E35))),IF(AND(F$33<=$C$1,$C$1<=F$34),($C$11*$C$12*($C$14*(((1+$C$22)^E35))))*($C$1-F33)/365,0)) -> 1700000 | G38: =IF($C$1>G$34,$C$11*$C$12*($C$14*(((1+$C$22)^F35))),IF(AND(G$33<=$C$1,$C$1<=G$34),($C$11*$C$12*($C$14*(((1+$C$22)^F35))))*($C$1-G33)/365,0)) -> 0 | H38: =IF($C$1>H$34,$C$11*$C$12*($C$14*(((1+$C$22)^G35))),IF(AND(H$33<=$C$1,$C$1<=H$34),($C$11*$C$12*($C$14*(((1+$C$22)^G35))))*($C$1-H33)/365,0)) -> 0 | I38: =IF($C$1>I$34,$C$11*$C$12*($C$14*(((1+$C$22)^H35))),IF(AND(I$33<=$C$1,$C$1<=I$34),($C$11*$C$12*($C$14*(((1+$C$22)^H35))))*($C$1-I33)/365,0)) -> 0 | J38: =IF($C$1>J$34,$C$11*$C$12*($C$14*(((1+$C$22)^I35))),IF(AND(J$33<=$C$1,$C$1<=J$34),($C$11*$C$12*($C$14*(((1+$C$22)^I35))))*($C$1-J33)/365,0)) -> 0 | K38: =IF($C$1>K$34,$C$11*$C$12*($C$14*(((1+$C$22)^J35))),IF(AND(K$33<=$C$1,$C$1<=K$34),($C$11*$C$12*($C$14*(((1+$C$22)^J35))))*($C$1-K33)/365,0)) -> 0 | L38: =IF($C$1>L$34,$C$11*$C$12*($C$14*(((1+$C$22)^K35))),IF(AND(L$33<=$C$1,$C$1<=L$34),($C$11*$C$12*($C$14*(((1+$C$22)^K35))))*($C$1-L33)/365,0)) -> 0 | M38: =IF($C$1>M$34,$C$11*$C$12*($C$14*(((1+$C$22)^L35))),IF(AND(M$33<=$C$1,$C$1<=M$34),($C$11*$C$12*($C$14*(((1+$C$22)^L35))))*($C$1-M33)/365,0)) -> 0 | ... P38: =IF($C$1>P$34,$C$11*$C$12*($C$14*(((1+$C$22)^O35))),IF(AND(P$33<=$C$1,$C$1<=P$34),($C$11*$C$12*($C$14*(((1+$C$22)^O35))))*($C$1-P33)/365,0)) -> 0
C39: after capex | F39: =IF($C$2<F$33,($C$23*(((1+$C$22)^E35)))*$C$11*$C$21,IF(AND(F$33<=$C$2,$C$2<=F$34),(($C$23*(((1+$C$22)^E35)))*$C$11*$C$21)*((F$34-$C$2)/365),0)) -> 0 | G39: =IF($C$2<G$33,($C$23*(((1+$C$22)^F35)))*$C$11*$C$21,IF(AND(G$33<=$C$2,$C$2<=G$34),(($C$23*(((1+$C$22)^F35)))*$C$11*$C$21)*((G$34-$C$2)/365),0)) -> 2784080.2 | H39: =IF($C$2<H$33,($C$23*(((1+$C$22)^G35)))*$C$11*$C$21,IF(AND(H$33<=$C$2,$C$2<=H$34),(($C$23*(((1+$C$22)^G35)))*$C$11*$C$21)*((H$34-$C$2)/365),0)) -> 3745807.2 | I39: =IF($C$2<I$33,($C$23*(((1+$C$22)^H35)))*$C$11*$C$21,IF(AND(I$33<=$C$2,$C$2<=I$34),(($C$23*(((1+$C$22)^H35)))*$C$11*$C$21)*((I$34-$C$2)/365),0)) -> 3783265.3 | J39: =IF($C$2<J$33,($C$23*(((1+$C$22)^I35)))*$C$11*$C$21,IF(AND(J$33<=$C$2,$C$2<=J$34),(($C$23*(((1+$C$22)^I35)))*$C$11*$C$21)*((J$34-$C$2)/365),0)) -> 3821097.9 | K39: =IF($C$2<K$33,($C$23*(((1+$C$22)^J35)))*$C$11*$C$21,IF(AND(K$33<=$C$2,$C$2<=K$34),(($C$23*(((1+$C$22)^J35)))*$C$11*$C$21)*((K$34-$C$2)/365),0)) -> 3859308.9 | L39: =IF($C$2<L$33,($C$23*(((1+$C$22)^K35)))*$C$11*$C$21,IF(AND(L$33<=$C$2,$C$2<=L$34),(($C$23*(((1+$C$22)^K35)))*$C$11*$C$21)*((L$34-$C$2)/365),0)) -> 3897902 | M39: =IF($C$2<M$33,($C$23*(((1+$C$22)^L35)))*$C$11*$C$21,IF(AND(M$33<=$C$2,$C$2<=M$34),(($C$23*(((1+$C$22)^L35)))*$C$11*$C$21)*((M$34-$C$2)/365),0)) -> 3936881 | ... P39: =IF($C$2<P$33,($C$23*(((1+$C$22)^O35)))*$C$11*$C$21,IF(AND(P$33<=$C$2,$C$2<=P$34),(($C$23*(((1+$C$22)^O35)))*$C$11*$C$21)*((P$34-$C$2)/365),0)) -> 4056172.4
B41: GROSS Rental income | F41: =SUM(F38:F39) -> 1700000 | G41: =SUM(G38:G39) -> 2784080.2 | H41: =SUM(H38:H39) -> 3745807.2 | I41: =SUM(I38:I39) -> 3783265.3 | J41: =SUM(J38:J39) -> 3821097.9 | K41: =SUM(K38:K39) -> 3859308.9 | L41: =SUM(L38:L39) -> 3897902 | M41: =SUM(M38:M39) -> 3936881 | ... P41: =SUM(P38:P39) -> 4056172.4 | Q41: =SUM(G41:P41) -> 37876777
B42: Total RF | F42: =IF(AND(F33<=$C$2,$C$2<=F34),-F41*$C$25/12,0) -> 0 | G42: =IF(AND(G33<=$C$2,$C$2<=G34),-H41*$C$25/12,0) -> -5618710.8 | H42: =IF(AND(H33<=$C$2,$C$2<=H34),-I41*$C$25/12,0) -> 0 | I42: =IF(AND(I33<=$C$2,$C$2<=I34),-J41*$C$25/12,0) -> 0 | J42: =IF(AND(J33<=$C$2,$C$2<=J34),-K41*$C$25/12,0) -> 0 | K42: =IF(AND(K33<=$C$2,$C$2<=K34),-L41*$C$25/12,0) -> 0 | L42: =IF(AND(L33<=$C$2,$C$2<=L34),-M41*$C$25/12,0) -> 0 | M42: =IF(AND(M33<=$C$2,$C$2<=M34),-N41*$C$25/12,0) -> 0 | N42: =IF(AND(N33<=$C$2,$C$2<=N34),-O41*$C$25/12,0) -> 0 | ... P42: =IF(AND(P33<=$C$2,$C$2<=P34),-Q41*$C$25/12,0) -> 0
C43: dist1 | F43: =IF(-F42<=F41,F42,IF(-F42>F41,-F41,0)) -> 0 | G43: =IF(-G42<=G41,G42,IF(-G42>G41,-G41,0)) -> -2784080.2 | H43: =IF(-H42<=H41,H42,IF(-H42>H41,-H41,0)) -> 0 | I43: =IF(-I42<=I41,I42,IF(-I42>I41,-I41,0)) -> 0 | J43: =IF(-J42<=J41,J42,IF(-J42>J41,-J41,0)) -> 0 | K43: =IF(-K42<=K41,K42,IF(-K42>K41,-K41,0)) -> 0 | L43: =IF(-L42<=L41,L42,IF(-L42>L41,-L41,0)) -> 0 | M43: =IF(-M42<=M41,M42,IF(-M42>M41,-M41,0)) -> 0 | ... P43: =IF(-P42<=P41,P42,IF(-P42>P41,-P41,0)) -> 0
C44: dist2 | F44: =IF((-E42+E43)<F41,E42-E43,IF((-E42+E43)>=F41,-F41)) -> 0 | G44: =IF((-F42+F43)<G41,F42-F43,IF((-F42+F43)>=G41,-G41)) -> 0 | H44: =IF((-G42+G43)<H41,G42-G43,IF((-G42+G43)>=H41,-H41)) -> -2834630.6 | I44: =IF((-H42+H43)<I41,H42-H43,IF((-H42+H43)>=I41,-I41)) -> 0 | J44: =IF((-I42+I43)<J41,I42-I43,IF((-I42+I43)>=J41,-J41)) -> 0 | K44: =IF((-J42+J43)<K41,J42-J43,IF((-J42+J43)>=K41,-K41)) -> 0 | L44: =IF((-K42+K43)<L41,K42-K43,IF((-K42+K43)>=L41,-L41)) -> 0 | M44: =IF((-L42+L43)<M41,L42-L43,IF((-L42+L43)>=M41,-M41)) -> 0 | ... P44: =IF((-O42+O43)<P41,O42-O43,IF((-O42+O43)>=P41,-P41)) -> 0
C45: dist3 | F45: =-(-D42+D43+E44) -> 0 | G45: =-(-E42+E43+F44) -> 0 | H45: =-(-F42+F43+G44) -> 0 | I45: =-(-G42+G43+H44) -> 0 | J45: =-(-H42+H43+I44) -> 0 | K45: =-(-I42+I43+J44) -> 0 | L45: =-(-J42+J43+K44) -> 0 | M45: =-(-K42+K43+L44) -> 0 | ... P45: =-(-N42+N43+O44) -> 0
B46: Rent Free | F46: =SUM(F43+F44+F45) -> 0 | G46: =SUM(G43+G44+G45) -> -2784080.2 | H46: =SUM(H43+H44+H45) -> -2834630.6 | I46: =SUM(I43+I44+I45) -> 0 | J46: =SUM(J43+J44+J45) -> 0 | K46: =SUM(K43+K44+K45) -> 0 | L46: =SUM(L43+L44+L45) -> 0 | M46: =SUM(M43+M44+M45) -> 0 | ... P46: =SUM(P43+P44+P45) -> 0
B47: Non reimbursable operating expenses | F47: =-(1-F37)*($C$16*(((1+$C$22)^E35)))*$C$11 -> -1275000 | G47: =-(1-G37)*($C$16*(((1+$C$22)^F35)))*$C$11 -> -835449.86 | H47: =-(1-H37)*($C$16*(((1+$C$22)^G35)))*$C$11 -> -260125.5 | I47: =-(1-I37)*($C$16*(((1+$C$22)^H35)))*$C$11 -> -262726.75 | J47: =-(1-J37)*($C$16*(((1+$C$22)^I35)))*$C$11 -> -265354.02 | K47: =-(1-K37)*($C$16*(((1+$C$22)^J35)))*$C$11 -> -268007.56 | L47: =-(1-L37)*($C$16*(((1+$C$22)^K35)))*$C$11 -> -270687.64 | M47: =-(1-M37)*($C$16*(((1+$C$22)^L35)))*$C$11 -> -273394.51 | ... P47: =-(1-P37)*($C$16*(((1+$C$22)^O35)))*$C$11 -> -281678.64 | Q47: =SUM(G47:P47) -> -3272442.7
B49: Net Leasing Income | F49: =F41+F46+F47 -> 425000 | G49: =G41+G46+G47 -> -835449.86 | H49: =H41+H46+H47 -> 651051.12 | I49: =I41+I46+I47 -> 3520538.5 | J49: =J41+J46+J47 -> 3555743.9 | K49: =K41+K46+K47 -> 3591301.3 | L49: =L41+L46+L47 -> 3627214.4 | M49: =M41+M46+M47 -> 3663486.5 | ... P49: =P41+P46+P47 -> 3774493.8 | Q49: =SUM(G49:P49) -> 28985624 | Z49: Asset D&A
Z50: Years | AA50: 50
B51: Leasing commissions | D51: 0.3 | F51: =-IF(AND(F33<$C$2,$C$2<F34),$C$23*$C$21*$C$11*$D$51,0) -> 0 | G51: =-IF(AND(G33<$C$2,$C$2<G34),$C$23*$C$21*$C$11*$D$51,0) -> -1101600 | H51: =-IF(AND(H33<$C$2,$C$2<H34),$C$23*$C$21*$C$11*$D$51,0) -> 0 | I51: =-IF(AND(I33<$C$2,$C$2<I34),$C$23*$C$21*$C$11*$D$51,0) -> 0 | J51: =-IF(AND(J33<$C$2,$C$2<J34),$C$23*$C$21*$C$11*$D$51,0) -> 0 | K51: =-IF(AND(K33<$C$2,$C$2<K34),$C$23*$C$21*$C$11*$D$51,0) -> 0 | L51: =-IF(AND(L33<$C$2,$C$2<L34),$C$23*$C$21*$C$11*$D$51,0) -> 0 | M51: =-IF(AND(M33<$C$2,$C$2<M34),$C$23*$C$21*$C$11*$D$51,0) -> 0 | ... P51: =-IF(AND(P33<$C$2,$C$2<P34),$C$23*$C$21*$C$11*$D$51,0) -> 0 | Q51: =SUM(G51:P51) -> -1101600 | Z51: Land | AA51: =1-AA52 -> 0.2
Z52: Building | AA52: 0.8
B53: Administrative fees | D53: 0.015 | F53: =-$D$53*F41 -> -25500 | G53: =-$D$53*G41 -> -41761.203 | H53: =-$D$53*H41 -> -56187.108 | I53: =-$D$53*I41 -> -56748.979 | J53: =-$D$53*J41 -> -57316.469 | K53: =-$D$53*K41 -> -57889.634 | L53: =-$D$53*L41 -> -58468.53 | M53: =-$D$53*M41 -> -59053.215 | ... P53: =-$D$53*P41 -> -60842.587 | Q53: =SUM(G53:P53) -> -568151.66
B55: NOI | F55: =SUM(F49:F53) -> 399500 | G55: =SUM(G49:G53) -> -1978811.1 | H55: =SUM(H49:H53) -> 594864.01 | I55: =SUM(I49:I53) -> 3463789.5 | J55: =SUM(J49:J53) -> 3498427.4 | K55: =SUM(K49:K53) -> 3533411.7 | L55: =SUM(L49:L53) -> 3568745.8 | M55: =SUM(M49:M53) -> 3604433.3 | ... P55: =SUM(P49:P53) -> 3713651.2 | Q55: =SUM(G55:P55) -> 27315872
B57: Capex | F57: =IF(AND(F33<=$C$1,$C$1<=F34),-$L$14,0) -> 0 | G57: =IF(AND(G33<=$C$1,$C$1<=G34),-$L$14,0) -> -5100000 | H57: =IF(AND(H33<=$C$1,$C$1<=H34),-$L$14,0) -> 0 | I57: =IF(AND(I33<=$C$1,$C$1<=I34),-$L$14,0) -> 0 | J57: =IF(AND(J33<=$C$1,$C$1<=J34),-$L$14,0) -> 0 | K57: =IF(AND(K33<=$C$1,$C$1<=K34),-$L$14,0) -> 0 | L57: =IF(AND(L33<=$C$1,$C$1<=L34),-$L$14,0) -> 0 | M57: =IF(AND(M33<=$C$1,$C$1<=M34),-$L$14,0) -> 0 | ... P57: =IF(AND(P33<=$C$1,$C$1<=P34),-$L$14,0) -> 0 | Q57: =SUM(G57:P57) -> -5100000
B58: Capex Loan | F58: =IF(F57<>0,$H$16,0) -> 0 | G58: =IF(G57<>0,$H$16,0) -> 3315000 | H58: =IF(H57<>0,$H$16,0) -> 0 | I58: =IF(I57<>0,$H$16,0) -> 0 | J58: =IF(J57<>0,$H$16,0) -> 0 | K58: =IF(K57<>0,$H$16,0) -> 0 | L58: =IF(L57<>0,$H$16,0) -> 0 | M58: =IF(M57<>0,$H$16,0) -> 0 | ... P58: =IF(P57<>0,$H$16,0) -> 0 | Q58: =SUM(G58:P58) -> 3315000
B60: Operating Free Cash Flow | F60: =SUM(F55:F58) -> 399500 | G60: =SUM(G55:G58) -> -3763811.1 | H60: =SUM(H55:H58) -> 594864.01 | I60: =SUM(I55:I58) -> 3463789.5 | J60: =SUM(J55:J58) -> 3498427.4 | K60: =SUM(K55:K58) -> 3533411.7 | L60: =SUM(L55:L58) -> 3568745.8 | M60: =SUM(M55:M58) -> 3604433.3 | ... P60: =SUM(P55:P58) -> 3713651.2 | Q60: =SUM(G60:P60) -> 25530872
B62: Drawdown | F62: =AB20+AB4 -> 22815000
B63: Amortisation | F63: =-AC31 -> -97500 | G63: =-AD31 -> -97012.5 | H63: =-AE31 -> -96527.438 | I63: =-AF31 -> -96044.8 | J63: =-AG31 -> -22427915 | K63: =-AH31 -> 0 | L63: =-AI31 -> 0 | M63: =-AJ31 -> 0 | ... P63: =-AM31 -> 0 | Q63: =SUM(F63:P63) -> -22815000
B64: Interest | F64: =-AC30 -> -456300 | G64: =-AD30 -> -454350 | H64: =-AE30 -> -452409.75 | I64: =-AF30 -> -450479.2 | J64: =-AG30 -> -448558.31 | K64: =-AH30 -> 0 | L64: =-AI30 -> 0 | M64: =-AJ30 -> 0 | ... P64: =-AM30 -> 0 | Q64: =SUM(F64:P64) -> -2262097.3
Q65: =SUM(G65:P65) -> 0
B66: Financing cash flows | F66: =SUM(F63:F64) -> -553800 | G66: =SUM(G63:G64) -> -551362.5 | H66: =SUM(H63:H64) -> -548937.19 | I66: =SUM(I63:I64) -> -546524 | J66: =SUM(J63:J64) -> -22876474 | K66: =SUM(K63:K64) -> 0 | L66: =SUM(L63:L64) -> 0 | M66: =SUM(M63:M64) -> 0 | ... P66: =SUM(P63:P64) -> 0 | Q66: =SUM(G66:P66) -> -24523297
B68: D&A | F68: =-$L$13*$AA$52/$AA$50-(-F57)/$AA$50 -> -480000 | G68: =-$L$13*$AA$52/$AA$50-(-G57)/$AA$50 -> -582000 | H68: =-$L$13*$AA$52/$AA$50-(-H57)/$AA$50 -> -480000 | I68: =-$L$13*$AA$52/$AA$50-(-I57)/$AA$50 -> -480000 | J68: =-$L$13*$AA$52/$AA$50-(-J57)/$AA$50 -> -480000 | K68: =-$L$13*$AA$52/$AA$50-(-K57)/$AA$50 -> -480000 | L68: =-$L$13*$AA$52/$AA$50-(-L57)/$AA$50 -> -480000 | M68: =-$L$13*$AA$52/$AA$50-(-M57)/$AA$50 -> -480000 | ... P68: =-$L$13*$AA$52/$AA$50-(-P57)/$AA$50 -> -480000 | Q68: =SUM(F68:P68) -> -5382000
B69: Income Tax | D69: 0.25 | F69: =IF((F60+F64+F68)>0,(F60+F64+F68)*$D$69,0) -> 0 | G69: =IF((G60+G64+G68)>0,(G60+G64+G68)*$D$69,0) -> 0 | H69: =IF((H60+H64+H68)>0,(H60+H64+H68)*$D$69,0) -> 0 | I69: =IF((I60+I64+I68)>0,(I60+I64+I68)*$D$69,0) -> 633327.58 | J69: =IF((J60+J64+J68)>0,(J60+J64+J68)*$D$69,0) -> 642467.28 | K69: =IF((K60+K64+K68)>0,(K60+K64+K68)*$D$69,0) -> 763352.93 | L69: =IF((L60+L64+L68)>0,(L60+L64+L68)*$D$69,0) -> 772186.46 | M69: =IF((M60+M64+M68)>0,(M60+M64+M68)*$D$69,0) -> 781108.32 | ... P69: =IF((P60+P64+P68)>0,(P60+P64+P68)*$D$69,0) -> 808412.8 | Q69: =SUM(G69:P69) -> 5990195.4
B71: Levered cash flow | F71: =F60+F66+F69 -> -154300 | G71: =G60+G66+G69 -> -4315173.6 | H71: =H60+H66+H69 -> 45926.824 | I71: =I60+I66+I69 -> 3550593.1 | J71: =J60+J66+J69 -> -18735579 | K71: =K60+K66+K69 -> 4296764.6 | L71: =L60+L66+L69 -> 4340932.3 | M71: =M60+M66+M69 -> 4385541.6 | ... P71: =P60+P66+P69 -> 4522064 | Q71: =SUM(G71:P71) -> 6997770.1
B73: Selling price of the project | G73: =IF(G35=$C$27,(H41/$C$26)+SUM(H42:$P$42),0) -> 0 | H73: =IF(H35=$C$27,(I41/$C$26)+SUM(I42:$P$42),0) -> 0 | I73: =IF(I35=$C$27,(J41/$C$26)+SUM(J42:$P$42),0) -> 0 | J73: =IF(J35=$C$27,(K41/$C$26)+SUM(K42:$P$42),0) -> 61748942 | K73: =IF(K35=$C$27,(L41/$C$26)+SUM(L42:$P$42),0) -> 0 | L73: =IF(L35=$C$27,(M41/$C$26)+SUM(M42:$P$42),0) -> 0 | M73: =IF(M35=$C$27,(N41/$C$26)+SUM(N42:$P$42),0) -> 0 | N73: =IF(N35=$C$27,(O41/$C$26)+SUM(O42:$P$42),0) -> 0 | O73: =IF(O35=$C$27,(P41/$C$26)+SUM(P42:$P$42),0) -> 0 | P73: =IF(P35=$C$27,(Q41/$C$26)+SUM($P42:Q$42),0) -> 0 | Q73: =SUM(G73:P73) -> 61748942
B74: Selling Costs | D74: 0.08 | F74: =-$D$74*F73 -> 0 | G74: =-$D$74*G73 -> 0 | H74: =-$D$74*H73 -> 0 | I74: =-$D$74*I73 -> 0 | J74: =-$D$74*J73 -> -4939915.4 | K74: =-$D$74*K73 -> 0 | L74: =-$D$74*L73 -> 0 | M74: =-$D$74*M73 -> 0 | ... P74: =-$D$74*P73 -> 0
B75: (-)NAV | F75: =L13+L14 -> 35100000 | G75: =F75+F68 -> 34620000 | H75: =G75+H68 -> 34140000 | I75: =H75+I68 -> 33660000 | J75: =I75+J68 -> 33180000 | K75: =J75+K68 -> 32700000 | L75: =K75+L68 -> 32220000 | M75: =L75+M68 -> 31740000 | N75: =M75+N68 -> 31260000 | O75: =N75+O68 -> 30780000 | P75: =O75+P68 -> 30300000
B76: Tax | D76: 0.25 | F76: =IF(F73<>0,-$D$76*(F73+F74-F75),0) -> 0 | G76: =IF(G73<>0,-$D$76*(G73+G74-G75),0) -> 0 | H76: =IF(H73<>0,-$D$76*(H73+H74-H75),0) -> 0 | I76: =IF(I73<>0,-$D$76*(I73+I74-I75),0) -> 0 | J76: =IF(J73<>0,-$D$76*(J73+J74-J75),0) -> -5907256.8 | K76: =IF(K73<>0,-$D$76*(K73+K74-K75),0) -> 0 | L76: =IF(L73<>0,-$D$76*(L73+L74-L75),0) -> 0 | M76: =IF(M73<>0,-$D$76*(M73+M74-M75),0) -> 0 | ... P76: =IF(P73<>0,-$D$76*(P73+P74-P75),0) -> 0
B79: TOTAL Levered post-tax cash flow | E79: =-H13-H14 -> -13230000 | F79: =F73+F71+F76+F74 -> -154300 | G79: =IF(F73<>0,0,IF(F79=0,0,G71+G73+G76+G74)) -> -4315173.6 | H79: =IF(G73<>0,0,IF(G79=0,0,H71+H73+H76+H74)) -> 45926.824 | I79: =IF(H73<>0,0,IF(H79=0,0,I71+I73+I76+I74)) -> 3550593.1 | J79: =IF(I73<>0,0,IF(I79=0,0,J71+J73+J76+J74)) -> 32166191 | K79: =IF(J73<>0,0,IF(J79=0,0,K71+K73+K76+K74)) -> 0 | L79: =IF(K73<>0,0,IF(K79=0,0,L71+L73+L76+L74)) -> 0 | M79: =IF(L73<>0,0,IF(L79=0,0,M71+M73+M76+M74)) -> 0 | N79: =IF(M73<>0,0,IF(M79=0,0,N71+N73+N76+N74)) -> 0 | ... P79: =IF(O73<>0,0,IF(O79=0,0,P71+P73+P76+P74)) -> 0 | Q79: =SUM(G79:P79) -> 31447538
B80: Cumulative CF | E80: =E79 -> -13230000 | F80: =F79+E80 -> -13384300 | G80: =G79+F80 -> -17699474 | H80: =H79+G80 -> -17653547 | I80: =I79+H80 -> -14102954 | J80: =J79+I80 -> 18063238 | K80: =K79+J80 -> 18063238 | L80: =L79+K80 -> 18063238 | M80: =M79+L80 -> 18063238 | ... P80: =P79+O80 -> 18063238
B82: Project Return & IRR
B84: Levered IRR | C84: =XIRR(E79:P79,E34:P34) -> 0.17124671
B85: Levered Profit Multiple | C85: =-SUMIF(E79:P79,">0")/SUMIF(E79:P79,"<0") -> 2.0205523

Sheet 4
B1: Capex Starts | C1: =EDATE($F$33,C15) -> 44926
B2: Lease starts | C2: =EDATE(C1,C19+C24) -> 45473 | Z2: Acquisition Debt | AB2: 0 | AC2: 1 | AD2: 2 | AE2: 3 | AF2: 4 | AG2: 5 | AH2: 6 | AI2: 7 | AJ2: 8 | AK2: 9 | AL2: 10 | AM2: 11
B3: rf ends | C3: =EDATE(C2,C25) -> 45656
F4: Investment 4 | Z4: Drawdown | AB4: =H15 -> 5625000
G7: Stabilized Development Yield : | J7: =(K41)/H25 -> 0.10208026
G8: SM price at acquisition | I8: =H25/C11 -> 1441.4286 | J8: At Exit | K8: =MAX(F73,G73,H73,I73,J73,K73,L73,M73,N73,O73,P73)/$C$11 -> 2404.0357 | Z8: Nominal solde | AC8: =AB4+AB8-AB10 -> 5625000 | AD8: =AC4+AC8-AC10 -> 5596875 | AE8: =AD4+AD8-AD10 -> 5568890.6 | AF8: =AE4+AE8-AE10 -> 5541046.2 | AG8: =AF4+AF8-AF10 -> 0 | AH8: =AG4+AG8-AG10 -> 0 | AI8: =AH4+AH8-AH10 -> 0 | AJ8: =AI4+AI8-AI10 -> 0 | ... AM8: =AL4+AL8-AL10 -> 0
B9: Deal snapshot | F9: Sources & Uses | O9: Debt Assumptions | Z9: Interest | AC9: =$P$13*AC8 -> 168750 | AD9: =$P$13*AD8 -> 167906.25 | AE9: =$P$13*AE8 -> 167066.72 | AF9: =$P$13*AF8 -> 166231.39 | AG9: =$P$13*AG8 -> 0 | AH9: =$P$13*AH8 -> 0 | AI9: =$P$13*AI8 -> 0 | AJ9: =$P$13*AJ8 -> 0 | ... AM9: =$P$13*AM8 -> 0
B10: Acquisition Date | C10: 44926 | Z10: Nominal Amort | AC10: =IF($P$15>AC2,AC8*$P$14,IF($P$15=AC2,AC8,0)) -> 28125 | AD10: =IF($P$15>AD2,AD8*$P$14,IF($P$15=AD2,AD8,0)) -> 27984.375 | AE10: =IF($P$15>AE2,AE8*$P$14,IF($P$15=AE2,AE8,0)) -> 27844.453 | AF10: =IF($P$15>AF2,AF8*$P$14,IF($P$15=AF2,AF8,0)) -> 5541046.2 | AG10: =IF($P$15>AG2,AG8*$P$14,IF($P$15=AG2,AG8,0)) -> 0 | AH10: =IF($P$15>AH2,AH8*$P$14,IF($P$15=AH2,AH8,0)) -> 0 | AI10: =IF($P$15>AI2,AI8*$P$14,IF($P$15=AI2,AI8,0)) -> 0 | AJ10: =IF($P$15>AJ2,AJ8*$P$14,IF($P$15=AJ2,AJ8,0)) -> 0 | ... AM10: =IF($P$15>AM2,AM8*$P$14,IF($P$15=AM2,AM8,0)) -> 0
B11: Size | C11: =35000*0.75 -> 26250 | Z11: TOTAL PAYMENT | AC11: =AC10+AC9 -> 196875 | AD11: =AD10+AD9 -> 195890.62 | AE11: =AE10+AE9 -> 194911.17 | AF11: =AF10+AF9 -> 5707277.6 | AG11: =AG10+AG9 -> 0 | AH11: =AH10+AH9 -> 0 | AI11: =AI10+AI9 -> 0 | AJ11: =AJ10+AJ9 -> 0 | ... AM11: =AM10+AM9 -> 0
B12: Occupancy at acquisition | C12: 0 | F12: Sources | J12: Uses | O12: Acquisition Debt
B13: rent at acquisition | C13: =C14*C11*C12 -> 0 | F13: Equity - LP | G13: =a!O8 -> 0.95 | H13: =($L$25-$H$15-H16)*G13 -> 18133125 | J13: Purchase Price | L13: =15000000*0.75 -> 11250000 | O13: Margin | P13: 0.03
B14: Rent per sm | C14: 0 | F14: Equity - AAM | G14: =a!O9 -> 0.05 | H14: =($L$25-$H$15-H16)*G14 -> 954375 | J14: Capex | L14: =C18*C11 -> 26250000 | O14: Amortization | P14: 0.005
B15: WALT | C15: 0 | F15: Acquisition Debt | G15: 0.5 | H15: =G15*L13 -> 5625000 | J15: Closing Costs | K15: 0.025 | L15: =L13*K15 -> 281250 | O15: Terms | P15: 4
B16: Charges per sm | C16: 10 | F16: Capex Debt | G16: =C20 -> 0.5 | H16: =L14*G16 -> 13125000 | J16: Debt Fees | K16: 0.01 | L16: =K16*H15 -> 56250
B17: Charges indexation | C17: 0.01 | J17: Acquisition Fee | L17: =a!E14 -> 0 | O17: Capex Debt
B18: Capex per sm | C18: 1000 | O18: Margin | P18: 0.03 | Z18: CAPEX Debt
B19: Capex period | C19: 18 | O19: Amortization | P19: 0
B20: Capex Debt | C20: 0.5 | O20: Terms | P20: 4 | Z20: Drawdown | AB20: =H16 -> 13125000
B21: Stabilized occupancy rate | C21: 1 | Z21: Nominal solde | AC21: =AB20+AB21-AB23 -> 13125000 | AD21: =AC20+AC21-AC23 -> 13125000 | AE21: =AD20+AD21-AD23 -> 13125000 | AF21: =AE20+AE21-AE23 -> 13125000 | AG21: =AF20+AF21-AF23 -> 0 | AH21: =AG20+AG21-AG23 -> 0 | AI21: =AH20+AH21-AH23 -> 0 | AJ21: =AI20+AI21-AI23 -> 0 | ... AM21: =AL20+AL21-AL23 -> 0
B22: Rental Index | C22: 0.01 | Z22: Interest | AC22: =$P$18*AC21 -> 393750 | AD22: =$P$18*AD21 -> 393750 | AE22: =$P$18*AE21 -> 393750 | AF22: =$P$18*AF21 -> 393750 | AG22: =$P$18*AG21 -> 0 | AH22: =$P$18*AH21 -> 0 | AI22: =$P$18*AI21 -> 0 | AJ22: =$P$18*AJ21 -> 0 | ... AM22: =$P$18*AM21 -> 0
B23: New proposed Rent per sm | C23: 140 | Z23: Nominal Amort | AC23: =IF($P$20>AC2,AC21*$P$19,IF($P$20=AC2,AC21,0)) -> 0 | AD23: =IF($P$20>AD2,AD21*$P$19,IF($P$20=AD2,AD21,0)) -> 0 | AE23: =IF($P$20>AE2,AE21*$P$19,IF($P$20=AE2,AE21,0)) -> 0 | AF23: =IF($P$20>AF2,AF21*$P$19,IF($P$20=AF2,AF21,0)) -> 13125000 | AG23: =IF($P$20>AG2,AG21*$P$19,IF($P$20=AG2,AG21,0)) -> 0 | AH23: =IF($P$20>AH2,AH21*$P$19,IF($P$20=AH2,AH21,0)) -> 0 | AI23: =IF($P$20>AI2,AI21*$P$19,IF($P$20=AI2,AI21,0)) -> 0 | AJ23: =IF($P$20>AJ2,AJ21*$P$19,IF($P$20=AJ2,AJ21,0)) -> 0 | ... AM23: =IF($P$20>AM2,AM21*$P$19,IF($P$20=AM2,AM21,0)) -> 0
B24: Vacancy period after capex | C24: 0 | Z24: TOTAL PAYMENT | AC24: =AC23+AC22 -> 393750 | AD24: =AD23+AD22 -> 393750 | AE24: =AE23+AE22 -> 393750 | AF24: =AF23+AF22 -> 13518750 | AG24: =AG23+AG22 -> 0 | AH24: =AH23+AH22 -> 0 | AI24: =AI23+AI22 -> 0 | AJ24: =AJ23+AJ22 -> 0 | ... AM24: =AM23+AM22 -> 0
B25: Rent Free period | C25: 6 | F25: Total Sources | H25: =SUM(H13:H18) -> 37837500 | J25: Total Uses | L25: =SUM(L13:L18) -> 37837500
B26: Exit Yield | C26: 0.06
B27: Exit Year (Deal) | C27: 3
B28: Exit Year (JV) | C28: =IF(C27=E35,F36,IF(C27=F35,G36,IF(C27=G35,H36,IF(C27=H35,I36,IF(C27=I35,J36,IF(J35=C27,K36,IF(C27=K35,L36,IF(C27=L35,M36,IF(M35=C27,N36,IF(C27=N35,O36,IF(C27=O35,P36,0))))))))))) -> 6
B29: rent at Exit | C29: =IF(C27=F35,F41,IF(C27=G35,G41,IF(C27=H35,H41,IF(C27=I35,I41,IF(C27=J35,J41,IF(K35=C27,K41,IF(C27=L35,L41,IF(C27=M35,M41,IF(N35=C27,N41,IF(C27=O35,O41,IF(C27=P35,P41,0))))))))))) -> 3748867.5
Z30: TOTAL interest | AC30: =AC9+AC22 -> 562500 | AD30: =AD9+AD22 -> 561656.25 | AE30: =AE9+AE22 -> 560816.72 | AF30: =AF9+AF22 -> 559981.39 | AG30: =AG9+AG22 -> 0 | AH30: =AH9+AH22 -> 0 | AI30: =AI9+AI22 -> 0 | AJ30: =AJ9+AJ22 -> 0 | ... AM30: =AM9+AM22 -> 0
Z31: TOTAL Amort | AC31: =AC10+AC23 -> 28125 | AD31: =AD10+AD23 -> 27984.375 | AE31: =AE10+AE23 -> 27844.453 | AF31: =AF10+AF23 -> 18666046 | AG31: =AG10+AG23 -> 0 | AH31: =AH10+AH23 -> 0 | AI31: =AI10+AI23 -> 0 | AJ31: =AJ10+AJ23 -> 0 | ... AM31: =AM10+AM23 -> 0
Z32: TOTAL PAYMENT | AC32: =AC30+AC31 -> 590625 | AD32: =AD30+AD31 -> 589640.62 | AE32: =AE30+AE31 -> 588661.17 | AF32: =AF30+AF31 -> 19226028 | AG32: =AG30+AG31 -> 0 | AH32: =AH30+AH31 -> 0 | AI32: =AI30+AI31 -> 0 | AJ32: =AJ30+AJ31 -> 0 | ... AM32: =AM30+AM31 -> 0
B33: Date | E33: Acquisition | F33: =C10 -> 44926 | G33: =EDATE(F33,12) -> 45291 | H33: =EDATE(G33,12) -> 45657 | I33: =EDATE(H33,12) -> 46022 | J33: =EDATE(I33,12) -> 46387 | K33: =EDATE(J33,12) -> 46752 | L33: =EDATE(K33,12) -> 47118 | M33: =EDATE(L33,12) -> 47483 | N33: =EDATE(M33,12) -> 47848 | ... P33: =EDATE(O33,12) -> 48579 | Q33: Total
E34: =F33 -> 44926 | F34: =EDATE(F33,12)-1 -> 45290 | G34: =EDATE(G33,12)-1 -> 45656 | H34: =EDATE(H33,12)-1 -> 46021 | I34: =EDATE(I33,12)-1 -> 46386 | J34: =EDATE(J33,12)-1 -> 46751 | K34: =EDATE(K33,12)-1 -> 47117 | L34: =EDATE(L33,12)-1 -> 47482 | M34: =EDATE(M33,12)-1 -> 47847 | ... P34: =EDATE(P33,12)-1 -> 48943
B35: Year (deal) | E35: 0 | F35: 1 | G35: 2 | H35: 3 | I35: 4 | J35: 5 | K35: 6 | L35: 7 | M35: 8 | N35: 9 | O35: 10 | P35: 11
B36: Year (JV) | E36: 3 | F36: 3 | G36: 4 | H36: 5 | I36: 6 | J36: 7 | K36: 8 | L36: 9 | M36: 10 | N36: 11 | O36: 12 | P36: 13
B37: occupancy | F37: =IF(F38<>0,$C$12*(F38/$C$13),IF(F39<>0,F39/(($C$23*(((1+$C$22)^E35)))*$C$11),0)) -> 0 | G37: =IF(G38<>0,$C$12*(G38/$C$13),IF(G39<>0,G39/(($C$23*(((1+$C$22)^F35)))*$C$11),0)) -> 0.50136986 | H37: =IF(H38<>0,$C$12*(H38/$C$13),IF(H39<>0,H39/(($C$23*(((1+$C$22)^G35)))*$C$11),0)) -> 1 | I37: =IF(I38<>0,$C$12*(I38/$C$13),IF(I39<>0,I39/(($C$23*(((1+$C$22)^H35)))*$C$11),0)) -> 1 | J37: =IF(J38<>0,$C$12*(J38/$C$13),IF(J39<>0,J39/(($C$23*(((1+$C$22)^I35)))*$C$11),0)) -> 1 | K37: =IF(K38<>0,$C$12*(K38/$C$13),IF(K39<>0,K39/(($C$23*(((1+$C$22)^J35)))*$C$11),0)) -> 1 | L37: =IF(L38<>0,$C$12*(L38/$C$13),IF(L39<>0,L39/(($C$23*(((1+$C$22)^K35)))*$C$11),0)) -> 1 | M37: =IF(M38<>0,$C$12*(M38/$C$13),IF(M39<>0,M39/(($C$23*(((1+$C$22)^L35)))*$C$11),0)) -> 1 | ... P37: =IF(P38<>0,$C$12*(P38/$C$13),IF(P39<>0,P39/(($C$23*(((1+$C$22)^O35)))*$C$11),0)) -> 1
C38: before capex | F38: =IF($C$1>F$34,$C$11*$C$12*($C$14*(((1+$C$22)^E35))),IF(AND(F$33<=$C$1,$C$1<=F$34),($C$11*$C$12*($C$14*(((1+$C$22)^E35))))*($C$1-F33)/365,0)) -> 0 | G38: =IF($C$1>G$34,$C$11*$C$12*($C$14*(((1+$C$22)^F35))),IF(AND(G$33<=$C$1,$C$1<=G$34),($C$11*$C$12*($C$14*(((1+$C$22)^F35))))*($C$1-G33)/365,0)) -> 0 | H38: =IF($C$1>H$34,$C$11*$C$12*($C$14*(((1+$C$22)^G35))),IF(AND(H$33<=$C$1,$C$1<=H$34),($C$11*$C$12*($C$14*(((1+$C$22)^G35))))*($C$1-H33)/365,0)) -> 0 | I38: =IF($C$1>I$34,$C$11*$C$12*($C$14*(((1+$C$22)^H35))),IF(AND(I$33<=$C$1,$C$1<=I$34),($C$11*$C$12*($C$14*(((1+$C$22)^H35))))*($C$1-I33)/365,0)) -> 0 | J38: =IF($C$1>J$34,$C$11*$C$12*($C$14*(((1+$C$22)^I35))),IF(AND(J$33<=$C$1,$C$1<=J$34),($C$11*$C$12*($C$14*(((1+$C$22)^I35))))*($C$1-J33)/365,0)) -> 0 | K38: =IF($C$1>K$34,$C$11*$C$12*($C$14*(((1+$C$22)^J35))),IF(AND(K$33<=$C$1,$C$1<=K$34),($C$11*$C$12*($C$14*(((1+$C$22)^J35))))*($C$1-K33)/365,0)) -> 0 | L38: =IF($C$1>L$34,$C$11*$C$12*($C$14*(((1+$C$22)^K35))),IF(AND(L$33<=$C$1,$C$1<=L$34),($C$11*$C$12*($C$14*(((1+$C$22)^K35))))*($C$1-L33)/365,0)) -> 0 | M38: =IF($C$1>M$34,$C$11*$C$12*($C$14*(((1+$C$22)^L35))),IF(AND(M$33<=$C$1,$C$1<=M$34),($C$11*$C$12*($C$14*(((1+$C$22)^L35))))*($C$1-M33)/365,0)) -> 0 | ... P38: =IF($C$1>P$34,$C$11*$C$12*($C$14*(((1+$C$22)^O35))),IF(AND(P$33<=$C$1,$C$1<=P$34),($C$11*$C$12*($C$14*(((1+$C$22)^O35))))*($C$1-P33)/365,0)) -> 0
C39: after capex | F39: =IF($C$2<F$33,($C$23*(((1+$C$22)^E35)))*$C$11*$C$21,IF(AND(F$33<=$C$2,$C$2<=F$34),(($C$23*(((1+$C$22)^E35)))*$C$11*$C$21)*((F$34-$C$2)/365),0)) -> 0 | G39: =IF($C$2<G$33,($C$23*(((1+$C$22)^F35)))*$C$11*$C$21,IF(AND(G$33<=$C$2,$C$2<=G$34),(($C$23*(((1+$C$22)^F35)))*$C$11*$C$21)*((G$34-$C$2)/365),0)) -> 1860959.6 | H39: =IF($C$2<H$33,($C$23*(((1+$C$22)^G35)))*$C$11*$C$21,IF(AND(H$33<=$C$2,$C$2<=H$34),(($C$23*(((1+$C$22)^G35)))*$C$11*$C$21)*((H$34-$C$2)/365),0)) -> 3748867.5 | I39: =IF($C$2<I$33,($C$23*(((1+$C$22)^H35)))*$C$11*$C$21,IF(AND(I$33<=$C$2,$C$2<=I$34),(($C$23*(((1+$C$22)^H35)))*$C$11*$C$21)*((I$34-$C$2)/365),0)) -> 3786356.2 | J39: =IF($C$2<J$33,($C$23*(((1+$C$22)^I35)))*$C$11*$C$21,IF(AND(J$33<=$C$2,$C$2<=J$34),(($C$23*(((1+$C$22)^I35)))*$C$11*$C$21)*((J$34-$C$2)/365),0)) -> 3824219.7 | K39: =IF($C$2<K$33,($C$23*(((1+$C$22)^J35)))*$C$11*$C$21,IF(AND(K$33<=$C$2,$C$2<=K$34),(($C$23*(((1+$C$22)^J35)))*$C$11*$C$21)*((K$34-$C$2)/365),0)) -> 3862461.9 | L39: =IF($C$2<L$33,($C$23*(((1+$C$22)^K35)))*$C$11*$C$21,IF(AND(L$33<=$C$2,$C$2<=L$34),(($C$23*(((1+$C$22)^K35)))*$C$11*$C$21)*((L$34-$C$2)/365),0)) -> 3901086.6 | M39: =IF($C$2<M$33,($C$23*(((1+$C$22)^L35)))*$C$11*$C$21,IF(AND(M$33<=$C$2,$C$2<=M$34),(($C$23*(((1+$C$22)^L35)))*$C$11*$C$21)*((M$34-$C$2)/365),0)) -> 3940097.4 | ... P39: =IF($C$2<P$33,($C$23*(((1+$C$22)^O35)))*$C$11*$C$21,IF(AND(P$33<=$C$2,$C$2<=P$34),(($C$23*(((1+$C$22)^O35)))*$C$11*$C$21)*((P$34-$C$2)/365),0)) -> 4059486.3
B41: GROSS Rental income | F41: =SUM(F38:F39) -> 0 | G41: =SUM(G38:G39) -> 1860959.6 | H41: =SUM(H38:H39) -> 3748867.5 | I41: =SUM(I38:I39) -> 3786356.2 | J41: =SUM(J38:J39) -> 3824219.7 | K41: =SUM(K38:K39) -> 3862461.9 | L41: =SUM(L38:L39) -> 3901086.6 | M41: =SUM(M38:M39) -> 3940097.4 | ... P41: =SUM(P38:P39) -> 4059486.3 | Q41: =SUM(G41:P41) -> 36982327
B42: Total RF | F42: =IF(AND(F33<=$C$2,$C$2<=F34),-F41*$C$25/12,0) -> 0 | G42: =IF(AND(G33<=$C$2,$C$2<=G34),-H41*$C$25/12,0) -> -1874433.8 | H42: =IF(AND(H33<=$C$2,$C$2<=H34),-I41*$C$25/12,0) -> 0 | I42: =IF(AND(I33<=$C$2,$C$2<=I34),-J41*$C$25/12,0) -> 0 | J42: =IF(AND(J33<=$C$2,$C$2<=J34),-K41*$C$25/12,0) -> 0 | K42: =IF(AND(K33<=$C$2,$C$2<=K34),-L41*$C$25/12,0) -> 0 | L42: =IF(AND(L33<=$C$2,$C$2<=L34),-M41*$C$25/12,0) -> 0 | M42: =IF(AND(M33<=$C$2,$C$2<=M34),-N41*$C$25/12,0) -> 0 | N42: =IF(AND(N33<=$C$2,$C$2<=N34),-O41*$C$25/12,0) -> 0 | ... P42: =IF(AND(P33<=$C$2,$C$2<=P34),-Q41*$C$25/12,0) -> 0
C43: dist1 | F43: =IF(-F42<=F41,F42,IF(-F42>F41,-F41,0)) -> 0 | G43: =IF(-G42<=G41,G42,IF(-G42>G41,-G41,0)) -> -1860959.6 | H43: =IF(-H42<=H41,H42,IF(-H42>H41,-H41,0)) -> 0 | I43: =IF(-I42<=I41,I42,IF(-I42>I41,-I41,0)) -> 0 | J43: =IF(-J42<=J41,J42,IF(-J42>J41,-J41,0)) -> 0 | K43: =IF(-K42<=K41,K42,IF(-K42>K41,-K41,0)) -> 0 | L43: =IF(-L42<=L41,L42,IF(-L42>L41,-L41,0)) -> 0 | M43: =IF(-M42<=M41,M42,IF(-M42>M41,-M41,0)) -> 0 | ... P43: =IF(-P42<=P41,P42,IF(-P42>P41,-P41,0)) -> 0
C44: dist2 | F44: =IF((-E42+E43)<F41,E42-E43,IF((-E42+E43)>=F41,-F41)) -> 0 | G44: =IF((-F42+F43)<G41,F42-F43,IF((-F42+F43)>=G41,-G41)) -> 0 | H44: =IF((-G42+G43)<H41,G42-G43,IF((-G42+G43)>=H41,-H41)) -> -13474.161 | I44: =IF((-H42+H43)<I41,H42-H43,IF((-H42+H43)>=I41,-I41)) -> 0 | J44: =IF((-I42+I43)<J41,I42-I43,IF((-I42+I43)>=J41,-J41)) -> 0 | K44: =IF((-J42+J43)<K41,J42-J43,IF((-J42+J43)>=K41,-K41)) -> 0 | L44: =IF((-K42+K43)<L41,K42-K43,IF((-K42+K43)>=L41,-L41)) -> 0 | M44: =IF((-L42+L43)<M41,L42-L43,IF((-L42+L43)>=M41,-M41)) -> 0 | ... P44: =IF((-O42+O43)<P41,O42-O43,IF((-O42+O43)>=P41,-P41)) -> 0
C45: dist3 | F45: =-(-D42+D43+E44) -> 0 | G45: =-(-E42+E43+F44) -> 0 | H45: =-(-F42+F43+G44) -> 0 | I45: =-(-G42+G43+H44) -> 0 | J45: =-(-H42+H43+I44) -> 0 | K45: =-(-I42+I43+J44) -> 0 | L45: =-(-J42+J43+K44) -> 0 | M45: =-(-K42+K43+L44) -> 0 | ... P45: =-(-N42+N43+O44) -> 0
B46: Rent Free | F46: =SUM(F43+F44+F45) -> 0 | G46: =SUM(G43+G44+G45) -> -1860959.6 | H46: =SUM(H43+H44+H45) -> -13474.161 | I46: =SUM(I43+I44+I45) -> 0 | J46: =SUM(J43+J44+J45) -> 0 | K46: =SUM(K43+K44+K45) -> 0 | L46: =SUM(L43+L44+L45) -> 0 | M46: =SUM(M43+M44+M45) -> 0 | ... P46: =SUM(P43+P44+P45) -> 0
B47: Non reimbursable operating expenses | F47: =-(1-F37)*($C$16*(((1+$C$22)^E35)))*$C$11 -> -262500 | G47: =-(1-G37)*($C$16*(((1+$C$22)^F35)))*$C$11 -> -132199.32 | H47: =-(1-H37)*($C$16*(((1+$C$22)^G35)))*$C$11 -> 0 | I47: =-(1-I37)*($C$16*(((1+$C$22)^H35)))*$C$11 -> 0 | J47: =-(1-J37)*($C$16*(((1+$C$22)^I35)))*$C$11 -> 0 | K47: =-(1-K37)*($C$16*(((1+$C$22)^J35)))*$C$11 -> 0 | L47: =-(1-L37)*($C$16*(((1+$C$22)^K35)))*$C$11 -> 0 | M47: =-(1-M37)*($C$16*(((1+$C$22)^L35)))*$C$11 -> 0 | ... P47: =-(1-P37)*($C$16*(((1+$C$22)^O35)))*$C$11 -> 0 | Q47: =SUM(G47:P47) -> -132199.32
B49: Net Leasing Income | F49: =F41+F46+F47 -> -262500 | G49: =G41+G46+G47 -> -132199.32 | H49: =H41+H46+H47 -> 3735393.3 | I49: =I41+I46+I47 -> 3786356.2 | J49: =J41+J46+J47 -> 3824219.7 | K49: =K41+K46+K47 -> 3862461.9 | L49: =L41+L46+L47 -> 3901086.6 | M49: =M41+M46+M47 -> 3940097.4 | ... P49: =P41+P46+P47 -> 4059486.3 | Q49: =SUM(G49:P49) -> 34975694 | Z49: Asset D&A
Z50: Years | AA50: 50
B51: Leasing commissions | D51: 0.3 | F51: =-IF(AND(F33<$C$2,$C$2<F34),$C$23*$C$21*$C$11*$D$51,0) -> 0 | G51: =-IF(AND(G33<$C$2,$C$2<G34),$C$23*$C$21*$C$11*$D$51,0) -> -1102500 | H51: =-IF(AND(H33<$C$2,$C$2<H34),$C$23*$C$21*$C$11*$D$51,0) -> 0 | I51: =-IF(AND(I33<$C$2,$C$2<I34),$C$23*$C$21*$C$11*$D$51,0) -> 0 | J51: =-IF(AND(J33<$C$2,$C$2<J34),$C$23*$C$21*$C$11*$D$51,0) -> 0 | K51: =-IF(AND(K33<$C$2,$C$2<K34),$C$23*$C$21*$C$11*$D$51,0) -> 0 | L51: =-IF(AND(L33<$C$2,$C$2<L34),$C$23*$C$21*$C$11*$D$51,0) -> 0 | M51: =-IF(AND(M33<$C$2,$C$2<M34),$C$23*$C$21*$C$11*$D$51,0) -> 0 | ... P51: =-IF(AND(P33<$C$2,$C$2<P34),$C$23*$C$21*$C$11*$D$51,0) -> 0 | Q51: =SUM(G51:P51) -> -1102500 | Z51: Land | AA51: =1-AA52 -> 0.2
Z52: Building | AA52: 0.8
B53: Administrative fees | D53: 0.015 | F53: =-$D$53*F41 -> 0 | G53: =-$D$53*G41 -> -27914.394 | H53: =-$D$53*H41 -> -56233.012 | I53: =-$D$53*I41 -> -56795.343 | J53: =-$D$53*J41 -> -57363.296 | K53: =-$D$53*K41 -> -57936.929 | L53: =-$D$53*L41 -> -58516.298 | M53: =-$D$53*M41 -> -59101.461 | ... P53: =-$D$53*P41 -> -60892.295 | Q53: =SUM(G53:P53) -> -554734.9
B55: NOI | F55: =SUM(F49:F53) -> -262500 | G55: =SUM(G49:G53) -> -1262613.7 | H55: =SUM(H49:H53) -> 3679160.3 | I55: =SUM(I49:I53) -> 3729560.8 | J55: =SUM(J49:J53) -> 3766856.4 | K55: =SUM(K49:K53) -> 3804525 | L55: =SUM(L49:L53) -> 3842570.3 | M55: =SUM(M49:M53) -> 3880996 | ... P55: =SUM(P49:P53) -> 3998594 | Q55: =SUM(G55:P55) -> 33318459
B57: Capex | F57: =IF(AND(F33<=$C$1,$C$1<=F34),-$L$14,0) -> -26250000 | G57: =IF(AND(G33<=$C$1,$C$1<=G34),-$L$14,0) -> 0 | H57: =IF(AND(H33<=$C$1,$C$1<=H34),-$L$14,0) -> 0 | I57: =IF(AND(I33<=$C$1,$C$1<=I34),-$L$14,0) -> 0 | J57: =IF(AND(J33<=$C$1,$C$1<=J34),-$L$14,0) -> 0 | K57: =IF(AND(K33<=$C$1,$C$1<=K34),-$L$14,0) -> 0 | L57: =IF(AND(L33<=$C$1,$C$1<=L34),-$L$14,0) -> 0 | M57: =IF(AND(M33<=$C$1,$C$1<=M34),-$L$14,0) -> 0 | ... P57: =IF(AND(P33<=$C$1,$C$1<=P34),-$L$14,0) -> 0 | Q57: =SUM(G57:P57) -> 0
B58: Capex Loan | F58: =IF(F57<>0,$H$16,0) -> 13125000 | G58: =IF(G57<>0,$H$16,0) -> 0 | H58: =IF(H57<>0,$H$16,0) -> 0 | I58: =IF(I57<>0,$H$16,0) -> 0 | J58: =IF(J57<>0,$H$16,0) -> 0 | K58: =IF(K57<>0,$H$16,0) -> 0 | L58: =IF(L57<>0,$H$16,0) -> 0 | M58: =IF(M57<>0,$H$16,0) -> 0 | ... P58: =IF(P57<>0,$H$16,0) -> 0 | Q58: =SUM(G58:P58) -> 0
B60: Operating Free Cash Flow | F60: =SUM(F55:F58) -> -13387500 | G60: =SUM(G55:G58) -> -1262613.7 | H60: =SUM(H55:H58) -> 3679160.3 | I60: =SUM(I55:I58) -> 3729560.8 | J60: =SUM(J55:J58) -> 3766856.4 | K60: =SUM(K55:K58) -> 3804525 | L60: =SUM(L55:L58) -> 3842570.3 | M60: =SUM(M55:M58) -> 3880996 | ... P60: =SUM(P55:P58) -> 3998594 | Q60: =SUM(G60:P60) -> 33318459
B62: Drawdown | F62: =AB20+AB4 -> 18750000
B63: Amortisation | F63: =-AC31 -> -28125 | G63: =-AD31 -> -27984.375 | H63: =-AE31 -> -27844.453 | I63: =-AF31 -> -18666046 | J63: =-AG31 -> 0 | K63: =-AH31 -> 0 | L63: =-AI31 -> 0 | M63: =-AJ31 -> 0 | ... P63: =-AM31 -> 0 | Q63: =SUM(F63:P63) -> -18750000
B64: Interest | F64: =-AC30 -> -562500 | G64: =-AD30 -> -561656.25 | H64: =-AE30 -> -560816.72 | I64: =-AF30 -> -559981.39 | J64: =-AG30 -> 0 | K64: =-AH30 -> 0 | L64: =-AI30 -> 0 | M64: =-AJ30 -> 0 | ... P64: =-AM30 -> 0 | Q64: =SUM(F64:P64) -> -2244954.4
Q65: =SUM(G65:P65) -> 0
B66: Financing cash flows | F66: =SUM(F63:F64) -> -590625 | G66: =SUM(G63:G64) -> -589640.62 | H66: =SUM(H63:H64) -> -588661.17 | I66: =SUM(I63:I64) -> -19226028 | J66: =SUM(J63:J64) -> 0 | K66: =SUM(K63:K64) -> 0 | L66: =SUM(L63:L64) -> 0 | M66: =SUM(M63:M64) -> 0 | ... P66: =SUM(P63:P64) -> 0 | Q66: =SUM(G66:P66) -> -20404329
B68: D&A | F68: =-$L$13*$AA$52/$AA$50-(-F57)/$AA$50 -> -705000 | G68: =-$L$13*$AA$52/$AA$50-(-G57)/$AA$50 -> -180000 | H68: =-$L$13*$AA$52/$AA$50-(-H57)/$AA$50 -> -180000 | I68: =-$L$13*$AA$52/$AA$50-(-I57)/$AA$50 -> -180000 | J68: =-$L$13*$AA$52/$AA$50-(-J57)/$AA$50 -> -180000 | K68: =-$L$13*$AA$52/$AA$50-(-K57)/$AA$50 -> -180000 | L68: =-$L$13*$AA$52/$AA$50-(-L57)/$AA$50 -> -180000 | M68: =-$L$13*$AA$52/$AA$50-(-M57)/$AA$50 -> -180000 | ... P68: =-$L$13*$AA$52/$AA$50-(-P57)/$AA$50 -> -180000 | Q68: =SUM(F68:P68) -> -2505000
B69: Income Tax | D69: 0.25 | F69: =IF((F60+F64+F68)>0,(F60+F64+F68)*$D$69,0) -> 0 | G69: =IF((G60+G64+G68)>0,(G60+G64+G68)*$D$69,0) -> 0 | H69: =IF((H60+H64+H68)>0,(H60+H64+H68)*$D$69,0) -> 734585.9 | I69: =IF((I60+I64+I68)>0,(I60+I64+I68)*$D$69,0) -> 747394.86 | J69: =IF((J60+J64+J68)>0,(J60+J64+J68)*$D$69,0) -> 896714.11 | K69: =IF((K60+K64+K68)>0,(K60+K64+K68)*$D$69,0) -> 906131.25 | L69: =IF((L60+L64+L68)>0,(L60+L64+L68)*$D$69,0) -> 915642.56 | M69: =IF((M60+M64+M68)>0,(M60+M64+M68)*$D$69,0) -> 925248.99 | ... P69: =IF((P60+P64+P68)>0,(P60+P64+P68)*$D$69,0) -> 954648.5 | Q69: =SUM(G69:P69) -> 7960068.7
B71: Levered cash flow | F71: =F60+F66+F69 -> -13978125 | G71: =G60+G66+G69 -> -1852254.3 | H71: =H60+H66+H69 -> 3825085.1 | I71: =I60+I66+I69 -> -14749072 | J71: =J60+J66+J69 -> 4663570.6 | K71: =K60+K66+K69 -> 4710656.3 | L71: =L60+L66+L69 -> 4758212.8 | M71: =M60+M66+M69 -> 4806244.9 | ... P71: =P60+P66+P69 -> 4953242.5 | Q71: =SUM(G71:P71) -> 20874198
B73: Selling price of the project | G73: =IF(G35=$C$27,(H41/$C$26)+SUM(H42:$P$42),0) -> 0 | H73: =IF(H35=$C$27,(I41/$C$26)+SUM(I42:$P$42),0) -> 63105936 | I73: =IF(I35=$C$27,(J41/$C$26)+SUM(J42:$P$42),0) -> 0 | J73: =IF(J35=$C$27,(K41/$C$26)+SUM(K42:$P$42),0) -> 0 | K73: =IF(K35=$C$27,(L41/$C$26)+SUM(L42:$P$42),0) -> 0 | L73: =IF(L35=$C$27,(M41/$C$26)+SUM(M42:$P$42),0) -> 0 | M73: =IF(M35=$C$27,(N41/$C$26)+SUM(N42:$P$42),0) -> 0 | N73: =IF(N35=$C$27,(O41/$C$26)+SUM(O42:$P$42),0) -> 0 | O73: =IF(O35=$C$27,(P41/$C$26)+SUM(P42:$P$42),0) -> 0 | P73: =IF(P35=$C$27,(Q41/$C$26)+SUM($P42:Q$42),0) -> 0 | Q73: =SUM(G73:P73) -> 63105936
B74: Selling Costs | D74: 0.005 | F74: =-$D$74*F73 -> 0 | G74: =-$D$74*G73 -> 0 | H74: =-$D$74*H73 -> -315529.68 | I74: =-$D$74*I73 -> 0 | J74: =-$D$74*J73 -> 0 | K74: =-$D$74*K73 -> 0 | L74: =-$D$74*L73 -> 0 | M74: =-$D$74*M73 -> 0 | ... P74: =-$D$74*P73 -> 0
B75: (-)NAV | F75: =L13+L14 -> 37500000 | G75: =F75+F68 -> 36795000 | H75: =G75+H68 -> 36615000 | I75: =H75+I68 -> 36435000 | J75: =I75+J68 -> 36255000 | K75: =J75+K68 -> 36075000 | L75: =K75+L68 -> 35895000 | M75: =L75+M68 -> 35715000 | N75: =M75+N68 -> 35535000 | O75: =N75+O68 -> 35355000 | P75: =O75+P68 -> 35175000
B76: Tax | D76: 0.25 | F76: =IF(F73<>0,-$D$76*(F73+F74-F75),0) -> 0 | G76: =IF(G73<>0,-$D$76*(G73+G74-G75),0) -> 0 | H76: =IF(H73<>0,-$D$76*(H73+H74-H75),0) -> -6543851.6 | I76: =IF(I73<>0,-$D$76*(I73+I74-I75),0) -> 0 | J76: =IF(J73<>0,-$D$76*(J73+J74-J75),0) -> 0 | K76: =IF(K73<>0,-$D$76*(K73+K74-K75),0) -> 0 | L76: =IF(L73<>0,-$D$76*(L73+L74-L75),0) -> 0 | M76: =IF(M73<>0,-$D$76*(M73+M74-M75),0) -> 0 | ... P76: =IF(P73<>0,-$D$76*(P73+P74-P75),0) -> 0
B79: TOTAL Levered post-tax cash flow | E79: =-H13-H14 -> -19087500 | F79: =F73+F71+F76+F74 -> -13978125 | G79: =IF(F73<>0,0,IF(F79=0,0,G71+G73+G76+G74)) -> -1852254.3 | H79: =IF(G73<>0,0,IF(G79=0,0,H71+H73+H76+H74)) -> 60071640 | I79: =IF(H73<>0,0,IF(H79=0,0,I71+I73+I76+I74)) -> 0 | J79: =IF(I73<>0,0,IF(I79=0,0,J71+J73+J76+J74)) -> 0 | K79: =IF(J73<>0,0,IF(J79=0,0,K71+K73+K76+K74)) -> 0 | L79: =IF(K73<>0,0,IF(K79=0,0,L71+L73+L76+L74)) -> 0 | M79: =IF(L73<>0,0,IF(L79=0,0,M71+M73+M76+M74)) -> 0 | N79: =IF(M73<>0,0,IF(M79=0,0,N71+N73+N76+N74)) -> 0 | ... P79: =IF(O73<>0,0,IF(O79=0,0,P71+P73+P76+P74)) -> 0 | Q79: =SUM(G79:P79) -> 58219386
B80: Cumulative CF | E80: =E79 -> -19087500 | F80: =F79+E80 -> -33065625 | G80: =G79+F80 -> -34917879 | H80: =H79+G80 -> 25153761 | I80: =I79+H80 -> 25153761 | J80: =J79+I80 -> 25153761 | K80: =K79+J80 -> 25153761 | L80: =L79+K80 -> 25153761 | M80: =M79+L80 -> 25153761 | ... P80: =P79+O80 -> 25153761
B82: Project Return & IRR
B84: Levered IRR | C84: =XIRR(E79:P79,E34:P34) -> 0.23901021
B85: Levered Profit Multiple | C85: =-SUMIF(E79:P79,">0")/SUMIF(E79:P79,"<0") -> 1.7203691
